Workbook
Name CTA_PRES: '[1]Clasificador Presupuestario'!$A$1:$C$593
Name Cta_Presp: '[2]Clasificador Presupuestario'!$A$1:$C$627
Name febrro2012: #REF!
Name imputacion: 'Prog 01'!$F:$F
Name matriz01: 'Prog 05'!$F$33:$U$60
Name matriz01: 'Prog 01'!$F$12:$V$191
Name matriz01.v2: 'Prog 01'!$B$8:$O$192
Name matriz02: 'Prog 02'!$F$19:$V$51
Name matriz03: 'Prog 03'!$F$26:$V$53
Name matriz2: 'Prog 02'!$F$19:$K$19
Name PROG_05_EJECUCIÓN_PRESUPUESTARIA_AL_28_DE_FEBRERO_DE_2018: #REF!
Name tablap01: 'Prog 01'!$F:$R

Sheet GRAFICOS
A1: 12 | B1: SUB | C1: (Todas)
A2: 13
A3: 14 | B3: Valores
A4: 15 | B4: Ejecución | C4: 3.2540826e+08
A5: 16 | B5: Saldo disponible. | C5: 1.0971553e+08
A6: 17 | B6: Saldo por ejecutar M$. | C6: 2740542
A7: 18
A8: 19
A9: 20
A10: 21
A11: 22
A12: 23
A13: 24
A14: 25
A15: 26
A16: 27
A17: 28
A18: 1
... A23: 24
B28: SUB | C28: PROGRAMA 01 - SUBSECRETARIA
B30: Valores
B31: Ejecución | C31: 56897625
B32: Saldo disponible. | C32: 7586594.5
B33: Saldo por ejecutar M$. | C33: 684378.78
B55: SUB | C55: PROGRAMA 02 - SUBNACIONAL
B57: Valores
B58: Ejecución | C58: 2862021
B59: Saldo disponible. | C59: 2879278.2
B60: Saldo por ejecutar M$. | C60: 1240975.9
B83: SUB | C83: PROGRAMA 03 - DESARROLLO LOCAL
B85: Valores
B86: Ejecución | C86: 2.382507e+08
B87: Saldo disponible. | C87: 91186730
B88: Saldo por ejecutar M$. | C88: 815187.37
B111: SUB | C111: PROGRAMA 05 - TRANSFERENCIA GORES
B113: Valores
B114: Suma de Ejecución al M$ | C114: 27397914
B115: Saldo disponible. | C115: 8062925
B140: Etiquetas de fila | C140: % Ejecución 2026 | D140: % Ejecución 2025
B141: PROGRAMA 01 - SUBSECRETARIA | C141: 0.87308346 | D141: 0.82982617
B142: PROGRAMA 02 - SUBNACIONAL | C142: 0.40989806 | D142: 0.46953011
B143: PROGRAMA 03 - DESARROLLO LOCAL | C143: 0.72141957 | D143: 0.70273974
B144: PROGRAMA 05 - TRANSFERENCIA GORES | C144: 0.77262453 | D144: 0.11086022
B145: Total general | C145: 2.7770256 | D145: 2.1129562
B170: Subtitulo | C170: (Varios elementos)
B172: Etiquetas de fila | C172: % Ejecución 2026 | D172: % Ejecución 2025
B173: BIENES Y SERVICIOS DE CONSUMO | C173: 0.64331592 | D173: 0.60043884
B174: GASTOS EN PERSONAL | C174: 0.76668854 | D174: 0.77060368
B175: PRESTAMOS | C175: 0 | D175: 0.24645375
B176: TRANSFERENCIAS CORRIENTES | C176: 0.9425109 | D176: 0.91953016
B177: TRANSFERENCIAS DE CAPITAL | C177: 0.47519171 | D177: 0.45488997
B178: Total general | C178: 2.8277071 | D178: 2.9919164
B201: Subtitulo | C201: (Varios elementos)
B203: Etiquetas de fila | C203: Presupuesto Inicial 2026 M$. | D203: Presupuesto Vigente 2026 M$
B204: BIENES Y SERVICIOS DE CONSUMO | C204: 2207123 | D204: 2714112
B205: GASTOS EN PERSONAL | C205: 19882145 | D205: 19466574
B206: PRESTAMOS | C206: 8699424 | D206: 3347702
B207: TRANSFERENCIAS CORRIENTES | C207: 84992585 | D207: 85561396
B208: TRANSFERENCIAS DE CAPITAL | C208: 214637119 | D208: 183969509
B209: Total general | C209: 330418396 | D209: 295059293

Sheet CONSOLIDADO
B4: CONSOLIDADO POR SUBTÍTULO
B5: CLASIFICACIÓN PRESUPUESTARIA | H5: MOVIMIENTO AÑO 2026 | T5: MOVIMIENTO AÑO 2025
H6: [ 1 ] | I6: [ 2 ] | J6: [ 3 ] | K6: [ 3 / 2 ] | L6: [ 4 ] | M6: [ 4 / 2 ] | N6: [ 5 ] | O6: [ 5 / 2 ] | P6: [ 6 ] | Q6: [ 6 / 3 ] | R6: [ 7 ] | S6: [ 7 / 3 ] | T6: [ 1 ] | U6: [ 2 ] | V6: [ 2/1 ]
H7: Presupuesto Inicial 2026 M$ | I7: Presupuesto Vigente 2026 M$ | J7: Ejecución al 30/09/2026 M$ | K7: % de Ejecución 30/09/2026 M$ | L7: Presupuesto comprometido M$ | M7: % Presupuesto comprometido M$ | N7: Saldo disponible M$ | O7: % Saldo disponible | P7: Efectivo M$ | Q7: Efectivo % | R7: Deuda Flotante M$ | S7: Deuda Flotante % | T7: Presupuesto Vigente al 30/09/2025 M$ | U7: Ejecución al 30/09/2025 M$ | V7: % Ejecución al 30/09/2025 M$
B8: Subtitulo | C8: Item. | D8: Asig. | E8: Sub | F8: . | G8: nombre | H8: Presupuesto Inicial 2026 M$ | I8: Presupuesto Vigente 2026 M$ | J8: Ejecución al M$ | K8: % de Ejecución M$ 2026 | L8: Presupuesto comprometido M$ | M8: % Presupuesto comprometido M$ | N8: Saldo disponible M$ | O8: % Saldo disponible | P8: Efectivo M$ | Q8: Efectivo % | R8: Deuda Flotante M$ | S8: Deuda Flotante % | T8: Presupuesto Vigente al M$ | U8: Ejecución al M$ | V8: % Ejecución al M$ 2025
B9: Sub. | C9: Item. | D9: Asig. | E9: Sub | F9: . | G9: CONSOLIDADO PROGRAMAS | H9: =+H10+H82+H152+H159+H200+H207+H213+H215+H265+H270 -> 3.7184675e+08 | I9: =+I10+I82+I152+I159+I200+I207+I213+I215+I265+I270 -> 4.3786433e+08 | J9: =+J10+J82+J152+J159+J200+J207+J213+J215+J265+J270 -> 3.2540826e+08 | K9: =IFERROR(J9/I9,"0%") -> 0.74317143 | L9: =+L10+L82+L152+L159+L200+L207+L213+L215+L265+L270 -> 3.281488e+08 | M9: =+IFERROR(L9/I9,0%) -> 0.74943031 | N9: =+N10+N82+N152+N159+N200+N207+N213+N215+N265+N270 -> 1.0971553e+08 | O9: =+IFERROR(N9/I9,0%) -> 0.25056969 | P9: =+P10+P82+P152+P159+P200+P207+P213+P215+P265+P270 -> 3.0602718e+08 | Q9: =IFERROR(+P9/J9,0) -> 0.94044071 | R9: =+R10+R82+R152+R159+R200+R207+R213+R215+R265+R270 -> 19381085 | S9: =+IFERROR(R9/J9,"0%") -> 0.059559291 | T9: =+T10+T82+T152+T159+T200++T207+T213+T215+T265+T270 -> 4.6090193e+08 | U9: =+U10+U82+U159+U200+U207+U215+U213+U265+U270+U152 -> 2.9280436e+08 | V9: =IFERROR(U9/T9,"0%") -> 0.63528559
B10: 21. | G10: GASTOS EN PERSONAL | H10: =+H11+H42+H74 -> 19882145 | I10: =+I11+I42+I74 -> 19466574 | J10: =+J11+J42+J74 -> 14924799 | K10: =IFERROR(J10/I10,"0%") -> 0.76668854 | L10: =+L11+L42+L74 -> 14924799 | M10: =+IFERROR(L10/I10,0%) -> 0.76668854 | N10: =+N11+N42+N74 -> 4541774.8 | O10: =+IFERROR(N10/I10,0%) -> 0.23331146 | P10: =+P11+P42+P74 -> 14438963 | Q10: =IFERROR(+P10/J10,0) -> 0.96744772 | R10: =+R11+R42+R74 -> 485836.2 | S10: =+IFERROR(R10/J10,"0%") -> 0.032552277 | T10: =+T11+T42+T74 -> 20446941 | U10: =+U11+U42+U74 -> 15756488 | V10: =IFERROR(U10/T10,0%) -> 0.77060368
C11: 01. | G11: Personal de Planta | H11: =+H12+H26+H29+H33+H38 -> 648450 | I11: =+I12+I26+I29+I33+I38 -> 651738.75 | J11: =+J12+J26+J29+J33+J38 -> 417527.04 | K11: =IFERROR(J11/I11,"0%") -> 0.64063559 | L11: =+L12+L26+L29+L33+L38 -> 417527.04 | M11: =+IFERROR(L11/I11,0%) -> 0.64063559 | N11: =+N12+N26+N29+N33+N38 -> 234211.71 | O11: =+IFERROR(N11/I11,0%) -> 0.35936441 | P11: =+P12+P26+P29+P33+P38 -> 397231.17 | Q11: =IFERROR(+P11/J11,0) -> 0.95139029 | R11: =+R12+R26+R29+R33+R38 -> 20295.868 | S11: =+IFERROR(R11/J11,"0%") -> 0.048609709 | T11: =+T12+T26+T29+T33+T38 -> 828278.07 | U11: =+U12+U26+U29+U33+U38 -> 510627.34 | V11: =IFERROR(U11/T11,0%) -> 0.61649264
D12: 001. | G12: Sueldos y Sobresueldos | H12: =SUM(H13:H25) -> 507000 | I12: =SUM(I13:I25) -> 506988.43 | J12: =SUM(J13:J25) -> 326725.13 | K12: =IFERROR(J12/I12,"0%") -> 0.64444298 | L12: =SUM(L13:L25) -> 326725.13 | M12: =+IFERROR(L12/I12,0%) -> 0.64444298 | N12: =SUM(N13:N25) -> 180263.29 | O12: =+IFERROR(N12/I12,0%) -> 0.35555702 | P12: =SUM(P13:P25) -> 311318.7 | Q12: =IFERROR(+P12/J12,0) -> 0.95284588 | R12: =SUM(R13:R25) -> 15406.436 | S12: =+IFERROR(R12/J12,"0%") -> 0.047154119 | T12: =SUM(T13:T25) -> 648488.72 | U12: =SUM(U13:U25) -> 396930.86 | V12: =IFERROR(U12/T12,0%) -> 0.612086
E13: 1 | F13: =+CONCATENATE($B$10,"",$C$11,"",$D$12,"00",E13) -> 21.01.001.001 | G13: Sueldo Bases | H13: =+VLOOKUP(F13,matriz01,3,FALSE) -> 90500 | I13: =+VLOOKUP($F$13,matriz01,4,FALSE) -> 90488.427 | J13: =+VLOOKUP(F13,matriz01,5,FALSE) -> 69962.266 | K13: =IFERROR(J13/I13,"0%") -> 0.77316258 | L13: =INDEX(tablap01,MATCH(F13,imputacion,0),7) -> 69962.266 | M13: =+IFERROR(L13/I13,0%) -> 0.77316258 | N13: =INDEX(tablap01,MATCH(F13,imputacion,0),9) -> 20526.161 | O13: =+IFERROR(N13/I13,0%) -> 0.22683742 | P13: =INDEX(tablap01,MATCH(F13,imputacion,0),11) -> 67725.28 | Q13: =IFERROR(+P13/J13,0) -> 0.96802582 | R13: =INDEX(tablap01,MATCH(F13,imputacion,0),13) -> 2236.986 | S13: =+IFERROR(R13/J13,"0%") -> 0.031974179 | T13: =+'Prog 01'!T12 -> 119607.83 | U13: =+'Prog 01'!U12 -> 70965.95 | V13: =IFERROR(U13/T13,0%) -> 0.59332194
E14: 2 | F14: =+CONCATENATE($B$10,"",$C$11,"",$D$12,"00",E14) -> 21.01.001.002 | G14: Asignación de Antigüedad | H14: =+VLOOKUP(F14,matriz01,3,FALSE) -> 10500 | I14: =+VLOOKUP(F14,matriz01,4,FALSE) -> 10500 | J14: =+VLOOKUP(F14,matriz01,5,FALSE) -> 6722.188 | K14: =IFERROR(J14/I14,"0%") -> 0.64020838 | L14: =INDEX(tablap01,MATCH(F14,imputacion,0),7) -> 6722.188 | M14: =+IFERROR(L14/I14,0%) -> 0.64020838 | N14: =INDEX(tablap01,MATCH(F14,imputacion,0),9) -> 3777.812 | O14: =+IFERROR(N14/I14,0%) -> 0.35979162 | P14: =INDEX(tablap01,MATCH(F14,imputacion,0),11) -> 6613.648 | Q14: =IFERROR(+P14/J14,0) -> 0.98385347 | R14: =INDEX(tablap01,MATCH(F14,imputacion,0),13) -> 108.54 | S14: =+IFERROR(R14/J14,"0%") -> 0.016146528 | T14: =+'Prog 01'!T13 -> 16571.953 | U14: =+'Prog 01'!U13 -> 8158.1587 | V14: =IFERROR(U14/T14,0%) -> 0.49228711
E15: 3 | F15: =+CONCATENATE($B$10,"",$C$11,"",$D$12,"00",E15) -> 21.01.001.003 | G15: Asignación Profesional | H15: =+VLOOKUP(F15,matriz01,3,FALSE) -> 66600 | I15: =+VLOOKUP(F15,matriz01,4,FALSE) -> 66600 | J15: =+VLOOKUP(F15,matriz01,5,FALSE) -> 45358.674 | K15: =IFERROR(J15/I15,"0%") -> 0.68106117 | L15: =INDEX(tablap01,MATCH(F15,imputacion,0),7) -> 45358.674 | M15: =+IFERROR(L15/I15,0%) -> 0.68106117 | N15: =INDEX(tablap01,MATCH(F15,imputacion,0),9) -> 21241.326 | O15: =+IFERROR(N15/I15,0%) -> 0.31893883 | P15: =INDEX(tablap01,MATCH(F15,imputacion,0),11) -> 43687.484 | Q15: =IFERROR(+P15/J15,0) -> 0.96315611 | R15: =INDEX(tablap01,MATCH(F15,imputacion,0),13) -> 1671.19 | S15: =+IFERROR(R15/J15,"0%") -> 0.03684389 | T15: =+'Prog 01'!T14 -> 87788.758 | U15: =+'Prog 01'!U14 -> 52320.6 | V15: =IFERROR(U15/T15,0%) -> 0.59598292
E16: 4 | F16: =+CONCATENATE($B$10,"",$C$11,"",$D$12,"00",E16) -> 21.01.001.004 | G16: Asignación de Zona | H16: =+VLOOKUP(F16,matriz01,3,FALSE) -> 0 | I16: =+VLOOKUP(F16,matriz01,4,FALSE) -> 0 | J16: =+VLOOKUP(F16,matriz01,5,FALSE) -> 0 | K16: =IFERROR(J16/I16,"0%") -> 0% | L16: =INDEX(tablap01,MATCH(F16,imputacion,0),7) -> 0 | M16: =+IFERROR(L16/I16,0%) -> 0 | N16: =INDEX(tablap01,MATCH(F16,imputacion,0),9) -> 0 | O16: =+IFERROR(N16/I16,0%) -> 0 | P16: =INDEX(tablap01,MATCH(F16,imputacion,0),11) -> 0 | Q16: =IFERROR(+P16/J16,0) -> 0 | R16: =INDEX(tablap01,MATCH(F16,imputacion,0),13) -> 0 | S16: =+IFERROR(R16/J16,"0%") -> 0% | T16: =+'Prog 01'!T15 -> 168.08908 | U16: =+'Prog 01'!U15 -> 0 | V16: =IFERROR(U16/T16,0%) -> 0
E17: 7 | F17: =+CONCATENATE($B$10,"",$C$11,"",$D$12,"00",E17) -> 21.01.001.007 | G17: Asig. Del DL N° 3,551, de 1981 | H17: =+VLOOKUP(F17,matriz01,3,FALSE) -> 10300 | I17: =+VLOOKUP(F17,matriz01,4,FALSE) -> 10300 | J17: =+VLOOKUP(F17,matriz01,5,FALSE) -> 7918.302 | K17: =IFERROR(J17/I17,"0%") -> 0.76876718 | L17: =INDEX(tablap01,MATCH(F17,imputacion,0),7) -> 7918.302 | M17: =+IFERROR(L17/I17,0%) -> 0.76876718 | N17: =INDEX(tablap01,MATCH(F17,imputacion,0),9) -> 2381.698 | O17: =+IFERROR(N17/I17,0%) -> 0.23123282 | P17: =INDEX(tablap01,MATCH(F17,imputacion,0),11) -> 7704.328 | Q17: =IFERROR(+P17/J17,0) -> 0.97297729 | R17: =INDEX(tablap01,MATCH(F17,imputacion,0),13) -> 213.974 | S17: =+IFERROR(R17/J17,"0%") -> 0.027022713 | T17: =+'Prog 01'!T16 -> 10089.819 | U17: =+'Prog 01'!U16 -> 7914.287 | V17: =IFERROR(U17/T17,0%) -> 0.78438347
E18: 12 | F18: =+CONCATENATE($B$10,"",$C$11,"",$D$12,"0",E18) -> 21.01.001.012 | G18: Gastos de Representación | H18: =+VLOOKUP(F18,matriz01,3,FALSE) -> 2300 | I18: =+VLOOKUP(F18,matriz01,4,FALSE) -> 2300 | J18: =+VLOOKUP(F18,matriz01,5,FALSE) -> 2107.354 | K18: =IFERROR(J18/I18,"0%") -> 0.91624087 | L18: =INDEX(tablap01,MATCH(F18,imputacion,0),7) -> 2107.354 | M18: =+IFERROR(L18/I18,0%) -> 0.91624087 | N18: =INDEX(tablap01,MATCH(F18,imputacion,0),9) -> 192.646 | O18: =+IFERROR(N18/I18,0%) -> 0.08375913 | P18: =INDEX(tablap01,MATCH(F18,imputacion,0),11) -> 2083.682 | Q18: =IFERROR(+P18/J18,0) -> 0.98876696 | R18: =INDEX(tablap01,MATCH(F18,imputacion,0),13) -> 23.672 | S18: =+IFERROR(R18/J18,"0%") -> 0.011233044 | T18: =+'Prog 01'!T17 -> 2293.8502 | U18: =+'Prog 01'!U17 -> 1725.7548 | V18: =IFERROR(U18/T18,0%) -> 0.75233979
E19: 13 | F19: =+CONCATENATE($B$10,"",$C$11,"",$D$12,"0",E19) -> 21.01.001.013 | G19: Asignación de Dirección Superior | H19: =+VLOOKUP(F19,matriz01,3,FALSE) -> 53400 | I19: =+VLOOKUP(F19,matriz01,4,FALSE) -> 53400 | J19: =+VLOOKUP(F19,matriz01,5,FALSE) -> 10175.332 | K19: =IFERROR(J19/I19,"0%") -> 0.19054929 | L19: =INDEX(tablap01,MATCH(F19,imputacion,0),7) -> 10175.332 | M19: =+IFERROR(L19/I19,0%) -> 0.19054929 | N19: =INDEX(tablap01,MATCH(F19,imputacion,0),9) -> 43224.668 | O19: =+IFERROR(N19/I19,0%) -> 0.80945071 | P19: =INDEX(tablap01,MATCH(F19,imputacion,0),11) -> 10175.332 | Q19: =IFERROR(+P19/J19,0) -> 1 | R19: =INDEX(tablap01,MATCH(F19,imputacion,0),13) -> 0 | S19: =+IFERROR(R19/J19,"0%") -> 0 | T19: =+'Prog 01'!T18 -> 54905.072 | U19: =+'Prog 01'!U18 -> 41224.815 | V19: =IFERROR(U19/T19,0%) -> 0.75083802
E20: 14 | F20: =+CONCATENATE($B$10,"",$C$11,"",$D$12,"0",E20) -> 21.01.001.014 | G20: Asignaciones Compensatorias | H20: =+VLOOKUP(F20,matriz01,3,FALSE) -> 61400 | I20: =+VLOOKUP(F20,matriz01,4,FALSE) -> 61400 | J20: =+VLOOKUP(F20,matriz01,5,FALSE) -> 42467.982 | K20: =IFERROR(J20/I20,"0%") -> 0.69166094 | L20: =INDEX(tablap01,MATCH(F20,imputacion,0),7) -> 42467.982 | M20: =+IFERROR(L20/I20,0%) -> 0.69166094 | N20: =INDEX(tablap01,MATCH(F20,imputacion,0),9) -> 18932.018 | O20: =+IFERROR(N20/I20,0%) -> 0.30833906 | P20: =INDEX(tablap01,MATCH(F20,imputacion,0),11) -> 40778.174 | Q20: =IFERROR(+P20/J20,0) -> 0.96020984 | R20: =INDEX(tablap01,MATCH(F20,imputacion,0),13) -> 1689.808 | S20: =+IFERROR(R20/J20,"0%") -> 0.039790165 | T20: =+'Prog 01'!T19 -> 80662.552 | U20: =+'Prog 01'!U19 -> 48042.683 | V20: =IFERROR(U20/T20,0%) -> 0.59560083
E21: 15 | F21: =+CONCATENATE($B$10,"",$C$11,"",$D$12,"0",E21) -> 21.01.001.015 | G21: Asignaciones Sustitutivas | H21: =+VLOOKUP(F21,matriz01,3,FALSE) -> 150800 | I21: =+VLOOKUP(F21,matriz01,4,FALSE) -> 150800 | J21: =+VLOOKUP(F21,matriz01,5,FALSE) -> 99573.876 | K21: =IFERROR(J21/I21,"0%") -> 0.66030422 | L21: =INDEX(tablap01,MATCH(F21,imputacion,0),7) -> 99573.876 | M21: =+IFERROR(L21/I21,0%) -> 0.66030422 | N21: =INDEX(tablap01,MATCH(F21,imputacion,0),9) -> 51226.124 | O21: =+IFERROR(N21/I21,0%) -> 0.33969578 | P21: =INDEX(tablap01,MATCH(F21,imputacion,0),11) -> 95147.517 | Q21: =IFERROR(+P21/J21,0) -> 0.95554699 | R21: =INDEX(tablap01,MATCH(F21,imputacion,0),13) -> 4426.359 | S21: =+IFERROR(R21/J21,"0%") -> 0.044453015 | T21: =+'Prog 01'!T20 -> 199573.37 | U21: =+'Prog 01'!U20 -> 118523.45 | V21: =IFERROR(U21/T21,0%) -> 0.59388412
E22: 22 | F22: =+CONCATENATE($B$10,"",$C$11,"",$D$12,"0",E22) -> 21.01.001.022 | G22: Componente Base Asignación de Desempeño | H22: =+VLOOKUP(F22,matriz01,3,FALSE) -> 49100 | I22: =+VLOOKUP(F22,matriz01,4,FALSE) -> 49100 | J22: =+VLOOKUP(F22,matriz01,5,FALSE) -> 32672.48 | K22: =IFERROR(J22/I22,"0%") -> 0.66542729 | L22: =INDEX(tablap01,MATCH(F22,imputacion,0),7) -> 32672.48 | M22: =+IFERROR(L22/I22,0%) -> 0.66542729 | N22: =INDEX(tablap01,MATCH(F22,imputacion,0),9) -> 16427.52 | O22: =+IFERROR(N22/I22,0%) -> 0.33457271 | P22: =INDEX(tablap01,MATCH(F22,imputacion,0),11) -> 27931.799 | Q22: =IFERROR(+P22/J22,0) -> 0.85490293 | R22: =INDEX(tablap01,MATCH(F22,imputacion,0),13) -> 4740.681 | S22: =+IFERROR(R22/J22,"0%") -> 0.14509707 | T22: =+'Prog 01'!T21 -> 64420.345 | U22: =+'Prog 01'!U21 -> 38444.701 | V22: =IFERROR(U22/T22,0%) -> 0.59677888
E23: 39 | F23: =+CONCATENATE($B$10,"",$C$11,"",$D$12,"0",E23) -> 21.01.001.039 | G23: Asignación de Responsabilidad Superior | H23: =+VLOOKUP(F23,matriz01,3,FALSE) -> 12100 | I23: =+VLOOKUP(F23,matriz01,4,FALSE) -> 12100 | J23: =+VLOOKUP(F23,matriz01,5,FALSE) -> 9766.68 | K23: =IFERROR(J23/I23,"0%") -> 0.80716364 | L23: =INDEX(tablap01,MATCH(F23,imputacion,0),7) -> 9766.68 | M23: =+IFERROR(L23/I23,0%) -> 0.80716364 | N23: =INDEX(tablap01,MATCH(F23,imputacion,0),9) -> 2333.32 | O23: =+IFERROR(N23/I23,0%) -> 0.19283636 | P23: =INDEX(tablap01,MATCH(F23,imputacion,0),11) -> 9471.454 | Q23: =IFERROR(+P23/J23,0) -> 0.96977212 | R23: =INDEX(tablap01,MATCH(F23,imputacion,0),13) -> 295.226 | S23: =+IFERROR(R23/J23,"0%") -> 0.030227877 | T23: =+'Prog 01'!T22 -> 12407.08 | U23: =+'Prog 01'!U22 -> 9610.4583 | V23: =IFERROR(U23/T23,0%) -> 0.7745947
E24: 998 | F24: =+CONCATENATE($B$10,"",$C$11,"",$D$12,"0",E24) -> 21.01.001.0998 | G24: Aplicación inciso 5to del Artículo 1 de la Ley N° | H24: =+'Prog 01'!H23 -> 0 | I24: =+VLOOKUP(F24,matriz01,4,FALSE) -> 0 | J24: =+'Prog 01'!J23 -> 0 | K24: =IFERROR(J24/I24,"0%") -> 0% | L24: =INDEX(tablap01,MATCH(F24,imputacion,0),7) -> 0 | M24: =+IFERROR(L24/I24,0%) -> 0 | N24: =INDEX(tablap01,MATCH(F24,imputacion,0),9) -> 0 | O24: =+IFERROR(N24/I24,0%) -> 0 | P24: =INDEX(tablap01,MATCH(F24,imputacion,0),11) -> 0 | Q24: =IFERROR(+P24/J24,0) -> 0 | R24: =INDEX(tablap01,MATCH(F24,imputacion,0),13) -> 0 | S24: =+IFERROR(R24/J24,"0%") -> 0% | T24: =+'Prog 01'!T23 -> 0 | U24: =+'Prog 01'!U23 -> 0 | V24: =IFERROR(U24/T24,0%) -> 0
E25: 999 | F25: =+CONCATENATE($B$10,"",$C$11,"",$D$12,"0",E25) -> 21.01.001.0999 | G25: Otras Asignaciones | H25: 0 | I25: =+VLOOKUP(F25,matriz01,4,FALSE) -> 0 | J25: =+VLOOKUP(F25,matriz01,5,FALSE) -> 0 | K25: =IFERROR(J25/I25,"0%") -> 0% | L25: =+'Prog 01'!L24 -> 0 | M25: =+IFERROR(L25/I25,0%) -> 0 | N25: =INDEX(tablap01,MATCH(F25,imputacion,0),9) -> 0 | O25: =+IFERROR(N25/I25,0%) -> 0 | P25: =INDEX(tablap01,MATCH(F25,imputacion,0),11) -> 0 | Q25: =IFERROR(+P25/J25,0) -> 0 | R25: =INDEX(tablap01,MATCH(F25,imputacion,0),13) -> 0 | S25: =+IFERROR(R25/J25,"0%") -> 0% | T25: =+'Prog 01'!T24 -> 0 | U25: =+'Prog 01'!U24 -> 0 | V25: =IFERROR(U25/T25,0%) -> 0
D26: 002. | G26: Aportes del Empleador | H26: =SUM(H27:H28) -> 15300 | I26: =SUM(I27:I28) -> 15300 | J26: =SUM(J27:J28) -> 11372.291 | K26: =IFERROR(J26/I26,"0%") -> 0.74328699 | L26: =SUM(L27:L28) -> 11372.291 | M26: =+IFERROR(L26/I26,0%) -> 0.74328699 | N26: =SUM(N27:N28) -> 3927.709 | O26: =+IFERROR(N26/I26,0%) -> 0.25671301 | P26: =+P27+P28 -> 10949.895 | Q26: =IFERROR(+P26/J26,0) -> 0.96285744 | R26: =SUM(R27:R28) -> 422.396 | S26: =+IFERROR(R26/J26,"0%") -> 0.03714256 | T26: =SUM(T27:T28) -> 20146.091 | U26: =SUM(U27:U28) -> 12005.652 | V26: =IFERROR(U26/T26,0%) -> 0.5959296
E27: 1 | F27: =+CONCATENATE($B$10,"",$C$11,"",$D$26,"00",E27) -> 21.01.002.001 | G27: A Servicios de Bienestar | H27: =+VLOOKUP(F27,matriz01,3,FALSE) -> 1300 | I27: =+VLOOKUP(F27,matriz01,4,FALSE) -> 1300 | J27: =+VLOOKUP(F27,matriz01,5,FALSE) -> 828.072 | K27: =IFERROR(J27/I27,"0%") -> 0.63697846 | L27: =INDEX(tablap01,MATCH(F27,imputacion,0),7) -> 828.072 | M27: =+IFERROR(L27/I27,0%) -> 0.63697846 | N27: =INDEX(tablap01,MATCH(F27,imputacion,0),9) -> 471.928 | O27: =+IFERROR(N27/I27,0%) -> 0.36302154 | P27: =INDEX(tablap01,MATCH(F27,imputacion,0),11) -> 718.704 | Q27: =IFERROR(+P27/J27,0) -> 0.86792453 | R27: =INDEX(tablap01,MATCH(F27,imputacion,0),13) -> 109.368 | S27: =+IFERROR(R27/J27,"0%") -> 0.13207547 | T27: =+'Prog 01'!T26 -> 1719.3111 | U27: =+'Prog 01'!U26 -> 975.78892 | V27: =IFERROR(U27/T27,0%) -> 0.56754647
E28: 2 | F28: =+CONCATENATE($B$10,"",$C$11,"",$D$26,"00",E28) -> 21.01.002.002 | G28: Otras Cotizaciones Previsionales | H28: =+VLOOKUP(F28,matriz01,3,FALSE) -> 14000 | I28: =+VLOOKUP(F28,matriz01,4,FALSE) -> 14000 | J28: =+VLOOKUP(F28,matriz01,5,FALSE) -> 10544.219 | K28: =IFERROR(J28/I28,"0%") -> 0.7531585 | L28: =INDEX(tablap01,MATCH(F28,imputacion,0),7) -> 10544.219 | M28: =+IFERROR(L28/I28,0%) -> 0.7531585 | N28: =INDEX(tablap01,MATCH(F28,imputacion,0),9) -> 3455.781 | O28: =+IFERROR(N28/I28,0%) -> 0.2468415 | P28: =INDEX(tablap01,MATCH(F28,imputacion,0),11) -> 10231.191 | Q28: =IFERROR(+P28/J28,0) -> 0.97031283 | R28: =INDEX(tablap01,MATCH(F28,imputacion,0),13) -> 313.028 | S28: =+IFERROR(R28/J28,"0%") -> 0.029687168 | T28: =+'Prog 01'!T27 -> 18426.779 | U28: =+'Prog 01'!U27 -> 11029.863 | V28: =IFERROR(U28/T28,0%) -> 0.59857789
D29: 003. | G29: Asignaciones por Desempeño | H29: =SUM(H30:H31) -> 45000 | I29: =SUM(I30:I32) -> 45000 | J29: =SUM(J30:J32) -> 27147.618 | K29: =IFERROR(J29/I29,"0%") -> 0.6032804 | L29: =SUM(L30:L32) -> 27147.618 | M29: =+IFERROR(L29/I29,0%) -> 0.6032804 | N29: =SUM(N30:N32) -> 17852.382 | O29: =+IFERROR(N29/I29,0%) -> 0.3967196 | P29: =SUM(P30:P32) -> 24357.34 | Q29: =IFERROR(+P29/J29,0) -> 0.89721831 | R29: =SUM(R30:R32) -> 2790.278 | S29: =+IFERROR(R29/J29,"0%") -> 0.10278169 | T29: =SUM(T30:T32) -> 58374.993 | U29: =SUM(U30:U32) -> 35505.754 | V29: =IFERROR(U29/T29,0%) -> 0.60823569
E30: 1 | F30: =+CONCATENATE($B$10,"",$C$11,"",$D$29,"00",E30) -> 21.01.003.001 | G30: Desempeño Institucional | H30: =+VLOOKUP(F30,matriz01,3,FALSE) -> 23400 | I30: =+VLOOKUP(F30,matriz01,4,FALSE) -> 23400 | J30: =+VLOOKUP(F30,matriz01,5,FALSE) -> 16309.828 | K30: =IFERROR(J30/I30,"0%") -> 0.6970012 | L30: =INDEX(tablap01,MATCH(F30,imputacion,0),7) -> 16309.828 | M30: =+IFERROR(L30/I30,0%) -> 0.6970012 | N30: =INDEX(tablap01,MATCH(F30,imputacion,0),9) -> 7090.172 | O30: =+IFERROR(N30/I30,0%) -> 0.3029988 | P30: =INDEX(tablap01,MATCH(F30,imputacion,0),11) -> 14426.004 | Q30: =IFERROR(+P30/J30,0) -> 0.88449762 | R30: =INDEX(tablap01,MATCH(F30,imputacion,0),13) -> 1883.824 | S30: =+IFERROR(R30/J30,"0%") -> 0.11550238 | T30: =+'Prog 01'!T29 -> 31123.754 | U30: =+'Prog 01'!U29 -> 18345.026 | V30: =IFERROR(U30/T30,0%) -> 0.58942204
E31: 2 | F31: =+CONCATENATE($B$10,"",$C$11,"",$D$29,"00",E31) -> 21.01.003.002 | G31: Desempeño Colectivo | H31: =+VLOOKUP(F31,matriz01,3,FALSE) -> 21600 | I31: =+VLOOKUP(F31,matriz01,4,FALSE) -> 21600 | J31: =+VLOOKUP(F31,matriz01,5,FALSE) -> 10837.79 | K31: =IFERROR(J31/I31,"0%") -> 0.50174954 | L31: =INDEX(tablap01,MATCH(F31,imputacion,0),7) -> 10837.79 | M31: =+IFERROR(L31/I31,0%) -> 0.50174954 | N31: =INDEX(tablap01,MATCH(F31,imputacion,0),9) -> 10762.21 | O31: =+IFERROR(N31/I31,0%) -> 0.49825046 | P31: =INDEX(tablap01,MATCH(F31,imputacion,0),11) -> 9931.336 | Q31: =IFERROR(+P31/J31,0) -> 0.91636173 | R31: =INDEX(tablap01,MATCH(F31,imputacion,0),13) -> 906.454 | S31: =+IFERROR(R31/J31,"0%") -> 0.083638269 | T31: =+'Prog 01'!T30 -> 27251.239 | U31: =+'Prog 01'!U30 -> 17160.728 | V31: =IFERROR(U31/T31,0%) -> 0.62972284
E32: 3 | F32: =+CONCATENATE($B$10,"",$C$11,"",$D$29,"00",E32) -> 21.01.003.003 | G32: Desempeño Individual | H32: 0 | I32: =+VLOOKUP(F32,matriz01,4,FALSE) -> 0 | J32: =+VLOOKUP(F32,matriz01,5,FALSE) -> 0 | K32: =IFERROR(J32/I32,"0%") -> 0% | L32: 0 | M32: =+IFERROR(L32/I32,0%) -> 0 | N32: =INDEX(tablap01,MATCH(F32,imputacion,0),9) -> 0 | O32: =+IFERROR(N32/I32,0%) -> 0 | P32: =INDEX(tablap01,MATCH(F32,imputacion,0),11) -> 0 | Q32: =IFERROR(+P32/J32,0) -> 0 | R32: =INDEX(tablap01,MATCH(F32,imputacion,0),13) -> 0 | S32: =+IFERROR(R32/J32,"0%") -> 0% | T32: =+'Prog 01'!T31 -> 0 | U32: =+'Prog 01'!U31 -> 0 | V32: =IFERROR(U32/T32,0%) -> 0
D33: 004. | G33: Remuneraciones Variables | H33: =SUM(H34:H37) -> 80800 | I33: =SUM(I34:I37) -> 83660.789 | J33: =SUM(J34:J37) -> 51842.464 | K33: =IFERROR(J33/I33,"0%") -> 0.61967458 | L33: =SUM(L34:L37) -> 51842.464 | M33: =+IFERROR(L33/I33,0%) -> 0.61967458 | N33: =SUM(N34:N37) -> 31818.325 | O33: =+IFERROR(N33/I33,0%) -> 0.38032542 | P33: =SUM(P34:P37) -> 50175.71 | Q33: =IFERROR(+P33/J33,0) -> 0.96784964 | R33: =SUM(R34:R37) -> 1666.754 | S33: =+IFERROR(R33/J33,"0%") -> 0.032150362 | T33: =SUM(T34:T37) -> 99999.575 | U33: =SUM(U34:U37) -> 65385.938 | V33: =IFERROR(U33/T33,0%) -> 0.65386216
E34: 4 | F34: =+CONCATENATE($B$10,"",$C$11,"",$D$33,"00",E34) -> 21.01.004.004 | G34: Asignación por Desempeño de Funciones Críticas | H34: =+VLOOKUP(F34,matriz01,3,FALSE) -> 75200 | I34: =+VLOOKUP(F34,matriz01,4,FALSE) -> 75200 | J34: =+VLOOKUP(F34,matriz01,5,FALSE) -> 45469.042 | K34: =IFERROR(J34/I34,"0%") -> 0.60464152 | L34: =INDEX(tablap01,MATCH(F34,imputacion,0),7) -> 45469.042 | M34: =+IFERROR(L34/I34,0%) -> 0.60464152 | N34: =INDEX(tablap01,MATCH(F34,imputacion,0),9) -> 29730.958 | O34: =+IFERROR(N34/I34,0%) -> 0.39535848 | P34: =INDEX(tablap01,MATCH(F34,imputacion,0),11) -> 43802.288 | Q34: =IFERROR(+P34/J34,0) -> 0.9633431 | R34: =INDEX(tablap01,MATCH(F34,imputacion,0),13) -> 1666.754 | S34: =+IFERROR(R34/J34,"0%") -> 0.036656897 | T34: =+'Prog 01'!T33 -> 92572.682 | U34: =+'Prog 01'!U33 -> 59747.273 | V34: =IFERROR(U34/T34,0%) -> 0.64540933
E35: 5 | F35: =+CONCATENATE($B$10,"",$C$11,"",$D$33,"00",E35) -> 21.01.004.005 | G35: Trabajos Extraordinarios | H35: =+VLOOKUP(F35,matriz01,3,FALSE) -> 600 | I35: =+VLOOKUP(F35,matriz01,4,FALSE) -> 600 | J35: =+VLOOKUP(F35,matriz01,5,FALSE) -> 37.182 | K35: =IFERROR(J35/I35,"0%") -> 0.06197 | L35: =INDEX(tablap01,MATCH(F35,imputacion,0),7) -> 37.182 | M35: =+IFERROR(L35/I35,0%) -> 0.06197 | N35: =INDEX(tablap01,MATCH(F35,imputacion,0),9) -> 562.818 | O35: =+IFERROR(N35/I35,0%) -> 0.93803 | P35: =INDEX(tablap01,MATCH(F35,imputacion,0),11) -> 37.182 | Q35: =IFERROR(+P35/J35,0) -> 1 | R35: =INDEX(tablap01,MATCH(F35,imputacion,0),13) -> 0 | S35: =+IFERROR(R35/J35,"0%") -> 0 | T35: =+'Prog 01'!T34 -> 142.4842 | U35: =+'Prog 01'!U34 -> 50.490132 | V35: =IFERROR(U35/T35,0%) -> 0.35435601
E36: 6 | F36: =+CONCATENATE($B$10,"",$C$11,"",$D$33,"00",E36) -> 21.01.004.006 | G36: Comisiones de Servicios en el País | H36: =+VLOOKUP(F36,matriz01,3,FALSE) -> 4000 | I36: =+VLOOKUP(F36,matriz01,4,FALSE) -> 6860.789 | J36: =+VLOOKUP(F36,matriz01,5,FALSE) -> 5743.384 | K36: =IFERROR(J36/I36,"0%") -> 0.83713171 | L36: =INDEX(tablap01,MATCH(F36,imputacion,0),7) -> 5743.384 | M36: =+IFERROR(L36/I36,0%) -> 0.83713171 | N36: =INDEX(tablap01,MATCH(F36,imputacion,0),9) -> 1117.405 | O36: =+IFERROR(N36/I36,0%) -> 0.16286829 | P36: =INDEX(tablap01,MATCH(F36,imputacion,0),11) -> 5743.384 | Q36: =IFERROR(+P36/J36,0) -> 1 | R36: =INDEX(tablap01,MATCH(F36,imputacion,0),13) -> 0 | S36: =+IFERROR(R36/J36,"0%") -> 0 | T36: =+'Prog 01'!T35 -> 5737.9088 | U36: =+'Prog 01'!U35 -> 5588.1746 | V36: =IFERROR(U36/T36,0%) -> 0.9739044
E37: 7 | F37: =+CONCATENATE($B$10,"",$C$11,"",$D$33,"00",E37) -> 21.01.004.007 | G37: Comisiones de Servicios en el Exterior | H37: =+VLOOKUP(F37,matriz01,3,FALSE) -> 1000 | I37: =+VLOOKUP(F37,matriz01,4,FALSE) -> 1000 | J37: =+VLOOKUP(F37,matriz01,5,FALSE) -> 592.856 | K37: =IFERROR(J37/I37,"0%") -> 0.592856 | L37: =INDEX(tablap01,MATCH(F37,imputacion,0),7) -> 592.856 | M37: =+IFERROR(L37/I37,0%) -> 0.592856 | N37: =INDEX(tablap01,MATCH(F37,imputacion,0),9) -> 407.144 | O37: =+IFERROR(N37/I37,0%) -> 0.407144 | P37: =INDEX(tablap01,MATCH(F37,imputacion,0),11) -> 592.856 | Q37: =IFERROR(+P37/J37,0) -> 1 | R37: =INDEX(tablap01,MATCH(F37,imputacion,0),13) -> 0 | S37: =+IFERROR(R37/J37,"0%") -> 0 | T37: =+'Prog 01'!T36 -> 1546.5 | U37: =+'Prog 01'!U36 -> 0 | V37: =IFERROR(U37/T37,0%) -> 0
D38: 005. | G38: Remuneraciones Variables | H38: =SUM(H39:H41) -> 350 | I38: =SUM(I39:I41) -> 789.534 | J38: =SUM(J39:J41) -> 439.534 | K38: =IFERROR(J38/I38,"0%") -> 0.55670053 | L38: =SUM(L39:L41) -> 439.534 | M38: =+IFERROR(L38/I38,0%) -> 0.55670053 | N38: =SUM(N39:N41) -> 350 | O38: =+IFERROR(N38/I38,0%) -> 0.44329947 | P38: =SUM(P39:P41) -> 429.53 | Q38: =IFERROR(+P38/J38,0) -> 0.97723953 | R38: =SUM(R39:R41) -> 10.004 | S38: =+IFERROR(R38/J38,"0%") -> 0.022760469 | T38: =SUM(T39:T41) -> 1268.6981 | U38: =SUM(U39:U41) -> 799.13119 | V38: =IFERROR(U38/T38,0%) -> 0.62988287
E39: 1 | F39: =+CONCATENATE($B$10,"",$C$11,"",$D$38,"00",E39) -> 21.01.005.001 | G39: Aguinaldos | H39: =+VLOOKUP(F39,matriz01,3,FALSE) -> 0 | I39: =+VLOOKUP(F39,matriz01,4,FALSE) -> 132.109 | J39: =+VLOOKUP(F39,matriz01,5,FALSE) -> 132.109 | K39: =IFERROR(J39/I39,"0%") -> 1 | L39: =INDEX(tablap01,MATCH(F39,imputacion,0),7) -> 132.109 | M39: =+IFERROR(L39/I39,0%) -> 1 | N39: =INDEX(tablap01,MATCH(F39,imputacion,0),9) -> 0 | O39: =+IFERROR(N39/I39,0%) -> 0 | P39: =INDEX(tablap01,MATCH(F39,imputacion,0),11) -> 122.105 | Q39: =IFERROR(+P39/J39,0) -> 0.92427465 | R39: =INDEX(tablap01,MATCH(F39,imputacion,0),13) -> 10.004 | S39: =+IFERROR(R39/J39,"0%") -> 0.075725348 | T39: =+'Prog 01'!T38 -> 355.64757 | U39: =+'Prog 01'!U38 -> 218.3359 | V39: =IFERROR(U39/T39,0%) -> 0.61391084
E40: 2 | F40: =+CONCATENATE($B$10,"",$C$11,"",$D$38,"00",E40) -> 21.01.005.002 | G40: Bono de Escolaridad | H40: =+VLOOKUP(F40,matriz01,3,FALSE) -> 350 | I40: =+VLOOKUP(F40,matriz01,4,FALSE) -> 350 | J40: =+VLOOKUP(F40,matriz01,5,FALSE) -> 0 | K40: =IFERROR(J40/I40,"0%") -> 0 | L40: =INDEX(tablap01,MATCH(F40,imputacion,0),7) -> 0 | M40: =+IFERROR(L40/I40,0%) -> 0 | N40: =INDEX(tablap01,MATCH(F40,imputacion,0),9) -> 350 | O40: =+IFERROR(N40/I40,0%) -> 1 | P40: =INDEX(tablap01,MATCH(F40,imputacion,0),11) -> 0 | Q40: =IFERROR(+P40/J40,0) -> 0 | R40: =INDEX(tablap01,MATCH(F40,imputacion,0),13) -> 0 | S40: =+IFERROR(R40/J40,"0%") -> 0% | T40: =+'Prog 01'!T39 -> 357.2714 | U40: =+'Prog 01'!U39 -> 355.62077 | V40: =IFERROR(U40/T40,0%) -> 0.9953799
E41: 3 | F41: =+CONCATENATE($B$10,"",$C$11,"",$D$38,"00",E41) -> 21.01.005.003 | G41: Bonos Especiales | H41: =+VLOOKUP(F41,matriz01,3,FALSE) -> 0 | I41: =+VLOOKUP(F41,matriz01,4,FALSE) -> 307.425 | J41: =+VLOOKUP(F41,matriz01,5,FALSE) -> 307.425 | K41: =IFERROR(J41/I41,"0%") -> 1 | L41: =INDEX(tablap01,MATCH(F41,imputacion,0),7) -> 307.425 | M41: =+IFERROR(L41/I41,0%) -> 1 | N41: =INDEX(tablap01,MATCH(F41,imputacion,0),9) -> 0 | O41: =+IFERROR(N41/I41,0%) -> 0 | P41: =INDEX(tablap01,MATCH(F41,imputacion,0),11) -> 307.425 | Q41: =IFERROR(+P41/J41,0) -> 1 | R41: =INDEX(tablap01,MATCH(F41,imputacion,0),13) -> 0 | S41: =+IFERROR(R41/J41,"0%") -> 0 | T41: =+'Prog 01'!T40 -> 555.77911 | U41: =+'Prog 01'!U40 -> 225.17452 | V41: =IFERROR(U41/T41,0%) -> 0.40515111
C42: 02. | G42: Personal a Contrata | H42: =+H43+H57+H60+H65+H70 -> 18225778 | I42: =+I43+I57+I60+I65+I70 -> 17716478 | J42: =+J43+J57+J60+J65+J70 -> 13877412 | K42: =IFERROR(J42/I42,"0%") -> 0.78330537 | L42: =+L43+L57+L60+L65+L70 -> 13877412 | M42: =+IFERROR(L42/I42,0%) -> 0.78330537 | N42: =+N43+N57+N60+N65+N70 -> 3839065.6 | O42: =+IFERROR(N42/I42,0%) -> 0.21669463 | P42: =+P43+P57+P60+P65+P70 -> 13424495 | Q42: =IFERROR(+P42/J42,0) -> 0.96736299 | R42: =+R43+R57+R60+R65+R70 -> 452917.23 | S42: =+IFERROR(R42/J42,"0%") -> 0.03263701 | T42: =+T43+T57+T60+T65+T70 -> 18399545 | U42: =+U43+U57+U60+U65+U70 -> 14502527 | V42: =IFERROR(U42/T42,0%) -> 0.7882003
D43: 001. | G43: Sueldos y Sobresueldos | H43: =SUM(H44:H56) -> 15534671 | I43: =SUM(I44:I56) -> 15034246 | J43: =SUM(J44:J56) -> 11901804 | K43: =IFERROR(J43/I43,"0%") -> 0.79164617 | L43: =SUM(L44:L56) -> 11901804 | M43: =+IFERROR(L43/I43,0%) -> 0.79164617 | N43: =SUM(N44:N56) -> 3132442.8 | O43: =+IFERROR(N43/I43,0%) -> 0.20835383 | P43: =SUM(P44:P56) -> 11609820 | Q43: =IFERROR(+P43/J43,0) -> 0.97546725 | R43: =SUM(R44:R56) -> 291983.98 | S43: =+IFERROR(R43/J43,"0%") -> 0.024532751 | T43: =SUM(T44:T56) -> 15567120 | U43: =+'Prog 01'!U42 -> 12332138 | V43: =IFERROR(U43/T43,0%) -> 0.79219136
E44: 1 | F44: =+CONCATENATE($B$10,"",$C$42,"",$D$43,"00",E44) -> 21.02.001.001 | G44: sueldos base | H44: =+VLOOKUP(F44,matriz01,3,FALSE) -> 3398000 | I44: =+VLOOKUP(F44,matriz01,4,FALSE) -> 2897575.4 | J44: =+VLOOKUP(F44,matriz01,5,FALSE) -> 2515365.8 | K44: =IFERROR(J44/I44,"0%") -> 0.86809329 | L44: =INDEX(tablap01,MATCH(F44,imputacion,0),7) -> 2515365.8 | M44: =+IFERROR(L44/I44,0%) -> 0.86809329 | N44: =INDEX(tablap01,MATCH(F44,imputacion,0),9) -> 382209.63 | O44: =+IFERROR(N44/I44,0%) -> 0.13190671 | P44: =INDEX(tablap01,MATCH(F44,imputacion,0),11) -> 2463388.7 | Q44: =IFERROR(+P44/J44,0) -> 0.97933619 | R44: =INDEX(tablap01,MATCH(F44,imputacion,0),13) -> 51977.051 | S44: =+IFERROR(R44/J44,"0%") -> 0.020663814 | T44: =+'Prog 01'!T43 -> 3299523.8 | U44: =+'Prog 01'!U43 -> 2547113.5 | V44: =IFERROR(U44/T44,0%) -> 0.77196399
E45: 2 | F45: =+CONCATENATE($B$10,"",$C$42,"",$D$43,"00",E45) -> 21.02.001.002 | G45: Asignación de Antigüedad | H45: =+VLOOKUP(F45,matriz01,3,FALSE) -> 160000 | I45: =+VLOOKUP(F45,matriz01,4,FALSE) -> 160000 | J45: =+VLOOKUP(F45,matriz01,5,FALSE) -> 124229.67 | K45: =IFERROR(J45/I45,"0%") -> 0.77643546 | L45: =INDEX(tablap01,MATCH(F45,imputacion,0),7) -> 124229.67 | M45: =+IFERROR(L45/I45,0%) -> 0.77643546 | N45: =INDEX(tablap01,MATCH(F45,imputacion,0),9) -> 35770.326 | O45: =+IFERROR(N45/I45,0%) -> 0.22356454 | P45: =INDEX(tablap01,MATCH(F45,imputacion,0),11) -> 116893.17 | Q45: =IFERROR(+P45/J45,0) -> 0.94094404 | R45: =INDEX(tablap01,MATCH(F45,imputacion,0),13) -> 7336.503 | S45: =+IFERROR(R45/J45,"0%") -> 0.059055963 | T45: =+'Prog 01'!T44 -> 149362.72 | U45: =+'Prog 01'!U44 -> 124888.75 | V45: =IFERROR(U45/T45,0%) -> 0.83614405
E46: 3 | F46: =+CONCATENATE($B$10,"",$C$42,"",$D$43,"00",E46) -> 21.02.001.003 | G46: Asignación Profesional | H46: =+VLOOKUP(F46,matriz01,3,FALSE) -> 2400000 | I46: =+VLOOKUP(F46,matriz01,4,FALSE) -> 2400000 | J46: =+VLOOKUP(F46,matriz01,5,FALSE) -> 1737721.5 | K46: =IFERROR(J46/I46,"0%") -> 0.72405064 | L46: =INDEX(tablap01,MATCH(F46,imputacion,0),7) -> 1737721.5 | M46: =+IFERROR(L46/I46,0%) -> 0.72405064 | N46: =INDEX(tablap01,MATCH(F46,imputacion,0),9) -> 662278.45 | O46: =+IFERROR(N46/I46,0%) -> 0.27594936 | P46: =INDEX(tablap01,MATCH(F46,imputacion,0),11) -> 1685649.8 | Q46: =IFERROR(+P46/J46,0) -> 0.97003445 | R46: =INDEX(tablap01,MATCH(F46,imputacion,0),13) -> 52071.781 | S46: =+IFERROR(R46/J46,"0%") -> 0.029965549 | T46: =+'Prog 01'!T45 -> 2282677.6 | U46: =+'Prog 01'!U45 -> 1815472.8 | V46: =IFERROR(U46/T46,0%) -> 0.79532599
E47: 4 | F47: =+CONCATENATE($B$10,"",$C$42,"",$D$43,"00",E47) -> 21.02.001.004 | G47: Asignación de Zona | H47: =+VLOOKUP(F47,matriz01,3,FALSE) -> 303000 | I47: =+VLOOKUP(F47,matriz01,4,FALSE) -> 303000 | J47: =+VLOOKUP(F47,matriz01,5,FALSE) -> 233636.91 | K47: =IFERROR(J47/I47,"0%") -> 0.7710789 | L47: =INDEX(tablap01,MATCH(F47,imputacion,0),7) -> 233636.91 | M47: =+IFERROR(L47/I47,0%) -> 0.7710789 | N47: =INDEX(tablap01,MATCH(F47,imputacion,0),9) -> 69363.094 | O47: =+IFERROR(N47/I47,0%) -> 0.2289211 | P47: =INDEX(tablap01,MATCH(F47,imputacion,0),11) -> 219331.72 | Q47: =IFERROR(+P47/J47,0) -> 0.93877172 | R47: =INDEX(tablap01,MATCH(F47,imputacion,0),13) -> 14305.187 | S47: =+IFERROR(R47/J47,"0%") -> 0.061228285 | T47: =+'Prog 01'!T46 -> 298374.12 | U47: =+'Prog 01'!U46 -> 233508.28 | V47: =IFERROR(U47/T47,0%) -> 0.78260234
E48: 6 | F48: =+CONCATENATE($B$10,"",$C$42,"",$D$43,"00",E48) -> 21.02.001.006 | G48: Asignaciónes del DL N° 2.411, de 1978 | H48: =+VLOOKUP(F48,matriz01,3,FALSE) -> 0 | I48: =+VLOOKUP(F48,matriz01,4,FALSE) -> 0 | J48: =+VLOOKUP(F48,matriz01,5,FALSE) -> 0 | K48: =IFERROR(J48/I48,"0%") -> 0% | L48: =INDEX(tablap01,MATCH(F48,imputacion,0),7) -> 0 | M48: =+IFERROR(L48/I48,0%) -> 0 | N48: =INDEX(tablap01,MATCH(F48,imputacion,0),9) -> 0 | O48: =+IFERROR(N48/I48,0%) -> 0 | P48: =INDEX(tablap01,MATCH(F48,imputacion,0),11) -> 0 | Q48: =IFERROR(+P48/J48,0) -> 0 | R48: =INDEX(tablap01,MATCH(F48,imputacion,0),13) -> 0 | S48: =+IFERROR(R48/J48,"0%") -> 0% | T48: =+'Prog 01'!T47 -> 0 | U48: =+'Prog 01'!U47 -> 0 | V48: =IFERROR(U48/T48,0%) -> 0
E49: 7 | F49: =+CONCATENATE($B$10,"",$C$42,"",$D$43,"00",E49) -> 21.02.001.007 | G49: Asignaciónes del DL N° 3.551, de 1981 | H49: =+VLOOKUP(F49,matriz01,3,FALSE) -> 130000 | I49: =+VLOOKUP(F49,matriz01,4,FALSE) -> 130000 | J49: =+VLOOKUP(F49,matriz01,5,FALSE) -> 75428.42 | K49: =IFERROR(J49/I49,"0%") -> 0.58021862 | L49: =INDEX(tablap01,MATCH(F49,imputacion,0),7) -> 75428.42 | M49: =+IFERROR(L49/I49,0%) -> 0.58021862 | N49: =INDEX(tablap01,MATCH(F49,imputacion,0),9) -> 54571.58 | O49: =+IFERROR(N49/I49,0%) -> 0.41978138 | P49: =INDEX(tablap01,MATCH(F49,imputacion,0),11) -> 72035.841 | Q49: =IFERROR(+P49/J49,0) -> 0.95502254 | R49: =INDEX(tablap01,MATCH(F49,imputacion,0),13) -> 3392.579 | S49: =+IFERROR(R49/J49,"0%") -> 0.044977463 | T49: =+'Prog 01'!T48 -> 154467 | U49: =+'Prog 01'!U48 -> 97510.007 | V49: =IFERROR(U49/T49,0%) -> 0.63126757
E50: 13 | F50: =+CONCATENATE($B$10,"",$C$42,"",$D$43,"0",E50) -> 21.02.001.013 | G50: Asignaciones Compensatorias | H50: =+VLOOKUP(F50,matriz01,3,FALSE) -> 2700000 | I50: =+VLOOKUP(F50,matriz01,4,FALSE) -> 2700000 | J50: =+VLOOKUP(F50,matriz01,5,FALSE) -> 2005818.2 | K50: =IFERROR(J50/I50,"0%") -> 0.74289564 | L50: =INDEX(tablap01,MATCH(F50,imputacion,0),7) -> 2005818.2 | M50: =+IFERROR(L50/I50,0%) -> 0.74289564 | N50: =INDEX(tablap01,MATCH(F50,imputacion,0),9) -> 694181.78 | O50: =+IFERROR(N50/I50,0%) -> 0.25710436 | P50: =INDEX(tablap01,MATCH(F50,imputacion,0),11) -> 1953729.4 | Q50: =IFERROR(+P50/J50,0) -> 0.97403113 | R50: =INDEX(tablap01,MATCH(F50,imputacion,0),13) -> 52088.832 | S50: =+IFERROR(R50/J50,"0%") -> 0.02596887 | T50: =+'Prog 01'!T49 -> 2560504.7 | U50: =+'Prog 01'!U49 -> 2073806.3 | V50: =IFERROR(U50/T50,0%) -> 0.80992093
E51: 14 | F51: =+CONCATENATE($B$10,"",$C$42,"",$D$43,"0",E51) -> 21.02.001.014 | G51: Asignaciones Sustitutivas | H51: =+VLOOKUP(F51,matriz01,3,FALSE) -> 4681271 | I51: =+VLOOKUP(F51,matriz01,4,FALSE) -> 4681271 | J51: =+VLOOKUP(F51,matriz01,5,FALSE) -> 3947293.7 | K51: =IFERROR(J51/I51,"0%") -> 0.84320982 | L51: =INDEX(tablap01,MATCH(F51,imputacion,0),7) -> 3947293.7 | M51: =+IFERROR(L51/I51,0%) -> 0.84320982 | N51: =INDEX(tablap01,MATCH(F51,imputacion,0),9) -> 733977.31 | O51: =+IFERROR(N51/I51,0%) -> 0.15679018 | P51: =INDEX(tablap01,MATCH(F51,imputacion,0),11) -> 3895221.9 | Q51: =IFERROR(+P51/J51,0) -> 0.98680823 | R51: =INDEX(tablap01,MATCH(F51,imputacion,0),13) -> 52071.795 | S51: =+IFERROR(R51/J51,"0%") -> 0.013191771 | T51: =+'Prog 01'!T50 -> 5140701.5 | U51: =+'Prog 01'!U50 -> 4108823.9 | V51: =IFERROR(U51/T51,0%) -> 0.79927301
E52: 21 | F52: =+CONCATENATE($B$10,"",$C$42,"",$D$43,"0",E52) -> 21.02.001.021 | G52: Componente Base Asignación de Desempeño | H52: =+VLOOKUP(F52,matriz01,3,FALSE) -> 1700000 | I52: =+VLOOKUP(F52,matriz01,4,FALSE) -> 1700000 | J52: =+VLOOKUP(F52,matriz01,5,FALSE) -> 1221033.1 | K52: =IFERROR(J52/I52,"0%") -> 0.71825477 | L52: =INDEX(tablap01,MATCH(F52,imputacion,0),7) -> 1221033.1 | M52: =+IFERROR(L52/I52,0%) -> 0.71825477 | N52: =INDEX(tablap01,MATCH(F52,imputacion,0),9) -> 478966.9 | O52: =+IFERROR(N52/I52,0%) -> 0.28174523 | P52: =INDEX(tablap01,MATCH(F52,imputacion,0),11) -> 1168958.9 | Q52: =IFERROR(+P52/J52,0) -> 0.95735236 | R52: =INDEX(tablap01,MATCH(F52,imputacion,0),13) -> 52074.184 | S52: =+IFERROR(R52/J52,"0%") -> 0.042647643 | T52: =+'Prog 01'!T51 -> 1618388.5 | U52: =+'Prog 01'!U51 -> 1283088.5 | V52: =IFERROR(U52/T52,0%) -> 0.79281859
E53: 37 | F53: =+CONCATENATE($B$10,"",$C$42,"",$D$43,"0",E53) -> 21.02.001.037 | G53: Asignación Zonas Extremas | H53: =+VLOOKUP(F53,matriz01,3,FALSE) -> 53600 | I53: =+VLOOKUP(F53,matriz01,4,FALSE) -> 53600 | J53: =+VLOOKUP(F53,matriz01,5,FALSE) -> 34577.128 | K53: =IFERROR(J53/I53,"0%") -> 0.64509567 | L53: =INDEX(tablap01,MATCH(F53,imputacion,0),7) -> 34577.128 | M53: =+IFERROR(L53/I53,0%) -> 0.64509567 | N53: =INDEX(tablap01,MATCH(F53,imputacion,0),9) -> 19022.872 | O53: =+IFERROR(N53/I53,0%) -> 0.35490433 | P53: =INDEX(tablap01,MATCH(F53,imputacion,0),11) -> 28067.765 | Q53: =IFERROR(+P53/J53,0) -> 0.81174368 | R53: =INDEX(tablap01,MATCH(F53,imputacion,0),13) -> 6509.363 | S53: =+IFERROR(R53/J53,"0%") -> 0.18825632 | T53: =+'Prog 01'!T52 -> 53647.1 | U53: =+'Prog 01'!U52 -> 41143.705 | V53: =IFERROR(U53/T53,0%) -> 0.7669325
E54: 38 | F54: =+CONCATENATE($B$10,"",$C$42,"",$D$43,"0",E54) -> 21.02.001.038 | G54: Asignación de Responsabilidad Superior | H54: =+VLOOKUP(F54,matriz01,3,FALSE) -> 8800 | I54: =+VLOOKUP(F54,matriz01,4,FALSE) -> 8800 | J54: =+VLOOKUP(F54,matriz01,5,FALSE) -> 6699.158 | K54: =IFERROR(J54/I54,"0%") -> 0.76126795 | L54: =INDEX(tablap01,MATCH(F54,imputacion,0),7) -> 6699.158 | M54: =+IFERROR(L54/I54,0%) -> 0.76126795 | N54: =INDEX(tablap01,MATCH(F54,imputacion,0),9) -> 2100.842 | O54: =+IFERROR(N54/I54,0%) -> 0.23873205 | P54: =INDEX(tablap01,MATCH(F54,imputacion,0),11) -> 6542.45 | Q54: =IFERROR(+P54/J54,0) -> 0.97660781 | R54: =INDEX(tablap01,MATCH(F54,imputacion,0),13) -> 156.708 | S54: =+IFERROR(R54/J54,"0%") -> 0.023392193 | T54: =+'Prog 01'!T53 -> 9472.8383 | U54: =+'Prog 01'!U53 -> 6782.0376 | V54: =IFERROR(U54/T54,0%) -> 0.71594567
E55: 998 | F55: =+CONCATENATE($B$10,"",$C$42,"",$D$43,"0",E55) -> 21.02.001.0998 | G55: Aplicación inciso 5to del Artículo 1 de la Ley N° | H55: =+'Prog 01'!H54 -> 0 | I55: =+VLOOKUP(F55,matriz01,4,FALSE) -> 0 | J55: =+'Prog 01'!J54 -> 0 | K55: =IFERROR(J55/I55,"0%") -> 0% | L55: 0 | M55: =+IFERROR(L55/I55,0%) -> 0 | N55: =+'Prog 01'!N54 -> 0 | O55: =+IFERROR(N55/I55,0%) -> 0 | P55: =INDEX(tablap01,MATCH(F55,imputacion,0),11) -> 0 | Q55: =IFERROR(+P55/J55,0) -> 0 | R55: =INDEX(tablap01,MATCH(F55,imputacion,0),13) -> 0 | S55: =+IFERROR(R55/J55,"0%") -> 0% | T55: =+'Prog 01'!T54 -> 0 | U55: =+'Prog 01'!U54 -> 0 | V55: =IFERROR(U55/T55,0%) -> 0
E56: 999 | F56: =+CONCATENATE($B$10,"",$C$42,"",$D$43,"0",E56) -> 21.02.001.0999 | G56: Otras Asignaciones | H56: 0 | I56: =+VLOOKUP(F56,matriz01,4,FALSE) -> 0 | J56: =+VLOOKUP(F56,matriz01,5,FALSE) -> 0 | K56: =IFERROR(J56/I56,"0%") -> 0% | L56: =+'Prog 01'!L54 -> 0 | M56: =+IFERROR(L56/I56,0%) -> 0 | N56: =+'Prog 01'!N55 -> 0 | O56: =+IFERROR(N56/I56,0%) -> 0 | P56: =INDEX(tablap01,MATCH(F56,imputacion,0),11) -> 0 | Q56: =IFERROR(+P56/J56,0) -> 0 | R56: =INDEX(tablap01,MATCH(F56,imputacion,0),13) -> 0 | S56: =+IFERROR(R56/J56,"0%") -> 0% | T56: =+'Prog 01'!T55 -> 0 | U56: =+'Prog 01'!U55 -> 0 | V56: =IFERROR(U56/T56,0%) -> 0
D57: 002. | G57: Aportes del Empleador | H57: =SUM(H58:H59) -> 693700 | I57: =SUM(I58:I59) -> 693700 | J57: =SUM(J58:J59) -> 532668.94 | K57: =IFERROR(J57/I57,"0%") -> 0.76786643 | L57: =SUM(L58:L59) -> 532668.94 | M57: =+IFERROR(L57/I57,0%) -> 0.76786643 | N57: =SUM(N58:N59) -> 161031.06 | O57: =+IFERROR(N57/I57,0%) -> 0.23213357 | P57: =SUM(P58:P59) -> 491737.35 | Q57: =IFERROR(+P57/J57,0) -> 0.92315755 | R57: =SUM(R58:R59) -> 40931.587 | S57: =+IFERROR(R57/J57,"0%") -> 0.076842451 | T57: =SUM(T58:T59) -> 630300.93 | U57: =SUM(U58:U59) -> 529468.88 | V57: =IFERROR(U57/T57,0%) -> 0.84002554
E58: 1 | F58: =+CONCATENATE($B$10,"",$C$42,"",$D$57,"00",E58) -> 21.02.002.001 | G58: A Servicios de Bienestar | H58: =+VLOOKUP(F58,matriz01,3,FALSE) -> 57700 | I58: =+VLOOKUP(F58,matriz01,4,FALSE) -> 57700 | J58: =+VLOOKUP(F58,matriz01,5,FALSE) -> 35263.368 | K58: =IFERROR(J58/I58,"0%") -> 0.61115023 | L58: =INDEX(tablap01,MATCH(F58,imputacion,0),7) -> 35263.368 | M58: =+IFERROR(L58/I58,0%) -> 0.61115023 | N58: =INDEX(tablap01,MATCH(F58,imputacion,0),9) -> 22436.632 | O58: =+IFERROR(N58/I58,0%) -> 0.38884977 | P58: =INDEX(tablap01,MATCH(F58,imputacion,0),11) -> 30966.768 | Q58: =IFERROR(+P58/J58,0) -> 0.87815685 | R58: =INDEX(tablap01,MATCH(F58,imputacion,0),13) -> 4296.6 | S58: =+IFERROR(R58/J58,"0%") -> 0.12184315 | T58: =+'Prog 01'!T57 -> 46630.706 | U58: =+'Prog 01'!U57 -> 40911.249 | V58: =IFERROR(U58/T58,0%) -> 0.87734569
E59: 2 | F59: =+CONCATENATE($B$10,"",$C$42,"",$D$57,"00",E59) -> 21.02.002.002 | G59: Otras Cotizaciones Previsionales | H59: =+VLOOKUP(F59,matriz01,3,FALSE) -> 636000 | I59: =+VLOOKUP(F59,matriz01,4,FALSE) -> 636000 | J59: =+VLOOKUP(F59,matriz01,5,FALSE) -> 497405.57 | K59: =IFERROR(J59/I59,"0%") -> 0.78208424 | L59: =INDEX(tablap01,MATCH(F59,imputacion,0),7) -> 497405.57 | M59: =+IFERROR(L59/I59,0%) -> 0.78208424 | N59: =INDEX(tablap01,MATCH(F59,imputacion,0),9) -> 138594.43 | O59: =+IFERROR(N59/I59,0%) -> 0.21791576 | P59: =INDEX(tablap01,MATCH(F59,imputacion,0),11) -> 460770.59 | Q59: =IFERROR(+P59/J59,0) -> 0.92634786 | R59: =INDEX(tablap01,MATCH(F59,imputacion,0),13) -> 36634.987 | S59: =+IFERROR(R59/J59,"0%") -> 0.073652144 | T59: =+'Prog 01'!T58 -> 583670.23 | U59: =+'Prog 01'!U58 -> 488557.63 | V59: =IFERROR(U59/T59,0%) -> 0.83704395
D60: 003. | G60: Asignaciones por Desempeño | H60: =SUM(H61:H62) -> 1646900 | I60: =SUM(I61:I63) -> 1646900 | J60: =SUM(J61:J63) -> 1197734.5 | K60: =IFERROR(J60/I60,"0%") -> 0.72726607 | L60: =SUM(L61:L63) -> 1197734.5 | M60: =+IFERROR(L60/I60,0%) -> 0.72726607 | N60: =SUM(N61:N63) -> 449165.51 | O60: =+IFERROR(N60/I60,0%) -> 0.27273393 | P60: =SUM(P61:P63) -> 1094268.4 | Q60: =IFERROR(+P60/J60,0) -> 0.91361516 | R60: =SUM(R61:R63) -> 103466.1 | S60: =+IFERROR(R60/J60,"0%") -> 0.086384836 | T60: =SUM(T61:T64) -> 1592362.2 | U60: =SUM(U61:U64) -> 1275279.9 | V60: =IFERROR(U60/T60,0%) -> 0.800873
E61: 1 | F61: =+CONCATENATE($B$10,"",$C$42,"",$D$60,"00",E61) -> 21.02.003.001 | G61: Desempeño Institucional | H61: =+VLOOKUP(F61,matriz01,3,FALSE) -> 842500 | I61: =+VLOOKUP(F61,matriz01,4,FALSE) -> 842500 | J61: =+VLOOKUP(F61,matriz01,5,FALSE) -> 618836.7 | K61: =IFERROR(J61/I61,"0%") -> 0.73452427 | L61: =INDEX(tablap01,MATCH(F61,imputacion,0),7) -> 618836.7 | M61: =+IFERROR(L61/I61,0%) -> 0.73452427 | N61: =INDEX(tablap01,MATCH(F61,imputacion,0),9) -> 223663.3 | O61: =+IFERROR(N61/I61,0%) -> 0.26547573 | P61: =INDEX(tablap01,MATCH(F61,imputacion,0),11) -> 567039.71 | Q61: =IFERROR(+P61/J61,0) -> 0.91629943 | R61: =INDEX(tablap01,MATCH(F61,imputacion,0),13) -> 51796.985 | S61: =+IFERROR(R61/J61,"0%") -> 0.083700571 | T61: =+'Prog 01'!T60 -> 819983.24 | U61: =+'Prog 01'!U60 -> 649974.81 | V61: =IFERROR(U61/T61,0%) -> 0.79266841
E62: 2 | F62: =+CONCATENATE($B$10,"",$C$42,"",$D$60,"00",E62) -> 21.02.003.002 | G62: Desempeño Colectivo | H62: =+VLOOKUP(F62,matriz01,3,FALSE) -> 804400 | I62: =+VLOOKUP(F62,matriz01,4,FALSE) -> 804400 | J62: =+VLOOKUP(F62,matriz01,5,FALSE) -> 578897.79 | K62: =IFERROR(J62/I62,"0%") -> 0.71966409 | L62: =INDEX(tablap01,MATCH(F62,imputacion,0),7) -> 578897.79 | M62: =+IFERROR(L62/I62,0%) -> 0.71966409 | N62: =INDEX(tablap01,MATCH(F62,imputacion,0),9) -> 225502.21 | O62: =+IFERROR(N62/I62,0%) -> 0.28033591 | P62: =INDEX(tablap01,MATCH(F62,imputacion,0),11) -> 527228.68 | Q62: =IFERROR(+P62/J62,0) -> 0.91074571 | R62: =INDEX(tablap01,MATCH(F62,imputacion,0),13) -> 51669.112 | S62: =+IFERROR(R62/J62,"0%") -> 0.089254291 | T62: =+'Prog 01'!T61 -> 772379 | U62: =+'Prog 01'!U61 -> 625305.11 | V62: =IFERROR(U62/T62,0%) -> 0.80958326
E63: 3 | F63: =+CONCATENATE($B$10,"",$C$42,"",$D$60,"00",E63) -> 21.02.003.003 | G63: Desempeño Individual | H63: 0 | I63: =+VLOOKUP(F63,matriz01,4,FALSE) -> 0 | J63: =+VLOOKUP(F63,matriz01,5,FALSE) -> 0 | K63: =IFERROR(J63/I63,"0%") -> 0% | L63: =INDEX(tablap01,MATCH(F63,imputacion,0),7) -> 0 | M63: =+IFERROR(L63/I63,0%) -> 0 | N63: =INDEX(tablap01,MATCH(F63,imputacion,0),9) -> 0 | O63: =+IFERROR(N63/I63,0%) -> 0 | P63: =INDEX(tablap01,MATCH(F63,imputacion,0),11) -> 0 | Q63: =IFERROR(+P63/J63,0) -> 0 | R63: =INDEX(tablap01,MATCH(F63,imputacion,0),13) -> 0 | S63: =+IFERROR(R63/J63,"0%") -> 0% | T63: =+'Prog 01'!T62 -> 0 | U63: =+'Prog 01'!U62 -> 0 | V63: =IFERROR(U63/T63,0%) -> 0
E64: 999 | F64: =+CONCATENATE($B$10,"",$C$42,"",$D$60,E64) -> 21.02.003.999 | G64: Otras | H64: 0 | I64: 0 | J64: 0 | K64: =IFERROR(J64/I64,"0%") -> 0% | L64: 0 | M64: =+IFERROR(L64/I64,0%) -> 0 | N64: 0 | O64: =+IFERROR(N64/I64,0%) -> 0 | P64: 0 | Q64: =IFERROR(+P64/J64,0) -> 0 | R64: 0 | S64: =+IFERROR(R64/J64,"0%") -> 0% | T64: 0 | U64: 0 | V64: =IFERROR(U64/T64,0%) -> 0
D65: 004. | G65: Remuneraciones Variables | H65: =SUM(H66:H69) -> 332207 | I65: =SUM(I66:I69) -> 267546.21 | J65: =SUM(J66:J69) -> 172701.69 | K65: =IFERROR(J65/I65,"0%") -> 0.64550229 | L65: =SUM(L66:L69) -> 172701.69 | M65: =+IFERROR(L65/I65,0%) -> 0.64550229 | N65: =SUM(N66:N69) -> 94844.519 | O65: =+IFERROR(N65/I65,0%) -> 0.35449771 | P65: =SUM(P66:P69) -> 168907.52 | Q65: =IFERROR(+P65/J65,0) -> 0.97803046 | R65: =SUM(R66:R69) -> 3794.177 | S65: =+IFERROR(R65/J65,"0%") -> 0.021969542 | T65: =SUM(T66:T69) -> 486704.38 | U65: =SUM(U66:U68) -> 297544.99 | V65: =IFERROR(U65/T65,0%) -> 0.61134644
E66: 4 | F66: =+CONCATENATE($B$10,"",$C$42,"",$D$65,"00",E66) -> 21.02.004.004 | G66: Asignación por Desempeño de Funciones Críticas | H66: =+VLOOKUP(F66,matriz01,3,FALSE) -> 212962 | I66: =+VLOOKUP(F66,matriz01,4,FALSE) -> 152962 | J66: =+VLOOKUP(F66,matriz01,5,FALSE) -> 91770.936 | K66: =IFERROR(J66/I66,"0%") -> 0.59995905 | L66: =INDEX(tablap01,MATCH(F66,imputacion,0),7) -> 91770.936 | M66: =+IFERROR(L66/I66,0%) -> 0.59995905 | N66: =INDEX(tablap01,MATCH(F66,imputacion,0),9) -> 61191.064 | O66: =+IFERROR(N66/I66,0%) -> 0.40004095 | P66: =INDEX(tablap01,MATCH(F66,imputacion,0),11) -> 88821.454 | Q66: =IFERROR(+P66/J66,0) -> 0.96786039 | R66: =INDEX(tablap01,MATCH(F66,imputacion,0),13) -> 2949.482 | S66: =+IFERROR(R66/J66,"0%") -> 0.032139609 | T66: =+'Prog 01'!T64 -> 349384.03 | U66: =+'Prog 01'!U64 -> 186924.83 | V66: =IFERROR(U66/T66,0%) -> 0.53501252
E67: 5 | F67: =+CONCATENATE($B$10,"",$C$42,"",$D$65,"00",E67) -> 21.02.004.005 | G67: Trabajos Extraordinarios | H67: =+VLOOKUP(F67,matriz01,3,FALSE) -> 50816 | I67: =+VLOOKUP(F67,matriz01,4,FALSE) -> 50816 | J67: =+VLOOKUP(F67,matriz01,5,FALSE) -> 36325.442 | K67: =IFERROR(J67/I67,"0%") -> 0.71484261 | L67: =INDEX(tablap01,MATCH(F67,imputacion,0),7) -> 36325.442 | M67: =+IFERROR(L67/I67,0%) -> 0.71484261 | N67: =INDEX(tablap01,MATCH(F67,imputacion,0),9) -> 14490.558 | O67: =+IFERROR(N67/I67,0%) -> 0.28515739 | P67: =INDEX(tablap01,MATCH(F67,imputacion,0),11) -> 35480.747 | Q67: =IFERROR(+P67/J67,0) -> 0.97674646 | R67: =INDEX(tablap01,MATCH(F67,imputacion,0),13) -> 844.695 | S67: =+IFERROR(R67/J67,"0%") -> 0.023253537 | T67: =+'Prog 01'!T65 -> 58383.262 | U67: =+'Prog 01'!U65 -> 33757.715 | V67: =IFERROR(U67/T67,0%) -> 0.57820879
E68: 6 | F68: =+CONCATENATE($B$10,"",$C$42,"",$D$65,"00",E68) -> 21.02.004.006 | G68: Comisiones de Servicios en el País | H68: =+VLOOKUP(F68,matriz01,3,FALSE) -> 67179 | I68: =+VLOOKUP(F68,matriz01,4,FALSE) -> 62518.211 | J68: =+VLOOKUP(F68,matriz01,5,FALSE) -> 44605.314 | K68: =IFERROR(J68/I68,"0%") -> 0.71347713 | L68: =INDEX(tablap01,MATCH(F68,imputacion,0),7) -> 44605.314 | M68: =+IFERROR(L68/I68,0%) -> 0.71347713 | N68: =INDEX(tablap01,MATCH(F68,imputacion,0),9) -> 17912.897 | O68: =+IFERROR(N68/I68,0%) -> 0.28652287 | P68: =INDEX(tablap01,MATCH(F68,imputacion,0),11) -> 44605.314 | Q68: =IFERROR(+P68/J68,0) -> 1 | R68: =INDEX(tablap01,MATCH(F68,imputacion,0),13) -> 0 | S68: =+IFERROR(R68/J68,"0%") -> 0 | T68: =+'Prog 01'!T66 -> 77390.59 | U68: =+'Prog 01'!U66 -> 76862.447 | V68: =IFERROR(U68/T68,0%) -> 0.99317562
E69: 7 | F69: =+CONCATENATE($B$10,"",$C$42,"",$D$65,"00",E69) -> 21.02.004.007 | G69: Comisiones de Servicios en el Exterior | H69: =+'Prog 01'!H67 -> 1250 | I69: =+VLOOKUP(F69,matriz01,4,FALSE) -> 1250 | J69: =+VLOOKUP(F69,matriz01,5,FALSE) -> 0 | K69: =IFERROR(J69/I69,"0%") -> 0 | L69: =INDEX(tablap01,MATCH(F69,imputacion,0),7) -> 0 | M69: =+IFERROR(L69/I69,0%) -> 0 | N69: =INDEX(tablap01,MATCH(F69,imputacion,0),9) -> 1250 | O69: =+IFERROR(N69/I69,0%) -> 1 | P69: =INDEX(tablap01,MATCH(F69,imputacion,0),11) -> 0 | Q69: =IFERROR(+P69/J69,0) -> 0 | R69: =INDEX(tablap01,MATCH(F69,imputacion,0),13) -> 0 | S69: =+IFERROR(R69/J69,"0%") -> 0% | T69: =+'Prog 01'!T67 -> 1546.5 | U69: 0 | V69: =IFERROR(U69/T69,0%) -> 0
D70: 005. | G70: Remuneraciones Variables | H70: =SUM(H71:H73) -> 18300 | I70: =SUM(I71:I73) -> 74084.92 | J70: =SUM(J71:J73) -> 72503.17 | K70: =IFERROR(J70/I70,"0%") -> 0.9786495 | L70: =SUM(L71:L73) -> 72503.17 | M70: =+IFERROR(L70/I70,0%) -> 0.9786495 | N70: =SUM(N71:N73) -> 1581.75 | O70: =+IFERROR(N70/I70,0%) -> 0.021350499 | P70: =SUM(P71:P73) -> 59761.789 | Q70: =IFERROR(+P70/J70,0) -> 0.8242645 | R70: =SUM(R71:R73) -> 12741.381 | S70: =+IFERROR(R70/J70,"0%") -> 0.1757355 | T70: =SUM(T71:T73) -> 123057.47 | U70: =SUM(U71:U73) -> 68095.175 | V70: =IFERROR(U70/T70,0%) -> 0.55336076
E71: 1 | F71: =+CONCATENATE($B$10,"",$C$42,"",$D$70,"00",E71) -> 21.02.005.001 | G71: Aguinaldos | H71: =+VLOOKUP(F71,matriz01,3,FALSE) -> 0 | I71: =+VLOOKUP(F71,matriz01,4,FALSE) -> 23014.152 | J71: =+VLOOKUP(F71,matriz01,5,FALSE) -> 23014.152 | K71: =IFERROR(J71/I71,"0%") -> 1 | L71: =INDEX(tablap01,MATCH(F71,imputacion,0),7) -> 23014.152 | M71: =+IFERROR(L71/I71,0%) -> 1 | N71: =INDEX(tablap01,MATCH(F71,imputacion,0),9) -> 0 | O71: =+IFERROR(N71/I71,0%) -> 0 | P71: =INDEX(tablap01,MATCH(F71,imputacion,0),11) -> 10272.771 | Q71: =IFERROR(+P71/J71,0) -> 0.44636757 | R71: =INDEX(tablap01,MATCH(F71,imputacion,0),13) -> 12741.381 | S71: =+IFERROR(R71/J71,"0%") -> 0.55363243 | T71: =+'Prog 01'!T69 -> 40009.48 | U71: =+'Prog 01'!U69 -> 24466.235 | V71: =IFERROR(U71/T71,0%) -> 0.61151095
E72: 2 | F72: =+CONCATENATE($B$10,"",$C$42,"",$D$70,"00",E72) -> 21.02.005.002 | G72: Bono de Escolaridad | H72: =+VLOOKUP(F72,matriz01,3,FALSE) -> 18300 | I72: =+VLOOKUP(F72,matriz01,4,FALSE) -> 18300 | J72: =+VLOOKUP(F72,matriz01,5,FALSE) -> 16718.25 | K72: =IFERROR(J72/I72,"0%") -> 0.91356557 | L72: =INDEX(tablap01,MATCH(F72,imputacion,0),7) -> 16718.25 | M72: =+IFERROR(L72/I72,0%) -> 0.91356557 | N72: =INDEX(tablap01,MATCH(F72,imputacion,0),9) -> 1581.75 | O72: =+IFERROR(N72/I72,0%) -> 0.086434426 | P72: =INDEX(tablap01,MATCH(F72,imputacion,0),11) -> 16718.25 | Q72: =IFERROR(+P72/J72,0) -> 1 | R72: =INDEX(tablap01,MATCH(F72,imputacion,0),13) -> 0 | S72: =+IFERROR(R72/J72,"0%") -> 0 | T72: =+'Prog 01'!T70 -> 19017.711 | U72: =+'Prog 01'!U70 -> 18803.448 | V72: =IFERROR(U72/T72,0%) -> 0.98873353
E73: 3 | F73: =+CONCATENATE($B$10,"",$C$42,"",$D$70,"00",E73) -> 21.02.005.003 | G73: Bonos Especiales | H73: =+VLOOKUP(F73,matriz01,3,FALSE) -> 0 | I73: =+VLOOKUP(F73,matriz01,4,FALSE) -> 32770.768 | J73: =+VLOOKUP(F73,matriz01,5,FALSE) -> 32770.768 | K73: =IFERROR(J73/I73,"0%") -> 1 | L73: =INDEX(tablap01,MATCH(F73,imputacion,0),7) -> 32770.768 | M73: =+IFERROR(L73/I73,0%) -> 1 | N73: =INDEX(tablap01,MATCH(F73,imputacion,0),9) -> 0 | O73: =+IFERROR(N73/I73,0%) -> 0 | P73: =INDEX(tablap01,MATCH(F73,imputacion,0),11) -> 32770.768 | Q73: =IFERROR(+P73/J73,0) -> 1 | R73: =INDEX(tablap01,MATCH(F73,imputacion,0),13) -> 0 | S73: =+IFERROR(R73/J73,"0%") -> 0 | T73: =+'Prog 01'!T71 -> 64030.28 | U73: =+'Prog 01'!U71 -> 24825.491 | V73: =IFERROR(U73/T73,0%) -> 0.38771487
C74: 03. | G74: Otras Remuneraciones | H74: =+H75+H78+H79 -> 1007917 | I74: =+I75+I78+I79+I81+I80 -> 1098357.7 | J74: =+J75+J78+J79+J81+J80 -> 629860.24 | K74: =IFERROR(J74/I74,"0%") -> 0.57345637 | L74: =+L75+L78+L79+L81+L80 -> 629860.24 | M74: =+IFERROR(L74/I74,0%) -> 0.57345637 | N74: =+N75+N78+N79+N81+N80 -> 468497.5 | O74: =+IFERROR(N74/I74,0%) -> 0.42654363 | P74: =+P75+P78+P79+P81+P80 -> 617237.13 | Q74: =IFERROR(+P74/J74,0) -> 0.97995887 | R74: =+R75+R78+R79+R81+R80 -> 12623.109 | S74: =+IFERROR(R74/J74,"0%") -> 0.020041127 | T74: =+T75+T78+T79+T80+T81 -> 1219118.7 | U74: =+U75+U78+U79+U80+U81 -> 743334.19 | V74: =IFERROR(U74/T74,0%) -> 0.60973079
D75: 001. | G75: Honorarios a Suma Alzada - Personas Naturales | H75: =SUM(H76:H77) -> 990617 | I75: =SUM(I76:I77) -> 1015117 | J75: =SUM(J76:J77) -> 560239.71 | K75: =IFERROR(J75/I75,"0%") -> 0.55189669 | L75: =SUM(L76:L77) -> 560239.71 | M75: =+IFERROR(L75/I75,0%) -> 0.55189669 | N75: =SUM(N76:N77) -> 454877.29 | O75: =+IFERROR(N75/I75,0%) -> 0.44810331 | P75: =SUM(P76:P77) -> 551159.32 | Q75: =IFERROR(+P75/J75,0) -> 0.98379196 | R75: =SUM(R76:R77) -> 9080.387 | S75: =+IFERROR(R75/J75,"0%") -> 0.016208039 | T75: =SUM(T76:T77) -> 1118682.4 | U75: =SUM(U76:U77) -> 729460.19 | V75: =IFERROR(U75/T75,0%) -> 0.65207084
E76: 1 | F76: =+CONCATENATE($B$10,"",$C$74,"",$D$75,"00",E76) -> 21.03.001.001 | G76: Honorarios a Suma Alzada-Honorarios | H76: =+VLOOKUP(F76,matriz01,3,FALSE) -> 982417 | I76: =+VLOOKUP(F76,matriz01,4,FALSE) -> 1013223.7 | J76: =+VLOOKUP(F76,matriz01,5,FALSE) -> 559768.1 | K76: =IFERROR(J76/I76,"0%") -> 0.55246251 | L76: =INDEX(tablap01,MATCH(F76,imputacion,0),7) -> 559768.1 | M76: =+IFERROR(L76/I76,0%) -> 0.55246251 | N76: =INDEX(tablap01,MATCH(F76,imputacion,0),9) -> 453455.58 | O76: =+IFERROR(N76/I76,0%) -> 0.44753749 | P76: =INDEX(tablap01,MATCH(F76,imputacion,0),11) -> 550687.71 | Q76: =IFERROR(+P76/J76,0) -> 0.98377831 | R76: =INDEX(tablap01,MATCH(F76,imputacion,0),13) -> 9080.387 | S76: =+IFERROR(R76/J76,"0%") -> 0.016221694 | T76: =+'Prog 01'!T74 -> 1098770.7 | U76: =+'Prog 01'!U74 -> 723002.26 | V76: =IFERROR(U76/T76,0%) -> 0.65801012
E77: 2 | F77: =+CONCATENATE($B$10,"",$C$74,"",$D$75,"00",E77) -> 21.03.001.002 | G77: Honorarios a Suma Alzada-Viaticos | H77: =+VLOOKUP(F77,matriz01,3,FALSE) -> 8200 | I77: =+VLOOKUP(F77,matriz01,4,FALSE) -> 1893.316 | J77: =+VLOOKUP(F77,matriz01,5,FALSE) -> 471.61 | K77: =IFERROR(J77/I77,"0%") -> 0.24909207 | L77: =INDEX(tablap01,MATCH(F77,imputacion,0),7) -> 471.61 | M77: =+IFERROR(L77/I77,0%) -> 0.24909207 | N77: =INDEX(tablap01,MATCH(F77,imputacion,0),9) -> 1421.706 | O77: =+IFERROR(N77/I77,0%) -> 0.75090793 | P77: =INDEX(tablap01,MATCH(F77,imputacion,0),11) -> 471.61 | Q77: =IFERROR(+P77/J77,0) -> 1 | R77: =INDEX(tablap01,MATCH(F77,imputacion,0),13) -> 0 | S77: =+IFERROR(R77/J77,"0%") -> 0 | T77: =+'Prog 01'!T75 -> 19911.703 | U77: =+'Prog 01'!U75 -> 6457.9366 | V77: =IFERROR(U77/T77,0%) -> 0.32432869
D78: 005. | F78: =+CONCATENATE($B$10,"",$C$74,D78) -> 21.03.005. | G78: Suplencias y Reemplazos | H78: =+'Prog 01'!H76 -> 17300 | I78: =+VLOOKUP(F78,matriz01,4,FALSE) -> 23240.733 | J78: =+'Prog 01'!J76 -> 23240.733 | K78: =IFERROR(J78/I78,"0%") -> 1 | L78: =INDEX(tablap01,MATCH(F78,imputacion,0),7) -> 23240.733 | M78: =+IFERROR(L78/I78,0%) -> 1 | N78: =INDEX(tablap01,MATCH(F78,imputacion,0),9) -> 0 | O78: =+IFERROR(N78/I78,0%) -> 0 | P78: =INDEX(tablap01,MATCH(F78,imputacion,0),11) -> 23230.842 | Q78: =IFERROR(+P78/J78,0) -> 0.99957441 | R78: =INDEX(tablap01,MATCH(F78,imputacion,0),13) -> 9.891 | S78: =+IFERROR(R78/J78,"0%") -> 0.00042558899 | T78: =+'Prog 01'!T76 -> 96835.193 | U78: =+'Prog 01'!U76 -> 10272.953 | V78: =IFERROR(U78/T78,0%) -> 0.10608698
D79: 007. | F79: 21.03.007. | G79: Alumnos en Práctica | H79: =+'Prog 01'!H77 -> 0 | I79: =+VLOOKUP(F79,matriz01,4,FALSE) -> 0 | J79: =+'Prog 01'!J77 -> 0 | K79: =IFERROR(J79/I79,"0%") -> 0% | L79: =INDEX(tablap01,MATCH(F79,imputacion,0),7) -> 0 | M79: =+IFERROR(L79/I79,0%) -> 0 | N79: =INDEX(tablap01,MATCH(F79,imputacion,0),9) -> 0 | O79: =+IFERROR(N79/I79,0%) -> 0 | P79: =INDEX(tablap01,MATCH(F79,imputacion,0),11) -> 0 | Q79: =IFERROR(+P79/J79,0) -> 0 | R79: =INDEX(tablap01,MATCH(F79,imputacion,0),13) -> 0 | S79: =+IFERROR(R79/J79,"0%") -> 0% | T79: =+'Prog 01'!T77 -> 0 | U79: =+'Prog 01'!U77 -> 0 | V79: =IFERROR(U79/T79,0%) -> 0
D80: 009. | F80: 21.03.009. | G80: Remuneraciones conforme al Art. 38 Bis de la CPR | H80: =+'Prog 01'!H78 -> 0 | I80: =+VLOOKUP(F80,matriz01,4,FALSE) -> 60000 | J80: =+'Prog 01'!J78 -> 46379.792 | K80: =IFERROR(J80/I80,"0%") -> 0.77299653 | L80: =INDEX(tablap01,MATCH(F80,imputacion,0),7) -> 46379.792 | M80: =+IFERROR(L80/I80,0%) -> 0.77299653 | N80: =INDEX(tablap01,MATCH(F80,imputacion,0),9) -> 13620.208 | O80: =+IFERROR(N80/I80,0%) -> 0.22700347 | P80: =INDEX(tablap01,MATCH(F80,imputacion,0),11) -> 42846.961 | Q80: =IFERROR(+P80/J80,0) -> 0.92382823 | R80: =INDEX(tablap01,MATCH(F80,imputacion,0),13) -> 3532.831 | S80: =+IFERROR(R80/J80,"0%") -> 0.076171773 | T80: =+'Prog 01'!T78 -> 0 | U80: =+'Prog 01'!U78 -> 0 | V80: =IFERROR(U80/T80,0%) -> 0
D81: 999. | F81: 21.03.999. | G81: Otras | H81: 0 | I81: =+'Prog 01'!I79 -> 0 | J81: =+'Prog 01'!J79 -> 0 | K81: =IFERROR(J81/I81,"0%") -> 0% | L81: =+'Prog 01'!L79 -> 0 | M81: =+IFERROR(L81/I81,0%) -> 0 | N81: =INDEX(tablap01,MATCH(F81,imputacion,0),9) -> 0 | O81: =+IFERROR(N81/I81,0%) -> 0 | P81: =INDEX(tablap01,MATCH(F81,imputacion,0),11) -> 0 | Q81: =IFERROR(+P81/J81,0) -> 0 | R81: =INDEX(tablap01,MATCH(F81,imputacion,0),13) -> 0 | S81: =+IFERROR(R81/J81,"0%") -> 0% | T81: =+'Prog 01'!T79 -> 3601.0479 | U81: =+'Prog 01'!U79 -> 3601.0479 | V81: =IFERROR(U81/T81,0%) -> 1
B82: 22 | G82: BIENES Y SERVICIOS DE CONSUMO | H82: =+H85+H89+H91+H105+H114+H122+H126+H134+H139+H142+H147+H83 -> 2207123 | I82: =+I85+I89+I91+I105+I114+I122+I126+I134+I139+I142+I147+I83 -> 2714112 | J82: =+J85+J89+J91+J105+J114+J122+J126+J134+J139+J142+J147+J83 -> 1746031.5 | K82: =IFERROR(J82/I82,"0%") -> 0.64331592 | L82: =+L85+L89+L91+L105+L114+L122+L126+L134+L139+L142+L147+L83 -> 2411994.2 | M82: =+IFERROR(L82/I82,0%) -> 0.88868633 | N82: =+N85+N89+N91+N105+N114+N122+N126+N134+N139+N142+N147+N83 -> 302117.76 | O82: =+IFERROR(N82/I82,0%) -> 0.11131367 | P82: =+P85+P89+P91+P105+P114+P122+P126+P134+P139+P142+P147+P83 -> 1509109.6 | Q82: =IFERROR(+P82/J82,0) -> 0.86430835 | R82: =+R85+R89+R91+R105+R114+R122+R126+R134+R139+R142+R147+R83 -> 236921.88 | S82: =+IFERROR(R82/J82,"0%") -> 0.13569165 | T82: =+T85+T89+T91+T105+T114+T122+T126+T134+T139+T142+T147+T83 -> 4688327.1 | U82: =+U85+U89+U91+U105+U114+U122+U126+U134+U139+U142+U147+U83 -> 2815053.7 | V82: =IFERROR(U82/T82,0%) -> 0.60043884
C83: .01 | F83: =+CONCATENATE($B$82,"",$C$83,"",D83) -> 22.01 | G83: Alimentos y Bebidas | H83: =+'Prog 01'!H81 -> 0 | I83: =+'Prog 01'!I81 -> 0 | J83: =+'Prog 01'!J81 -> 0 | K83: =IFERROR(J83/I83,"0%") -> 0% | L83: =+'Prog 01'!L81 -> 0 | M83: =+IFERROR(L83/I83,0%) -> 0 | N83: =+'Prog 01'!N81 -> 0 | O83: =+IFERROR(N83/I83,0%) -> 0 | P83: =+'Prog 01'!P81 -> 0 | Q83: =IFERROR(+P83/J83,0) -> 0 | R83: =+'Prog 01'!R81 -> 0 | S83: =+IFERROR(R83/J83,"0%") -> 0% | T83: =+'Prog 01'!T81 -> 154.65 | U83: =+'Prog 01'!U81 -> 154.65 | V83: =IFERROR(U83/T83,0%) -> 1
D84: .001 | F84: =+CONCATENATE($B$82,"",$C$83,"",D84) -> 22.01.001 | G84: Para Personas | H84: =+'Prog 01'!H82 -> 0 | I84: =+'Prog 01'!I82 -> 0 | J84: =+'Prog 01'!J82 -> 0 | K84: =IFERROR(J84/I84,"0%") -> 0% | L84: =+'Prog 01'!L82 -> 0 | M84: =+IFERROR(L84/I84,0%) -> 0 | N84: =+'Prog 01'!N82 -> 0 | O84: =+IFERROR(N84/I84,0%) -> 0 | P84: =+'Prog 01'!P82 -> 0 | Q84: =IFERROR(+P84/J84,0) -> 0 | R84: =+'Prog 01'!R82 -> 0 | S84: =+IFERROR(R84/J84,"0%") -> 0% | T84: =+'Prog 01'!T82 -> 154.65 | U84: =+'Prog 01'!U82 -> 154.65 | V84: =IFERROR(U84/T84,0%) -> 1
C85: .02 | F85: =+CONCATENATE($B$82,"",$C$85,"",D85) -> 22.02 | G85: Textiles, Vestuario y Calzado | H85: =+H87+H88 -> 31536.09 | I85: =+I87+I88+I86 -> 10048.806 | J85: =+J87+J88+J86 -> 10048.806 | K85: =IFERROR(J85/I85,"0%") -> 1 | L85: =+L87+L88+L86 -> 10048.806 | M85: =+IFERROR(L85/I85,0%) -> 1 | N85: =+N87+N88+N86 -> 0 | O85: =+IFERROR(N85/I85,0%) -> 0 | P85: =+P87+P88+P86 -> 10048.806 | Q85: =IFERROR(+P85/J85,0) -> 1 | R85: =+R87+R88+R86 -> 0 | S85: =+IFERROR(R85/J85,"0%") -> 0 | T85: =+T87+T88+T86 -> 23713 | U85: =+U87+U88+U86 -> 18817.549 | V85: =IFERROR(U85/T85,0%) -> 0.79355413
D86: .001 | F86: =+CONCATENATE($B$82,"",$C$85,"",D86) -> 22.02.001 | G86: Textiles y Acabados Textiles | H86: =+VLOOKUP(F86,matriz01,3,FALSE) -> 0 | I86: =+VLOOKUP(F86,matriz01,4,FALSE) -> 0 | J86: =+VLOOKUP(F86,matriz01,5,FALSE) -> 0 | K86: =IFERROR(J86/I86,"0%") -> 0% | L86: =INDEX(tablap01,MATCH(F86,imputacion,0),7) -> 0 | M86: =+IFERROR(L86/I86,0%) -> 0 | N86: =INDEX(tablap01,MATCH(F86,imputacion,0),9) -> 0 | O86: =+IFERROR(N86/I86,0%) -> 0 | P86: =INDEX(tablap01,MATCH(F86,imputacion,0),11) -> 0 | Q86: =IFERROR(+P86/J86,0) -> 0 | R86: =INDEX(tablap01,MATCH(F86,imputacion,0),13) -> 0 | S86: =+IFERROR(R86/J86,"0%") -> 0% | T86: =+'Prog 01'!T84 -> 0 | U86: =+'Prog 01'!U84 -> 0 | V86: =IFERROR(U86/T86,0%) -> 0
D87: .002 | F87: =+CONCATENATE($B$82,"",$C$85,"",D87) -> 22.02.002 | G87: Vestuario, Accesorios y Prendas Diversas | H87: =+VLOOKUP(F87,matriz01,3,FALSE) -> 27850 | I87: =+VLOOKUP(F87,matriz01,4,FALSE) -> 8490.892 | J87: =+VLOOKUP(F87,matriz01,5,FALSE) -> 8490.892 | K87: =IFERROR(J87/I87,"0%") -> 1 | L87: =INDEX(tablap01,MATCH(F87,imputacion,0),7) -> 8490.892 | M87: =+IFERROR(L87/I87,0%) -> 1 | N87: =INDEX(tablap01,MATCH(F87,imputacion,0),9) -> 0 | O87: =+IFERROR(N87/I87,0%) -> 0 | P87: =INDEX(tablap01,MATCH(F87,imputacion,0),11) -> 8490.892 | Q87: =IFERROR(+P87/J87,0) -> 1 | R87: =INDEX(tablap01,MATCH(F87,imputacion,0),13) -> 0 | S87: =+IFERROR(R87/J87,"0%") -> 0 | T87: =+'Prog 01'!T85 -> 18558 | U87: =+'Prog 01'!U85 -> 15769.524 | V87: =IFERROR(U87/T87,0%) -> 0.84974267
D88: .003 | F88: =+CONCATENATE($B$82,"",$C$85,"",D88) -> 22.02.003 | G88: Calzado | H88: =+VLOOKUP(F88,matriz01,3,FALSE) -> 3686.09 | I88: =+VLOOKUP(F88,matriz01,4,FALSE) -> 1557.914 | J88: =+VLOOKUP(F88,matriz01,5,FALSE) -> 1557.914 | K88: =IFERROR(J88/I88,"0%") -> 1 | L88: =INDEX(tablap01,MATCH(F88,imputacion,0),7) -> 1557.914 | M88: =+IFERROR(L88/I88,0%) -> 1 | N88: =INDEX(tablap01,MATCH(F88,imputacion,0),9) -> 0 | O88: =+IFERROR(N88/I88,0%) -> 0 | P88: =INDEX(tablap01,MATCH(F88,imputacion,0),11) -> 1557.914 | Q88: =IFERROR(+P88/J88,0) -> 1 | R88: =INDEX(tablap01,MATCH(F88,imputacion,0),13) -> 0 | S88: =+IFERROR(R88/J88,"0%") -> 0 | T88: =+'Prog 01'!T86 -> 5155 | U88: =+'Prog 01'!U86 -> 3048.0247 | V88: =IFERROR(U88/T88,0%) -> 0.5912754
C89: .03 | G89: Combustibles y Lubricantes | H89: =+H90 -> 50000 | I89: =+I90 -> 50000 | J89: =+J90 -> 50000 | K89: =IFERROR(J89/I89,"0%") -> 1 | L89: =+L90 -> 50000 | M89: =+IFERROR(L89/I89,0%) -> 1 | N89: =+N90 -> 0 | O89: =+IFERROR(N89/I89,0%) -> 0 | P89: =+P90 -> 0 | Q89: =IFERROR(+P89/J89,0) -> 0 | R89: =+R90 -> 50000 | S89: =+IFERROR(R89/J89,"0%") -> 1 | T89: =+T90 -> 30930 | U89: =+U90 -> 30930 | V89: =IFERROR(U89/T89,0%) -> 1
D90: .001 | F90: =+CONCATENATE($B$82,"",$C$89,"",D90) -> 22.03.001 | G90: Para Vehículos | H90: =+VLOOKUP(F90,matriz01,3,FALSE) -> 50000 | I90: =+VLOOKUP(F90,matriz01,4,FALSE) -> 50000 | J90: =+VLOOKUP(F90,matriz01,5,FALSE) -> 50000 | K90: =IFERROR(J90/I90,"0%") -> 1 | L90: =INDEX(tablap01,MATCH(F90,imputacion,0),7) -> 50000 | M90: =+IFERROR(L90/I90,0%) -> 1 | N90: =INDEX(tablap01,MATCH(F90,imputacion,0),9) -> 0 | O90: =+IFERROR(N90/I90,0%) -> 0 | P90: =INDEX(tablap01,MATCH(F90,imputacion,0),11) -> 0 | Q90: =IFERROR(+P90/J90,0) -> 0 | R90: =INDEX(tablap01,MATCH(F90,imputacion,0),13) -> 50000 | S90: =+IFERROR(R90/J90,"0%") -> 1 | T90: =+'Prog 01'!T88 -> 30930 | U90: =+'Prog 01'!U88 -> 30930 | V90: =IFERROR(U90/T90,0%) -> 1
C91: .04 | G91: Materiales de Uso o Consumo | H91: =SUM(H92:H104) -> 71231.136 | I91: =SUM(I92:I104) -> 26877.198 | J91: =SUM(J92:J104) -> 17336.462 | K91: =IFERROR(J91/I91,"0%") -> 0.6450249 | L91: =SUM(L92:L104) -> 17336.462 | M91: =+IFERROR(L91/I91,0%) -> 0.6450249 | N91: =SUM(N92:N104) -> 9540.736 | O91: =+IFERROR(N91/I91,0%) -> 0.3549751 | P91: =SUM(P92:P104) -> 16955.71 | Q91: =IFERROR(+P91/J91,0) -> 0.9780375 | R91: =SUM(R92:R104) -> 380.752 | S91: =+IFERROR(R91/J91,"0%") -> 0.021962497 | T91: =SUM(T92:T104) -> 66125.094 | U91: =SUM(U92:U104) -> 45263.848 | V91: =IFERROR(U91/T91,0%) -> 0.68451846
D92: .001 | F92: =+CONCATENATE($B$82,"",$C$91,"",D92) -> 22.04.001 | G92: Materiales de Oficina | H92: =+VLOOKUP(F92,matriz01,3,FALSE) -> 12000 | I92: =+VLOOKUP(F92,matriz01,4,FALSE) -> 4000 | J92: =+VLOOKUP(F92,matriz01,5,FALSE) -> 1407.02 | K92: =IFERROR(J92/I92,"0%") -> 0.351755 | L92: =INDEX(tablap01,MATCH(F92,imputacion,0),7) -> 1407.02 | M92: =+IFERROR(L92/I92,0%) -> 0.351755 | N92: =INDEX(tablap01,MATCH(F92,imputacion,0),9) -> 2592.98 | O92: =+IFERROR(N92/I92,0%) -> 0.648245 | P92: =INDEX(tablap01,MATCH(F92,imputacion,0),11) -> 1407.02 | Q92: =IFERROR(+P92/J92,0) -> 1 | R92: =INDEX(tablap01,MATCH(F92,imputacion,0),13) -> 0 | S92: =+IFERROR(R92/J92,"0%") -> 0 | T92: =+'Prog 01'!T90 -> 4491.5371 | U92: =+'Prog 01'!U90 -> 4067.0331 | V92: =IFERROR(U92/T92,0%) -> 0.90548805
D93: .002 | F93: =+CONCATENATE($B$82,"",$C$91,"",D93) -> 22.04.002 | G93: Textos y Otros Materiales de Enseñanza | H93: =+'Prog 01'!H91 -> 0 | I93: =+'Prog 01'!I91 -> 0 | J93: =+'Prog 01'!J91 -> 0 | K93: =IFERROR(J93/I93,"0%") -> 0% | L93: =+'Prog 01'!L91 -> 0 | M93: =+IFERROR(L93/I93,0%) -> 0 | N93: =+'Prog 01'!N91 -> 0 | O93: =+IFERROR(N93/I93,0%) -> 0 | P93: =INDEX(tablap01,MATCH(F93,imputacion,0),11) -> 0 | Q93: =IFERROR(+P93/J93,0) -> 0 | R93: =INDEX(tablap01,MATCH(F93,imputacion,0),13) -> 0 | S93: =+IFERROR(R93/J93,"0%") -> 0% | T93: =+'Prog 01'!T91 -> 440.45454 | U93: =+'Prog 01'!U91 -> 440.45454 | V93: =IFERROR(U93/T93,0%) -> 1
D94: .003 | F94: =+CONCATENATE($B$82,"",$C$91,"",D94) -> 22.04.003 | G94: Productos Químicos | H94: =+'Prog 01'!H92 -> 0 | I94: =+VLOOKUP(F94,matriz01,4,FALSE) -> 700 | J94: =+VLOOKUP(F94,matriz01,5,FALSE) -> 134.208 | K94: =IFERROR(J94/I94,"0%") -> 0.19172571 | L94: =INDEX(tablap01,MATCH(F94,imputacion,0),7) -> 134.208 | M94: =+IFERROR(L94/I94,0%) -> 0.19172571 | N94: =INDEX(tablap01,MATCH(F94,imputacion,0),9) -> 565.792 | O94: =+IFERROR(N94/I94,0%) -> 0.80827429 | P94: =INDEX(tablap01,MATCH(F94,imputacion,0),11) -> 134.208 | Q94: =IFERROR(+P94/J94,0) -> 1 | R94: =INDEX(tablap01,MATCH(F94,imputacion,0),13) -> 0 | S94: =+IFERROR(R94/J94,"0%") -> 0 | T94: =+'Prog 01'!T92 -> 213.63763 | U94: =+'Prog 01'!U92 -> 213.63763 | V94: =IFERROR(U94/T94,0%) -> 1
D95: .004 | F95: 22.04.004 | G95: Productos Farmacéuticos | H95: =+'Prog 01'!H93 -> 0 | I95: =+VLOOKUP(F95,matriz01,4,FALSE) -> 0 | J95: =+VLOOKUP(F95,matriz01,5,FALSE) -> 0 | K95: =IFERROR(J95/I95,"0%") -> 0% | L95: =INDEX(tablap01,MATCH(F95,imputacion,0),7) -> 0 | M95: =+IFERROR(L95/I95,0%) -> 0 | N95: =INDEX(tablap01,MATCH(F95,imputacion,0),9) -> 0 | O95: =+IFERROR(N95/I95,0%) -> 0 | P95: =INDEX(tablap01,MATCH(F95,imputacion,0),11) -> 0 | Q95: =IFERROR(+P95/J95,0) -> 0 | R95: =INDEX(tablap01,MATCH(F95,imputacion,0),13) -> 0 | S95: =+IFERROR(R95/J95,"0%") -> 0% | T95: =+'Prog 01'!T93 -> 193.72593 | U95: =+'Prog 01'!U93 -> 193.72593 | V95: =IFERROR(U95/T95,0%) -> 1
D96: .005 | F96: =+CONCATENATE($B$82,"",$C$91,"",D96) -> 22.04.005 | G96: Materiales y Útiles Quirúrgicos | H96: =+'Prog 01'!H94 -> 0 | I96: =+VLOOKUP(F96,matriz01,4,FALSE) -> 0 | J96: =+'Prog 01'!J94 -> 0 | K96: =IFERROR(J96/I96,"0%") -> 0% | L96: =INDEX(tablap01,MATCH(F96,imputacion,0),7) -> 0 | M96: =+IFERROR(L96/I96,0%) -> 0 | N96: =INDEX(tablap01,MATCH(F96,imputacion,0),9) -> 0 | O96: =+IFERROR(N96/I96,0%) -> 0 | P96: =INDEX(tablap01,MATCH(F96,imputacion,0),11) -> 0 | Q96: =IFERROR(+P96/J96,0) -> 0 | R96: =INDEX(tablap01,MATCH(F96,imputacion,0),13) -> 0 | S96: =+IFERROR(R96/J96,"0%") -> 0% | T96: =+'Prog 01'!T94 -> 0 | U96: =+'Prog 01'!U94 -> 0 | V96: =IFERROR(U96/T96,0%) -> 0
D97: .007 | F97: =+CONCATENATE($B$82,"",$C$91,"",D97) -> 22.04.007 | G97: Materiales y útiles de Aseo | H97: =+VLOOKUP(F97,matriz01,3,FALSE) -> 18000 | I97: =+VLOOKUP(F97,matriz01,4,FALSE) -> 5060.737 | J97: =+VLOOKUP(F97,matriz01,5,FALSE) -> 2062.775 | K97: =IFERROR(J97/I97,"0%") -> 0.40760368 | L97: =INDEX(tablap01,MATCH(F97,imputacion,0),7) -> 2062.775 | M97: =+IFERROR(L97/I97,0%) -> 0.40760368 | N97: =INDEX(tablap01,MATCH(F97,imputacion,0),9) -> 2997.962 | O97: =+IFERROR(N97/I97,0%) -> 0.59239632 | P97: =INDEX(tablap01,MATCH(F97,imputacion,0),11) -> 2062.775 | Q97: =IFERROR(+P97/J97,0) -> 1 | R97: =INDEX(tablap01,MATCH(F97,imputacion,0),13) -> 0 | S97: =+IFERROR(R97/J97,"0%") -> 0 | T97: =+'Prog 01'!T95 -> 27677.506 | U97: =+'Prog 01'!U95 -> 10432.513 | V97: =IFERROR(U97/T97,0%) -> 0.37693109
D98: .008 | F98: =+CONCATENATE($B$82,"",$C$91,"",D98) -> 22.04.008 | G98: Menaje para Oficina, Casino y Otros | H98: =+VLOOKUP(F98,matriz01,3,FALSE) -> 0 | I98: =+VLOOKUP(F98,matriz01,4,FALSE) -> 0 | J98: =+VLOOKUP(F98,matriz01,5,FALSE) -> 0 | K98: =IFERROR(J98/I98,"0%") -> 0% | L98: =INDEX(tablap01,MATCH(F98,imputacion,0),7) -> 0 | M98: =+IFERROR(L98/I98,0%) -> 0 | N98: =INDEX(tablap01,MATCH(F98,imputacion,0),9) -> 0 | O98: =+IFERROR(N98/I98,0%) -> 0 | P98: =INDEX(tablap01,MATCH(F98,imputacion,0),11) -> 0 | Q98: =IFERROR(+P98/J98,0) -> 0 | R98: =INDEX(tablap01,MATCH(F98,imputacion,0),13) -> 0 | S98: =+IFERROR(R98/J98,"0%") -> 0% | T98: =+'Prog 01'!T96 -> 0 | U98: =+'Prog 01'!U96 -> 0 | V98: =IFERROR(U98/T98,0%) -> 0
D99: .009 | F99: =+CONCATENATE($B$82,"",$C$91,"",D99) -> 22.04.009 | G99: Insumos, Repuestos y Accesorios Computacionales | H99: =+VLOOKUP(F99,matriz01,3,FALSE) -> 15000 | I99: =+VLOOKUP(F99,matriz01,4,FALSE) -> 6803.101 | J99: =+VLOOKUP(F99,matriz01,5,FALSE) -> 6803.101 | K99: =IFERROR(J99/I99,"0%") -> 1 | L99: =INDEX(tablap01,MATCH(F99,imputacion,0),7) -> 6803.101 | M99: =+IFERROR(L99/I99,0%) -> 1 | N99: =INDEX(tablap01,MATCH(F99,imputacion,0),9) -> 0 | O99: =+IFERROR(N99/I99,0%) -> 0 | P99: =INDEX(tablap01,MATCH(F99,imputacion,0),11) -> 6803.101 | Q99: =IFERROR(+P99/J99,0) -> 1 | R99: =INDEX(tablap01,MATCH(F99,imputacion,0),13) -> 0 | S99: =+IFERROR(R99/J99,"0%") -> 0 | T99: =+'Prog 01'!T97 -> 11971.176 | U99: =+'Prog 01'!U97 -> 11558.776 | V99: =IFERROR(U99/T99,0%) -> 0.96555059
D100: .010 | F100: =+CONCATENATE($B$82,"",$C$91,"",D100) -> 22.04.010 | G100: Materiales para Mantenimiento y Reparaciones de Inmuebles | H100: =+VLOOKUP(F100,matriz01,3,FALSE) -> 7500 | I100: =+VLOOKUP(F100,matriz01,4,FALSE) -> 2442.5 | J100: =+VLOOKUP(F100,matriz01,5,FALSE) -> 1004.289 | K100: =IFERROR(J100/I100,"0%") -> 0.41117257 | L100: =INDEX(tablap01,MATCH(F100,imputacion,0),7) -> 1004.289 | M100: =+IFERROR(L100/I100,0%) -> 0.41117257 | N100: =INDEX(tablap01,MATCH(F100,imputacion,0),9) -> 1438.211 | O100: =+IFERROR(N100/I100,0%) -> 0.58882743 | P100: =INDEX(tablap01,MATCH(F100,imputacion,0),11) -> 1004.289 | Q100: =IFERROR(+P100/J100,0) -> 1 | R100: =INDEX(tablap01,MATCH(F100,imputacion,0),13) -> 0 | S100: =+IFERROR(R100/J100,"0%") -> 0 | T100: =+'Prog 01'!T98 -> 2752.3318 | U100: =+'Prog 01'!U98 -> 2616.5295 | V100: =IFERROR(U100/T100,0%) -> 0.95065919
D101: .011 | F101: =+CONCATENATE($B$82,"",$C$91,"",D101) -> 22.04.011 | G101: Repuestos y Accesorios para Mantenimiento y Reparaciones de Vehículos | H101: =+VLOOKUP(F101,matriz01,3,FALSE) -> 6000 | I101: =+VLOOKUP(F101,matriz01,4,FALSE) -> 1116.452 | J101: =+VLOOKUP(F101,matriz01,5,FALSE) -> 1116.452 | K101: =IFERROR(J101/I101,"0%") -> 1 | L101: =INDEX(tablap01,MATCH(F101,imputacion,0),7) -> 1116.452 | M101: =+IFERROR(L101/I101,0%) -> 1 | N101: =INDEX(tablap01,MATCH(F101,imputacion,0),9) -> 0 | O101: =+IFERROR(N101/I101,0%) -> 0 | P101: =INDEX(tablap01,MATCH(F101,imputacion,0),11) -> 1116.452 | Q101: =IFERROR(+P101/J101,0) -> 1 | R101: =INDEX(tablap01,MATCH(F101,imputacion,0),13) -> 0 | S101: =+IFERROR(R101/J101,"0%") -> 0 | T101: =+'Prog 01'!T99 -> 2042.0831 | U101: =+'Prog 01'!U99 -> 1487.3433 | V101: =IFERROR(U101/T101,0%) -> 0.72834609
D102: .012 | F102: =+CONCATENATE($B$82,"",$C$91,"",D102) -> 22.04.012 | G102: Otros Materiales, Repuestos y Útiles Diversos para Mantenimiento | H102: =+VLOOKUP(F102,matriz01,3,FALSE) -> 3000 | I102: =+VLOOKUP(F102,matriz01,4,FALSE) -> 3000 | J102: =+VLOOKUP(F102,matriz01,5,FALSE) -> 1447.754 | K102: =IFERROR(J102/I102,"0%") -> 0.48258467 | L102: =INDEX(tablap01,MATCH(F102,imputacion,0),7) -> 1447.754 | M102: =+IFERROR(L102/I102,0%) -> 0.48258467 | N102: =INDEX(tablap01,MATCH(F102,imputacion,0),9) -> 1552.246 | O102: =+IFERROR(N102/I102,0%) -> 0.51741533 | P102: =INDEX(tablap01,MATCH(F102,imputacion,0),11) -> 1447.754 | Q102: =IFERROR(+P102/J102,0) -> 1 | R102: =INDEX(tablap01,MATCH(F102,imputacion,0),13) -> 0 | S102: =+IFERROR(R102/J102,"0%") -> 0 | T102: =+'Prog 01'!T100 -> 140.92533 | U102: =+'Prog 01'!U100 -> 140.92533 | V102: =IFERROR(U102/T102,0%) -> 1
D103: .013 | F103: =+CONCATENATE($B$82,"",$C$91,"",D103) -> 22.04.013 | G103: Equipos Menores | H103: =+VLOOKUP(F103,matriz01,3,FALSE) -> 9731.136 | I103: =+VLOOKUP(F103,matriz01,4,FALSE) -> 3111.808 | J103: =+VLOOKUP(F103,matriz01,5,FALSE) -> 2718.263 | K103: =IFERROR(J103/I103,"0%") -> 0.87353172 | L103: =INDEX(tablap01,MATCH(F103,imputacion,0),7) -> 2718.263 | M103: =+IFERROR(L103/I103,0%) -> 0.87353172 | N103: =INDEX(tablap01,MATCH(F103,imputacion,0),9) -> 393.545 | O103: =+IFERROR(N103/I103,0%) -> 0.12646828 | P103: =INDEX(tablap01,MATCH(F103,imputacion,0),11) -> 2337.511 | Q103: =IFERROR(+P103/J103,0) -> 0.8599282 | R103: =INDEX(tablap01,MATCH(F103,imputacion,0),13) -> 380.752 | S103: =+IFERROR(R103/J103,"0%") -> 0.1400718 | T103: =+'Prog 01'!T101 -> 14481.074 | U103: =+'Prog 01'!U101 -> 12418.032 | V103: =IFERROR(U103/T103,0%) -> 0.85753527
...

Sheet Prog 01
B2: SUBSECRETARIA DE DESARROLLO REGIONAL Y ADMINISTRATIVO
W3: OK | X3: SI | Y3: OK | Z3: SI | AA3: OK | AB3: SI | AC3: OK | AD3: SI | AE3: OK | AF3: SI | AG3: OK | AH3: SI | AI3: OK | AJ3: SI | AK3: OK | AL3: SI | AM3: OK | AN3: SI
B4: CONSOLIDADO POR SUBTÍTULO PROGRAMA 01
B5: CLASIFICACIÓN PRESUPUESTARIA | H5: MOVIMIENTO AÑO 2026 | T5: MOVIMIENTO AÑO 2025 | W5: ENERO | Y5: FEBRERO | AA5: MARZO | AC5: ABRIL | AE5: MAYO | AG5: JUNIO | AI5: JULIO | AK5: AGOSTO | AM5: SEPTIEMBRE | AO5: OCTUBRE | AP5: NOVIEMBRE | AQ5: DICIEMBRE
H6: [ 1 ] | I6: [ 2 ] | J6: [ 3 ] | K6: [ 3/2 ] | L6: [ 4 ] | M6: [ 4/2 ] | N6: [ 5 ] | O6: [ 5/2 ] | T6: [ 1 ] | U6: [ 2 ] | V6: [ 2/1 ] | X6: ENERO | Z6: FEBRERO | AB6: MARZO | AD6: ABRIL | AF6: MAYO | AH6: JUNIO
H7: Presupuesto Inicial 2026 M$ | I7: Presupuesto Vigente 2026 M$ | J7: Ejecución al 30/09/2026 M$ | K7: % de Ejecución 30/09/2026 M$ | L7: Presupuesto comprometido M$ | M7: % Presupuesto comprometido M$ | N7: Saldo disponible M$ | O7: % Saldo disponible | P7: Efectivo M$ | Q7: Efectivo % | R7: Deuda Flotante M$ | S7: Deuda Flotante % | T7: Presupuesto Vigente al 30/09/2025 M$ | U7: Ejecución al 30/09/2025 M$ | V7: % Ejecución al 30/09/2025 M$ | W7: GASTO AÑO 2026 | X7: GASTO AÑO 2025 | Y7: GASTO AÑO 2026 | Z7: GASTO AÑO 2025 | AA7: GASTO AÑO 2026 | AB7: GASTO AÑO 2025 | AC7: GASTO AÑO 2026 | AD7: GASTO AÑO 2025 | AE7: GASTO AÑO 2026 | AF7: GASTO AÑO 2025 | AG7: GASTO AÑO 2026 | AH7: GASTO AÑO 2025 | AI7: GASTO AÑO 2026 | AJ7: GASTO AÑO 2025 | AK7: GASTO AÑO 2026 | AL7: GASTO AÑO 2025 | AM7: GASTO AÑO 2026 | AN7: GASTO AÑO 2025 | AO7: GASTO AÑO 2025 | AP7: GASTO AÑO 2025 | AQ7: GASTO AÑO 2025
A8: Concepto Presupuestario | B8: Subt. | C8: Item. | D8: Asig. | E8: Sub | F8: ,M, | G8: CONSOLIDADO PROGRAMA 01 | H8: =+H9+H80+H157+H169+H176+H187+H150 -> 63546066 | I8: =+I9+I80+I157+I169+I176+I187+I150 -> 65168598 | J8: =+J9+J80+J157+J169+J176+J187+J150 -> 56897625 | K8: =IFERROR(J8/I8,0%) -> 0.87308346 | L8: =+L9+L80+L150+L157+L169+L176+L187+L192 -> 57582003 | M8: =+IFERROR(L8/I8,0%) -> 0.88358512 | N8: =+N9+N80+N150+N157+N169+N176+N187+N192 -> 7586594.5 | O8: =+IFERROR(N8/I8,0) -> 0.11641488 | P8: =+P9+P80+P150+P157+P169+P176+P187+P192 -> 56165147 | Q8: =+IFERROR(P8/J8,0) -> 0.98712639 | R8: =+R9+R80+R150+R157+R169+R176+R187+R192 -> 732477.55 | S8: =IFERROR(+R8/J8,0%) -> 0.012873605 | T8: =+T9+T80+T150+T157+T169+T176+T187 -> 45809434 | U8: =+U9+U80+U150+U157+U169+U176+U187 -> 38013867 | V8: =IFERROR(U8/T8,"0,00%") -> 0.82982617 | W8: =+W9+W80+W150+W157+W169+W176+W187+W192 -> 3150397.9 | X8: =+X9+X80+X150+X157+X169+X176+X187+X192 -> 4223901.5 | Y8: =+Y9+Y80+Y150+Y157+Y169+Y176+Y187+Y192 -> 2132045.4 | Z8: =+Z9+Z80+Z150+Z157+Z169+Z176+Z187+Z192 -> 4300852.3 | AA8: =+AA9+AA80+AA150+AA157+AA169+AA176+AA187+AA192 -> 9723109.5 | AB8: =+AB9+AB80+AB150+AB157+AB169+AB176+AB187+AB192 -> 10657590 | AC8: =+AC9+AC80+AC150+AC157+AC169+AC176+AC187+AC192 -> 1542865.6 | AD8: =+AD9+AD80+AD150+AD157+AD169+AD176+AD187+AD192 -> 1799243 | ... AJ8: =+AJ9+AJ80+AJ150+AJ157+AJ169+AJ176+AJ187+AJ192 -> 1914309.2 | AK8: =+AK9+AK80+AK150+AK169+AK157+AK176+AK187+AK192 -> 1567856.7 | AL8: =+AL9+AL80+AL150+AL157+AL169+AL176+AL187+AL192 -> 2188209.9 | AM8: =+AM9+AM80+AM150+AM157+AM169+AM176+AM187+AM192 -> 2670062.8 | AN8: =+AN9+AN80+AN150+AN157+AN169+AN176+AN187+AN192 -> 8184723.3 | AO8: =+AO9+AO80+AO150+AO157+AO169+AO176+AO187+AO192 -> 1642688.1 | AP8: =+AP9+AP80+AP150+AP157+AP169+AP176+AP187+AP192 -> 2713501.9 | AQ8: =+AQ9+AQ80+AQ150+AQ157+AQ169+AQ176+AQ187+AQ192 -> 6586549.5
A9: 21 GASTOS EN PERSONAL | B9: 21. | G9: GASTOS EN PERSONAL | H9: =+'P01 2026'!H3 -> 19882145 | I9: =+'P01 2026'!FB3 -> 19466574 | J9: =+J10+J41+J72 -> 14924799 | K9: =IFERROR(J9/I9,0%) -> 0.76668854 | L9: ='P01 2026'!FD3 -> 14924799 | M9: =+IFERROR(L9/I9,0%) -> 0.76668854 | N9: =I9-L9 -> 4541774.8 | O9: =+IFERROR(N9/I9,0) -> 0.23331146 | P9: =+'P01 2026'!FG3 -> 14438963 | Q9: =+IFERROR(P9/J9,0) -> 0.96744772 | R9: =+'P01 2026'!FH3 -> 485836.2 | S9: =IFERROR(+R9/J9,0%) -> 0.032552277 | T9: =+'P01 2025'!DV3 -> 20446941 | U9: =+U10+U41+U72 -> 15756488 | V9: =IFERROR(U9/T9,"0,00%") -> 0.77060368 | W9: =+'P01 2026'!I3 -> 1385883.1 | X9: =+'P01 2025'!G3 -> 1399844.5 | Y9: =+'P01 2026'!R3 -> 1496051.3 | Z9: =+'P01 2025'!N3 -> 1384807 | AA9: =+'P01 2026'!AJ3 -> 2292147.3 | AB9: =+'P01 2025'!AC3 -> 2418782.8 | AC9: =+'P01 2026'!BB3 -> 1357338.6 | AD9: =+'P01 2025'!AR3 -> 1407403.3 | AE9: =+'P01 2026'!BT3 -> 1275722.9 | AF9: =AF10+AF41+AF72 -> 1381436.8 | AG9: =+'P01 2026'!CL3 -> 2273600.4 | AH9: =+'P01 2025'!BU3 -> 2442330.2 | AI9: =+'P01 2026'!DE3 -> 1300852.7 | AJ9: =+'P01 2025'!CI3 -> 1426607.6 | AK9: =+'P01 2026'!DW3 -> 1291441.7 | AL9: =+'P01 2025'!CX3 -> 1429175.3 | AM9: =+'P01 2026'!ER3 -> 2251761.2 | AN9: =+'P01 2025'!DN3 -> 2466100.7 | AO9: =+'P01 2025'!ED3 -> 1383476.5 | AP9: =+'P01 2025'!EY3 -> 1384855.9 | AQ9: =+'P01 2025'!FR3 -> 2450213
A10: 2101 Personal de Planta | C10: 01. | G10: Personal de Planta | H10: =+'P01 2026'!H4 -> 648450 | I10: =I11+I25+I28+I32+I37 -> 651738.75 | J10: =+J11+J25+J28+J32+J37 -> 417527.04 | K10: =IFERROR(J10/I10,0%) -> 0.64063559 | L10: ='P01 2026'!FD4 -> 417527.04 | M10: =+IFERROR(L10/I10,0%) -> 0.64063559 | N10: =I10-L10 -> 234211.71 | O10: =+IFERROR(N10/I10,0) -> 0.35936441 | P10: =+'P01 2026'!FG4 -> 397231.17 | Q10: =+IFERROR(P10/J10,0) -> 0.95139029 | R10: =+'P01 2026'!FH4 -> 20295.868 | S10: =IFERROR(+R10/J10,0%) -> 0.048609709 | T10: =+'P01 2025'!DV4 -> 828278.07 | U10: =+U11+U25+U28+U32+U37 -> 510627.34 | V10: =IFERROR(U10/T10,"0,00%") -> 0.61649264 | W10: =+'P01 2026'!I4 -> 45980.004 | X10: =+'P01 2025'!G4 -> 50964.895 | Y10: =+'P01 2026'!R4 -> 47903.242 | Z10: =+'P01 2025'!N4 -> 50461.331 | AA10: =+'P01 2026'!AJ4 -> 51105.722 | AB10: =+'P01 2025'!AC4 -> 74499.922 | AC10: =+'P01 2026'!BB4 -> 51340.032 | AD10: =+'P01 2025'!AR4 -> 47895.8 | AE10: =+'P01 2026'!BT4 -> 58756.844 | AF10: =+AF11+AF25+AF28+AF32+AF37 -> 42527.391 | AG10: =+'P01 2026'!CL4 -> 56291.902 | AH10: =+'P01 2025'!BU4 -> 71870.688 | AI10: =+'P01 2026'!DE4 -> 33619.527 | AJ10: =+'P01 2025'!CI4 -> 51051.184 | AK10: =+'P01 2026'!DW4 -> 21672.539 | AL10: =+'P01 2025'!CX4 -> 47894.855 | AM10: =+'P01 2026'!ER4 -> 50857.229 | AN10: =+'P01 2025'!DN4 -> 73461.271 | AO10: =+'P01 2025'!ED4 -> 46068.384 | AP10: =+'P01 2025'!EY4 -> 41100.146 | AQ10: =+'P01 2025'!FR4 -> 68453.102
A11: 2101001 Sueldos y Sobresueldos | D11: 001. | G11: Sueldos y Sobresueldos | H11: =+'P01 2026'!H5 -> 507000 | I11: =+'P01 2026'!FB5 -> 506988.43 | J11: =SUM(J12:J24) -> 326725.13 | K11: =IFERROR(J11/I11,0%) -> 0.64444298 | L11: ='P01 2026'!FD5 -> 326725.13 | M11: =+IFERROR(L11/I11,0%) -> 0.64444298 | N11: =I11-L11 -> 180263.29 | O11: =+IFERROR(N11/I11,0) -> 0.35555702 | P11: =+'P01 2026'!FG5 -> 311318.7 | Q11: =+IFERROR(P11/J11,0) -> 0.95284588 | R11: =+'P01 2026'!FH5 -> 15406.436 | S11: =IFERROR(+R11/J11,0%) -> 0.047154119 | T11: =+'P01 2025'!DV5 -> 648488.72 | U11: =SUM(U12:U24) -> 396930.86 | V11: =IFERROR(U11/T11,"0,00%") -> 0.612086 | W11: =+'P01 2026'!I5 -> 37237.551 | X11: =+'P01 2025'!G5 -> 42051.974 | Y11: =+'P01 2026'!R5 -> 39291.659 | Z11: =+'P01 2025'!N5 -> 42051.974 | AA11: =+'P01 2026'!AJ5 -> 37245.314 | AB11: =+'P01 2025'!AC5 -> 53409.583 | AC11: =+'P01 2026'!BB5 -> 41036.064 | AD11: =+'P01 2025'!AR5 -> 38616.776 | AE11: =+'P01 2026'!BT5 -> 52523.136 | AF11: =SUM(AF12:AF24) -> 36615.667 | AG11: =+'P01 2026'!CL5 -> 40400.436 | AH11: =+'P01 2025'!BU5 -> 53564.573 | AI11: =+'P01 2026'!DE5 -> 27158.233 | AJ11: =+'P01 2025'!CI5 -> 38358.678 | AK11: =+'P01 2026'!DW5 -> 14881.224 | AL11: =+'P01 2025'!CX5 -> 38517.456 | AM11: =+'P01 2026'!ER5 -> 36951.517 | AN11: =+'P01 2025'!DN5 -> 53744.181 | AO11: =+'P01 2025'!ED5 -> 37237.551 | AP11: =+'P01 2025'!EY5 -> 34343.406 | AQ11: =+'P01 2025'!FR5 -> 49972.307
A12: 2101001001 Sueldos Bases | E12: 1 | F12: =+CONCATENATE($B$9,"",$C$10,"",$D$11,"00",E12) -> 21.01.001.001 | G12: Sueldo Bases | H12: =+'P01 2026'!H6 -> 90500 | I12: ='P01 2026'!FB6 -> 90488.427 | J12: =SUMIF(W3:$AQ$3,"ok",W12:AQ12) -> 69962.266 | K12: =IFERROR(J12/I12,0%) -> 0.77316258 | L12: ='P01 2026'!FD6 -> 69962.266 | M12: =+IFERROR(L12/I12,0%) -> 0.77316258 | N12: =I12-L12 -> 20526.161 | O12: =+IFERROR(N12/I12,0) -> 0.22683742 | P12: =+'P01 2026'!FG6 -> 67725.28 | Q12: =+IFERROR(P12/J12,0) -> 0.96802582 | R12: =+'P01 2026'!FH6 -> 2236.986 | S12: =IFERROR(+R12/J12,0%) -> 0.031974179 | T12: =+'P01 2025'!DV6 -> 119607.83 | U12: =SUMIF(W$3:$AQ$3,"SI",W12:AQ12) -> 70965.95 | V12: =IFERROR(U12/T12,"0,00%") -> 0.59332194 | W12: =+'P01 2026'!I6 -> 7521.99 | X12: =+'P01 2025'!G6 -> 8557.4835 | Y12: =+'P01 2026'!R6 -> 8130.665 | Z12: =+'P01 2025'!N6 -> 8557.4835 | AA12: =+'P01 2026'!AJ6 -> 5457.739 | AB12: =+'P01 2025'!AC6 -> 7709.9201 | AC12: =+'P01 2026'!BB6 -> 8918.523 | AD12: =+'P01 2025'!AR6 -> 7709.9201 | AE12: =+'P01 2026'!BT6 -> 28840.716 | AF12: ='P01 2025'!BF6 -> 7380.5094 | AG12: =+'P01 2026'!CL6 -> 6568.176 | AH12: =+'P01 2025'!BU6 -> 7755.1717 | AI12: =+'P01 2026'!DE6 -> 6271.48 | AJ12: =+'P01 2025'!CI6 -> 7755.1717 | AK12: =+'P01 2026'!DW6 -> -7462.305 | AL12: =+'P01 2025'!CX6 -> 7785.1181 | AM12: =+'P01 2026'!ER6 -> 5715.282 | AN12: =+'P01 2025'!DN6 -> 7755.1717 | AO12: =+'P01 2025'!ED6 -> 7521.99 | AP12: =+'P01 2025'!EY6 -> 6908.12 | AQ12: =+'P01 2025'!FR6 -> 7171.207
A13: 2101001002 Asignación de Antigüedad | E13: 2 | F13: =+CONCATENATE($B$9,"",$C$10,"",$D$11,"00",E13) -> 21.01.001.002 | G13: Asignación de Antigüedad | H13: =+'P01 2026'!H7 -> 10500 | I13: =+'P01 2026'!FB7 -> 10500 | J13: =SUMIF(W$3:$AQ3,"ok",W13:AQ13) -> 6722.188 | K13: =IFERROR(J13/I13,0%) -> 0.64020838 | L13: ='P01 2026'!FD7 -> 6722.188 | M13: =+IFERROR(L13/I13,0%) -> 0.64020838 | N13: =I13-L13 -> 3777.812 | O13: =+IFERROR(N13/I13,0) -> 0.35979162 | P13: =+'P01 2026'!FG7 -> 6613.648 | Q13: =+IFERROR(P13/J13,0) -> 0.98385347 | R13: =+'P01 2026'!FH7 -> 108.54 | S13: =IFERROR(+R13/J13,0%) -> 0.016146528 | T13: =+'P01 2025'!DV7 -> 16571.953 | U13: =SUMIF(W$3:$AQ$3,"SI",W13:AQ13) -> 8158.1587 | V13: =IFERROR(U13/T13,"0,00%") -> 0.49228711 | W13: =+'P01 2026'!I7 -> 852.615 | X13: =+'P01 2025'!G7 -> 1098.5965 | Y13: =+'P01 2026'!R7 -> 902.89 | Z13: =+'P01 2025'!N7 -> 1098.5965 | AA13: =+'P01 2026'!AJ7 -> 837.301 | AB13: =+'P01 2025'!AC7 -> 844.32714 | AC13: =+'P01 2026'!BB7 -> 835.347 | AD13: =+'P01 2025'!AR7 -> 844.32714 | AE13: =+'P01 2026'!BT7 -> 835.347 | AF13: ='P01 2025'!BF7 -> 844.32714 | AG13: =+'P01 2026'!CL7 -> 675.901 | AH13: =+'P01 2025'!BU7 -> 849.64607 | AI13: =+'P01 2026'!DE7 -> 585.011 | AJ13: =+'P01 2025'!CI7 -> 849.64607 | AK13: =+'P01 2026'!DW7 -> 590.331 | AL13: =+'P01 2025'!CX7 -> 849.64607 | AM13: =+'P01 2026'!ER7 -> 607.445 | AN13: =+'P01 2025'!DN7 -> 879.04606 | AO13: =+'P01 2025'!ED7 -> 852.615 | AP13: =+'P01 2025'!EY7 -> 840.338 | AQ13: =+'P01 2025'!FR7 -> 845.599
A14: 2101001003 Asignación Profesional | E14: 3 | F14: =+CONCATENATE($B$9,"",$C$10,"",$D$11,"00",E14) -> 21.01.001.003 | G14: Asignación Profesional | H14: =+'P01 2026'!H8 -> 66600 | I14: ='P01 2026'!FB8 -> 66600 | J14: =SUMIF(W$3:$AQ4,"ok",W14:AQ14) -> 45358.674 | K14: =IFERROR(J14/I14,0%) -> 0.68106117 | L14: ='P01 2026'!FD8 -> 45358.674 | M14: =+IFERROR(L14/I14,0%) -> 0.68106117 | N14: =I14-L14 -> 21241.326 | O14: =+IFERROR(N14/I14,0) -> 0.31893883 | P14: =+'P01 2026'!FG8 -> 43687.484 | Q14: =+IFERROR(P14/J14,0) -> 0.96315611 | R14: =+'P01 2026'!FH8 -> 1671.19 | S14: =IFERROR(+R14/J14,0%) -> 0.03684389 | T14: =+'P01 2025'!DV8 -> 87788.758 | U14: =SUMIF(W$3:$AQ$3,"SI",W14:AQ14) -> 52320.6 | V14: =IFERROR(U14/T14,"0,00%") -> 0.59598292 | W14: =+'P01 2026'!I8 -> 5536.083 | X14: =+'P01 2025'!G8 -> 6352.7014 | Y14: =+'P01 2026'!R8 -> 5832.871 | Z14: =+'P01 2025'!N8 -> 6352.7014 | AA14: =+'P01 2026'!AJ8 -> 3875.035 | AB14: =+'P01 2025'!AC8 -> 5674.6549 | AC14: =+'P01 2026'!BB8 -> 6643.691 | AD14: =+'P01 2025'!AR8 -> 5674.6549 | AE14: =+'P01 2026'!BT8 -> 5140.922 | AF14: ='P01 2025'!BF8 -> 5411.1241 | AG14: =+'P01 2026'!CL8 -> 4756.522 | AH14: =+'P01 2025'!BU8 -> 5707.7016 | AI14: =+'P01 2026'!DE8 -> 4516.876 | AJ14: =+'P01 2025'!CI8 -> 5707.7016 | AK14: =+'P01 2026'!DW8 -> 4528.337 | AL14: =+'P01 2025'!CX8 -> 5731.6589 | AM14: =+'P01 2026'!ER8 -> 4528.337 | AN14: =+'P01 2025'!DN8 -> 5707.7016 | AO14: =+'P01 2025'!ED8 -> 5536.083 | AP14: =+'P01 2025'!EY8 -> 5044.982 | AQ14: =+'P01 2025'!FR8 -> 5255.454
A15: 2101001004 Asignación de Zona | E15: 4 | F15: =+CONCATENATE($B$9,"",$C$10,"",$D$11,"00",E15) -> 21.01.001.004 | G15: Asignación de Zona | H15: 0 | I15: 0 | J15: =SUMIF(W$3:$AQ5,"ok",W15:AQ15) -> 0 | K15: =IFERROR(J15/I15,0%) -> 0 | L15: 0 | M15: =+IFERROR(L15/I15,0%) -> 0 | N15: 0 | O15: =+IFERROR(N15/I15,0) -> 0 | P15: 0 | Q15: =+IFERROR(P15/J15,0) -> 0 | R15: 0 | S15: =IFERROR(+R15/J15,0%) -> 0 | T15: =+'P01 2025'!DV9 -> 168.08908 | U15: =SUMIF(W$3:$AQ$3,"SI",W15:AQ15) -> 0 | V15: =IFERROR(U15/T15,"0,00%") -> 0 | W15: 0 | X15: =+'P01 2025'!G9 -> 0 | Y15: 0 | Z15: 0 | AA15: 0 | AB15: 0 | AC15: 0 | AD15: 0 | AE15: 0 | AF15: 0 | AG15: 0 | AH15: 0 | AI15: 0 | AJ15: 0 | AK15: 0 | AL15: 0 | AM15: 0 | AN15: 0 | AO15: 0 | AP15: 0 | AQ15: 0
A16: 2101001007 Asignaciones del DL N ° 3.551, de 1981 | E16: 7 | F16: =+CONCATENATE($B$9,"",$C$10,"",$D$11,"00",E16) -> 21.01.001.007 | G16: Asig. Del DL N° 3,551, de 1981 | H16: =+'P01 2026'!H9 -> 10300 | I16: ='P01 2026'!FB9 -> 10300 | J16: =SUMIF(W$3:$AQ6,"ok",W16:AQ16) -> 7918.302 | K16: =IFERROR(J16/I16,0%) -> 0.76876718 | L16: ='P01 2026'!FD9 -> 7918.302 | M16: =+IFERROR(L16/I16,0%) -> 0.76876718 | N16: =I16-L16 -> 2381.698 | O16: =+IFERROR(N16/I16,0) -> 0.23123282 | P16: =+'P01 2026'!FG9 -> 7704.328 | Q16: =+IFERROR(P16/J16,0) -> 0.97297729 | R16: =+'P01 2026'!FH9 -> 213.974 | S16: =IFERROR(+R16/J16,0%) -> 0.027022713 | T16: =+'P01 2025'!DV10 -> 10089.819 | U16: =SUMIF(W$3:$AQ$3,"SI",W16:AQ16) -> 7914.287 | V16: =IFERROR(U16/T16,"0,00%") -> 0.78438347 | W16: =+'P01 2026'!I9 -> 855.949 | X16: =+'P01 2025'!G10 -> 876.87065 | Y16: =+'P01 2026'!R9 -> 907.306 | Z16: =+'P01 2025'!N9 -> 876.87065 | AA16: =+'P01 2026'!AJ9 -> 873.068 | AB16: =+'P01 2025'!AC9 -> 876.87065 | AC16: =+'P01 2026'!BB9 -> 873.068 | AD16: =+'P01 2025'!AR9 -> 876.87065 | AE16: =+'P01 2026'!BT9 -> 873.068 | AF16: ='P01 2025'!BF9 -> 876.87065 | AG16: =+'P01 2026'!CL9 -> 885.291 | AH16: =+'P01 2025'!BU9 -> 882.48342 | AI16: =+'P01 2026'!DE9 -> 879.97 | AJ16: =+'P01 2025'!CI9 -> 882.48342 | AK16: =+'P01 2026'!DW9 -> 885.291 | AL16: =+'P01 2025'!CX9 -> 882.48342 | AM16: =+'P01 2026'!ER9 -> 885.291 | AN16: =+'P01 2025'!DN9 -> 882.48342 | AO16: =+'P01 2025'!ED9 -> 855.949 | AP16: =+'P01 2025'!EY9 -> 855.949 | AQ16: =+'P01 2025'!FR9 -> 855.949
A17: 2101001012 Gastos de Representación | E17: 12 | F17: =+CONCATENATE($B$9,"",$C$10,"",$D$11,"0",E17) -> 21.01.001.012 | G17: Gastos de Representación | H17: =+'P01 2026'!H10 -> 2300 | I17: ='P01 2026'!FB10 -> 2300 | J17: =SUMIF(W$3:$AQ7,"ok",W17:AQ17) -> 2107.354 | K17: =IFERROR(J17/I17,0%) -> 0.91624087 | L17: ='P01 2026'!FD10 -> 2107.354 | M17: =+IFERROR(L17/I17,0%) -> 0.91624087 | N17: =I17-L17 -> 192.646 | O17: =+IFERROR(N17/I17,0) -> 0.08375913 | P17: =+'P01 2026'!FG10 -> 2083.682 | Q17: =+IFERROR(P17/J17,0) -> 0.98876696 | R17: =+'P01 2026'!FH10 -> 23.672 | S17: =IFERROR(+R17/J17,0%) -> 0.011233044 | T17: =+'P01 2025'!DV11 -> 2293.8502 | U17: =SUMIF(W$3:$AQ$3,"SI",W17:AQ17) -> 1725.7548 | V17: =IFERROR(U17/T17,"0,00%") -> 0.75233979 | W17: =+'P01 2026'!I10 -> 185.985 | X17: =+'P01 2025'!G11 -> 191.75053 | Y17: =+'P01 2026'!R10 -> 185.985 | Z17: =+'P01 2025'!N10 -> 191.75053 | AA17: =+'P01 2026'!AJ10 -> 61.995 | AB17: =+'P01 2025'!AC10 -> 191.75053 | AC17: 0 | AD17: =+'P01 2025'!AR10 -> 191.75053 | AE17: 0 | AF17: ='P01 2025'!BF10 -> 191.75053 | AG17: 0 | AH17: =+'P01 2025'!BU10 -> 191.75053 | AI17: 0 | AJ17: =+'P01 2025'!CI10 -> 191.75053 | AK17: =+'P01 2026'!DW10 -> 1422.218 | AL17: =+'P01 2025'!CX10 -> 191.75053 | AM17: =+'P01 2026'!ER10 -> 251.171 | AN17: =+'P01 2025'!DN10 -> 191.75053 | AO17: =+'P01 2025'!ED10 -> 185.985 | AP17: =+'P01 2025'!EY10 -> 185.985 | AQ17: =+'P01 2025'!FR10 -> 185.985
A18: 2101001013 Asignación de Dirección Superior | E18: 13 | F18: =+CONCATENATE($B$9,"",$C$10,"",$D$11,"0",E18) -> 21.01.001.013 | G18: Asignación de Dirección Superior | H18: =+'P01 2026'!H11 -> 53400 | I18: ='P01 2026'!FB11 -> 53400 | J18: =SUMIF(W$3:$AQ8,"ok",W18:AQ18) -> 10175.332 | K18: =IFERROR(J18/I18,0%) -> 0.19054929 | L18: ='P01 2026'!FD11 -> 10175.332 | M18: =+IFERROR(L18/I18,0%) -> 0.19054929 | N18: =I18-L18 -> 43224.668 | O18: =+IFERROR(N18/I18,0) -> 0.80945071 | P18: =+'P01 2026'!FG11 -> 10175.332 | Q18: =+IFERROR(P18/J18,0) -> 1 | R18: =+'P01 2026'!FH11 -> 0 | S18: =IFERROR(+R18/J18,0%) -> 0 | T18: =+'P01 2025'!DV12 -> 54905.072 | U18: =SUMIF(W$3:$AQ$3,"SI",W18:AQ18) -> 41224.815 | V18: =IFERROR(U18/T18,"0,00%") -> 0.75083802 | W18: =+'P01 2026'!I11 -> 3869.143 | X18: =+'P01 2025'!G12 -> 3989.0864 | Y18: =+'P01 2026'!R11 -> 3869.143 | Z18: =+'P01 2025'!N11 -> 3989.0864 | AA18: =+'P01 2026'!AJ11 -> 2437.046 | AB18: =+'P01 2025'!AC11 -> 5763.4323 | AC18: 0 | AD18: =+'P01 2025'!AR11 -> 3989.0864 | AE18: 0 | AF18: ='P01 2025'!BF11 -> 3989.0864 | AG18: 0 | AH18: =+'P01 2025'!BU11 -> 5763.4323 | AI18: 0 | AJ18: =+'P01 2025'!CI11 -> 3989.0864 | AK18: 0 | AL18: =+'P01 2025'!CX11 -> 3989.0864 | AM18: 0 | AN18: =+'P01 2025'!DN11 -> 5763.4323 | AO18: =+'P01 2025'!ED11 -> 3869.143 | AP18: =+'P01 2025'!EY11 -> 3869.143 | AQ18: =+'P01 2025'!FR11 -> 5590.138
A19: 2101001014 Asignaciones Compensatorias | E19: 14 | F19: =+CONCATENATE($B$9,"",$C$10,"",$D$11,"0",E19) -> 21.01.001.014 | G19: Asignaciones Compensatorias | H19: =+'P01 2026'!H12 -> 61400 | I19: ='P01 2026'!FB12 -> 61400 | J19: =SUMIF(W$3:$AQ9,"ok",W19:AQ19) -> 42467.982 | K19: =IFERROR(J19/I19,0%) -> 0.69166094 | L19: ='P01 2026'!FD12 -> 42467.982 | M19: =+IFERROR(L19/I19,0%) -> 0.69166094 | N19: =I19-L19 -> 18932.018 | O19: =+IFERROR(N19/I19,0) -> 0.30833906 | P19: =+'P01 2026'!FG12 -> 40778.174 | Q19: =+IFERROR(P19/J19,0) -> 0.96020984 | R19: =+'P01 2026'!FH12 -> 1689.808 | S19: =IFERROR(+R19/J19,0%) -> 0.039790165 | T19: =+'P01 2025'!DV13 -> 80662.552 | U19: =SUMIF(W$3:$AQ$3,"SI",W19:AQ19) -> 48042.683 | V19: =IFERROR(U19/T19,"0,00%") -> 0.59560083 | W19: =+'P01 2026'!I12 -> 4816.716 | X19: =+'P01 2025'!G13 -> 5532.7058 | Y19: =+'P01 2026'!R12 -> 5085.793 | Z19: =+'P01 2025'!N12 -> 5532.7058 | AA19: =+'P01 2026'!AJ12 -> 4376.364 | AB19: =+'P01 2025'!AC12 -> 5715.6846 | AC19: =+'P01 2026'!BB10 -> 6060.379 | AD19: =+'P01 2025'!AR12 -> 4933.069 | AE19: =+'P01 2026'!BT10 -> 4532.77 | AF19: ='P01 2025'!BF12 -> 4727.2536 | AG19: =+'P01 2026'!CL10 -> 5056.357 | AH19: =+'P01 2025'!BU12 -> 5878.9012 | AI19: =+'P01 2026'!DE10 -> 3979.376 | AJ19: =+'P01 2025'!CI12 -> 4962.1968 | AK19: =+'P01 2026'!DW11 -> 3985.345 | AL19: =+'P01 2025'!CX12 -> 4980.9084 | AM19: =+'P01 2026'!ER11 -> 4574.882 | AN19: =+'P01 2025'!DN12 -> 5779.2581 | AO19: =+'P01 2025'!ED12 -> 4816.716 | AP19: =+'P01 2025'!EY12 -> 4431.567 | AQ19: =+'P01 2025'!FR12 -> 5471.812
A20: 2101001015 Asignaciones Sustitutivas | E20: 15 | F20: =+CONCATENATE($B$9,"",$C$10,"",$D$11,"0",E20) -> 21.01.001.015 | G20: Asignaciones Sustitutivas | H20: =+'P01 2026'!H13 -> 150800 | I20: ='P01 2026'!FB13 -> 150800 | J20: =SUMIF(W$3:$AQ10,"ok",W20:AQ20) -> 99573.876 | K20: =IFERROR(J20/I20,0%) -> 0.66030422 | L20: ='P01 2026'!FD13 -> 99573.876 | M20: =+IFERROR(L20/I20,0%) -> 0.66030422 | N20: =I20-L20 -> 51226.124 | O20: =+IFERROR(N20/I20,0) -> 0.33969578 | P20: =+'P01 2026'!FG13 -> 95147.517 | Q20: =+IFERROR(P20/J20,0) -> 0.95554699 | R20: =+'P01 2026'!FH13 -> 4426.359 | S20: =IFERROR(+R20/J20,0%) -> 0.044453015 | T20: =+'P01 2025'!DV14 -> 199573.37 | U20: =SUMIF(W$3:$AQ$3,"SI",W20:AQ20) -> 118523.45 | V20: =IFERROR(U20/T20,"0,00%") -> 0.59388412 | W20: =+'P01 2026'!I13 -> 12546.721 | X20: =+'P01 2025'!G14 -> 14374.708 | Y20: =+'P01 2026'!R13 -> 13194.029 | Z20: =+'P01 2025'!N13 -> 14374.708 | AA20: =+'P01 2026'!AJ13 -> 8399.877 | AB20: =+'P01 2025'!AC13 -> 12863.503 | AC20: =+'P01 2026'!BB11 -> 14734.288 | AD20: =+'P01 2025'!AR13 -> 12863.503 | AE20: =+'P01 2026'!BT11 -> 11226.916 | AF20: ='P01 2025'!BF13 -> 12248.438 | AG20: =+'P01 2026'!CL11 -> 10366.948 | AH20: =+'P01 2025'!BU13 -> 12935.669 | AI20: =+'P01 2026'!DE11 -> 9846.914 | AJ20: =+'P01 2025'!CI13 -> 12935.669 | AK20: =+'P01 2026'!DW12 -> 9843.583 | AL20: =+'P01 2025'!CX13 -> 12991.585 | AM20: =+'P01 2026'!ER12 -> 9414.6 | AN20: =+'P01 2025'!DN13 -> 12935.669 | AO20: =+'P01 2025'!ED13 -> 12546.721 | AP20: =+'P01 2025'!EY13 -> 11400.521 | AQ20: =+'P01 2025'!FR13 -> 11891.75
A21: 2101001022 Componente Base Asignación de Desempeño | E21: 22 | F21: =+CONCATENATE($B$9,"",$C$10,"",$D$11,"0",E21) -> 21.01.001.022 | G21: Componente Base Asignación de Desempeño | H21: =+'P01 2026'!H14 -> 49100 | I21: ='P01 2026'!FB14 -> 49100 | J21: =SUMIF(W$3:$AQ11,"ok",W21:AQ21) -> 32672.48 | K21: =IFERROR(J21/I21,0%) -> 0.66542729 | L21: ='P01 2026'!FD14 -> 32672.48 | M21: =+IFERROR(L21/I21,0%) -> 0.66542729 | N21: =I21-L21 -> 16427.52 | O21: =+IFERROR(N21/I21,0) -> 0.33457271 | P21: =+'P01 2026'!FG14 -> 27931.799 | Q21: =+IFERROR(P21/J21,0) -> 0.85490293 | R21: =+'P01 2026'!FH14 -> 4740.681 | S21: =IFERROR(+R21/J21,0%) -> 0.14509707 | T21: =+'P01 2025'!DV15 -> 64420.345 | U21: =SUMIF(W$3:$AQ$3,"SI",W21:AQ21) -> 38444.701 | V21: =IFERROR(U21/T21,"0,00%") -> 0.59677888 | W21: =+'P01 2026'!I14 -> 0 | X21: =+'P01 2025'!G15 -> 0 | Y21: =+'P01 2026'!R14 -> 70.291 | Z21: 0 | AA21: =+'P01 2026'!AJ14 -> 10569.091 | AB21: =+'P01 2025'!AC14 -> 12691.368 | AC21: =+'P01 2026'!BB12 -> 1145.994 | AD21: =+'P01 2025'!AR14 -> 455.52261 | AE21: 0 | AF21: 0 | AG21: =+'P01 2026'!CL12 -> 11002.817 | AH21: =+'P01 2025'!BU14 -> 12514.845 | AI21: =+'P01 2026'!DE12 -> -1.798 | AJ21: 0 | AK21: 0 | AL21: =+'P01 2025'!CX14 -> 18.26932 | AM21: =+'P01 2026'!ER13 -> 9886.085 | AN21: =+'P01 2025'!DN14 -> 12764.697 | AO21: 0 | AP21: 0 | AQ21: =+'P01 2025'!FR14 -> 11792.377
A22: 2101001039 Asignación de Responsabilidad Superior | E22: 39 | F22: =+CONCATENATE($B$9,"",$C$10,"",$D$11,"0",E22) -> 21.01.001.039 | G22: Asignación de Responsabilidad Superior | H22: =+'P01 2026'!H15 -> 12100 | I22: ='P01 2026'!FB15 -> 12100 | J22: =SUMIF(W$3:$AQ12,"ok",W22:AQ22) -> 9766.68 | K22: =IFERROR(J22/I22,0%) -> 0.80716364 | L22: ='P01 2026'!FD15 -> 9766.68 | M22: =+IFERROR(L22/I22,0%) -> 0.80716364 | N22: =I22-L22 -> 2333.32 | O22: =+IFERROR(N22/I22,0) -> 0.19283636 | P22: =+'P01 2026'!FG15 -> 9471.454 | Q22: =+IFERROR(P22/J22,0) -> 0.96977212 | R22: =+'P01 2026'!FH15 -> 295.226 | S22: =IFERROR(+R22/J22,0%) -> 0.030227877 | T22: =+'P01 2025'!DV16 -> 12407.08 | U22: =SUMIF(W$3:$AQ$3,"SI",W22:AQ22) -> 9610.4583 | V22: =IFERROR(U22/T22,"0,00%") -> 0.7745947 | W22: =+'P01 2026'!I15 -> 1052.349 | X22: =+'P01 2025'!G16 -> 1078.0713 | Y22: =+'P01 2026'!R15 -> 1112.686 | Z22: =+'P01 2025'!N14 -> 1078.0713 | AA22: =+'P01 2026'!AJ15 -> 357.798 | AB22: =+'P01 2025'!AC15 -> 1078.0713 | AC22: =+'P01 2026'!BB13 -> 1824.774 | AD22: =+'P01 2025'!AR15 -> 1078.0713 | AE22: =+'P01 2026'!BT12 -> 1073.397 | AF22: ='P01 2025'!BF14 -> 946.30747 | AG22: =+'P01 2026'!CL13 -> 1088.424 | AH22: =+'P01 2025'!BU15 -> 1084.9718 | AI22: =+'P01 2026'!DE13 -> 1080.404 | AJ22: =+'P01 2025'!CI14 -> 1084.9718 | AK22: =+'P01 2026'!DW13 -> 1088.424 | AL22: =+'P01 2025'!CX15 -> 1096.95 | AM22: =+'P01 2026'!ER14 -> 1088.424 | AN22: =+'P01 2025'!DN15 -> 1084.9718 | AO22: =+'P01 2025'!ED14 -> 1052.349 | AP22: =+'P01 2025'!EY14 -> 806.801 | AQ22: =+'P01 2025'!FR15 -> 912.036
A23: 2101001998 Aplicación inciso 5to del Artículo 1 de la Ley N° | E23: 998 | F23: =+CONCATENATE($B$9,"",$C$10,"",$D$11,"0",E23) -> 21.01.001.0998 | G23: Aplicación inciso 5to del Artículo 1 de la Ley N° | H23: 0 | I23: 0 | J23: =SUMIF(W$3:$AQ13,"ok",W23:AQ23) -> 0 | K23: =IFERROR(J23/I23,0%) -> 0 | L23: 0 | M23: =+IFERROR(L23/I23,0%) -> 0 | N23: 0 | O23: =+IFERROR(N23/I23,0) -> 0 | P23: 0 | Q23: =+IFERROR(P23/J23,0) -> 0 | R23: 0 | S23: =IFERROR(+R23/J23,0%) -> 0 | T23: 0 | U23: =SUMIF(W$3:$AQ$3,"SI",W23:AQ23) -> 0 | V23: =IFERROR(U23/T23,"0,00%") -> 0,00% | W23: 0 | X23: 0 | Y23: 0 | Z23: 0 | AA23: 0 | AB23: 0 | AC23: 0 | AD23: 0 | AE23: 0 | AF23: 0 | AG23: 0 | AH23: 0 | AI23: 0 | AJ23: 0 | AK23: 0 | AL23: 0 | AM23: 0 | AN23: 0 | AO23: 0 | AP23: 0 | AQ23: 0
A24: 2101001999 Otras Asignaciones | E24: 999 | F24: =+CONCATENATE($B$9,"",$C$10,"",$D$11,"0",E24) -> 21.01.001.0999 | G24: Otras Asignaciones | H24: 0 | I24: 0 | J24: =SUMIF(W$3:$AQ14,"ok",W24:AQ24) -> 0 | K24: =IFERROR(J24/I24,0%) -> 0 | L24: 0 | M24: =+IFERROR(L24/I24,0%) -> 0 | N24: 0 | O24: =+IFERROR(N24/I24,0) -> 0 | P24: 0 | Q24: =+IFERROR(P24/J24,0) -> 0 | R24: 0 | S24: =IFERROR(+R24/J24,0%) -> 0 | T24: 0 | U24: =SUMIF(W$3:$AQ$3,"SI",W24:AQ24) -> 0 | V24: =IFERROR(U24/T24,"0,00%") -> 0,00% | W24: 0 | X24: 0 | Y24: 0 | Z24: 0 | AA24: 0 | AB24: 0 | AC24: 0 | AD24: 0 | AE24: 0 | AF24: 0 | AG24: 0 | AH24: 0 | AI24: 0 | AJ24: 0 | AK24: 0 | AL24: 0 | AM24: 0 | AN24: 0 | AO24: 0 | AP24: 0 | AQ24: 0
A25: 2101002 Aportes del Empleador | D25: 002. | G25: Aportes del Empleador | H25: =+'P01 2026'!H16 -> 15300 | I25: =+'P01 2026'!FB16 -> 15300 | J25: =SUMIF(W$3:$AQ17,"ok",W25:AQ25) -> 11372.291 | K25: =IFERROR(J25/I25,0%) -> 0.74328699 | L25: ='P01 2026'!FD16 -> 11372.291 | M25: =+IFERROR(L25/I25,0%) -> 0.74328699 | N25: =I25-L25 -> 3927.709 | O25: =+IFERROR(N25/I25,0) -> 0.25671301 | P25: =+'P01 2026'!FG16 -> 10949.895 | Q25: =+IFERROR(P25/J25,0) -> 0.96285744 | R25: =+'P01 2026'!FH16 -> 422.396 | S25: =IFERROR(+R25/J25,0%) -> 0.03714256 | T25: =+'P01 2025'!DV17 -> 20146.091 | U25: =SUMIF(W$3:$AQ$3,"SI",W25:AQ25) -> 12005.652 | V25: =IFERROR(U25/T25,"0,00%") -> 0.5959296 | W25: =+'P01 2026'!I16 -> 1261.571 | X25: =+'P01 2025'!G17 -> 1375.3736 | Y25: =+'P01 2026'!R16 -> 1056.706 | Z25: =+'P01 2025'!N15 -> 1138.4271 | AA25: =+'P01 2026'!AJ16 -> 1237.798 | AB25: =+'P01 2025'!AC16 -> 1424.4801 | AC25: =+'P01 2026'!BB14 -> 1356.19 | AD25: =+'P01 2025'!AR16 -> 1268.6537 | AE25: =+'P01 2026'!BT13 -> 1716.461 | AF25: =SUM(AF26:AF27) -> 1118.4412 | AG25: =+'P01 2026'!CL14 -> 1475.503 | AH25: =+'P01 2025'!BU16 -> 1513.6297 | AI25: =+'P01 2026'!DE14 -> 1077.763 | AJ25: =+'P01 2025'!CI15 -> 1295.467 | AK25: =+'P01 2026'!DW14 -> 948.002 | AL25: =+'P01 2025'!CX16 -> 1523.2479 | AM25: =+'P01 2026'!ER15 -> 1242.297 | AN25: =+'P01 2025'!DN16 -> 1347.9315 | AO25: =+'P01 2025'!ED15 -> 1227.617 | AP25: =+'P01 2025'!EY15 -> 1140.43 | AQ25: =+'P01 2025'!FR16 -> 1334.381
A26: 2101002001 A Servicios de Bienestar | E26: 1 | F26: =+CONCATENATE($B$9,"",$C$10,"",$D$25,"00",E26) -> 21.01.002.001 | G26: A Servicios de Bienestar | H26: =+'P01 2026'!H17 -> 1300 | I26: =+'P01 2026'!FB17 -> 1300 | J26: =SUMIF(W$3:$AQ18,"ok",W26:AQ26) -> 828.072 | K26: =IFERROR(J26/I26,0%) -> 0.63697846 | L26: ='P01 2026'!FD17 -> 828.072 | M26: =+IFERROR(L26/I26,0%) -> 0.63697846 | N26: =I26-L26 -> 471.928 | O26: =+IFERROR(N26/I26,0) -> 0.36302154 | P26: =+'P01 2026'!FG17 -> 718.704 | Q26: =+IFERROR(P26/J26,0) -> 0.86792453 | R26: =+'P01 2026'!FH17 -> 109.368 | S26: =IFERROR(+R26/J26,0%) -> 0.13207547 | T26: =+'P01 2025'!DV18 -> 1719.3111 | U26: =SUMIF(W$3:$AQ$3,"SI",W26:AQ26) -> 975.78892 | V26: =IFERROR(U26/T26,"0,00%") -> 0.56754647 | W26: =+'P01 2026'!I17 -> 0 | X26: =+'P01 2025'!G18 -> 134.55478 | Y26: 0 | Z26: 0 | AA26: =+'P01 2026'!AJ17 -> 187.488 | AB26: =+'P01 2025'!AC17 -> 249.25456 | AC26: 0 | AD26: =+'P01 2025'!AR17 -> 109.04887 | AE26: 0 | AF26: 0 | AG26: =+'P01 2026'!CL15 -> 312.48 | AH26: =+'P01 2025'!BU17 -> 202.51933 | AI26: 0 | AJ26: =+'P01 2025'!CI16 -> 93.47046 | AK26: =+'P01 2026'!DW15 -> 218.736 | AL26: =+'P01 2025'!CX17 -> 93.47046 | AM26: =+'P01 2026'!ER16 -> 109.368 | AN26: =+'P01 2025'!DN17 -> 93.47046 | AO26: 0 | AP26: =+'P01 2025'!EY16 -> 181.32 | AQ26: =+'P01 2025'!FR17 -> 181.32
A27: 2101002002 Otras Cotizaciones Previsionales | E27: 2 | F27: =+CONCATENATE($B$9,"",$C$10,"",$D$25,"00",E27) -> 21.01.002.002 | G27: Otras Cotizaciones Previsionales | H27: =+'P01 2026'!H18 -> 14000 | I27: =+'P01 2026'!FB18 -> 14000 | J27: =SUMIF(W$3:$AQ19,"ok",W27:AQ27) -> 10544.219 | K27: =IFERROR(J27/I27,0%) -> 0.7531585 | L27: ='P01 2026'!FD18 -> 10544.219 | M27: =+IFERROR(L27/I27,0%) -> 0.7531585 | N27: =I27-L27 -> 3455.781 | O27: =+IFERROR(N27/I27,0) -> 0.2468415 | P27: =+'P01 2026'!FG18 -> 10231.191 | Q27: =+IFERROR(P27/J27,0) -> 0.97031283 | R27: =+'P01 2026'!FH18 -> 313.028 | S27: =IFERROR(+R27/J27,0%) -> 0.029687168 | T27: =+'P01 2025'!DV19 -> 18426.779 | U27: =SUMIF(W$3:$AQ$3,"SI",W27:AQ27) -> 11029.863 | V27: =IFERROR(U27/T27,"0,00%") -> 0.59857789 | W27: =+'P01 2026'!I18 -> 1261.571 | X27: =+'P01 2025'!G19 -> 1240.8188 | Y27: =+'P01 2026'!R17 -> 1056.706 | Z27: =+'P01 2025'!N16 -> 1138.4271 | AA27: =+'P01 2026'!AJ18 -> 1050.31 | AB27: =+'P01 2025'!AC18 -> 1175.2256 | AC27: =+'P01 2026'!BB15 -> 1356.19 | AD27: =+'P01 2025'!AR18 -> 1159.6049 | AE27: =+'P01 2026'!BT14 -> 1716.461 | AF27: ='P01 2025'!BF16 -> 1118.4412 | AG27: =+'P01 2026'!CL16 -> 1163.023 | AH27: =+'P01 2025'!BU18 -> 1311.1103 | AI27: =+'P01 2026'!DE15 -> 1077.763 | AJ27: =+'P01 2025'!CI17 -> 1201.9965 | AK27: =+'P01 2026'!DW16 -> 729.266 | AL27: =+'P01 2025'!CX18 -> 1429.7774 | AM27: =+'P01 2026'!ER17 -> 1132.929 | AN27: =+'P01 2025'!DN18 -> 1254.461 | AO27: =+'P01 2025'!ED16 -> 1227.617 | AP27: =+'P01 2025'!EY17 -> 959.11 | AQ27: =+'P01 2025'!FR18 -> 1153.061
A28: 2101003 Asignaciones por Desempeño | D28: 003. | G28: Asignaciones por Desempeño | H28: =+'P01 2026'!H19 -> 45000 | I28: =+'P01 2026'!FB19 -> 45000 | J28: =SUMIF(W$3:$AQ20,"ok",W28:AQ28) -> 27147.618 | K28: =IFERROR(J28/I28,0%) -> 0.6032804 | L28: ='P01 2026'!FD19 -> 27147.618 | M28: =+IFERROR(L28/I28,0%) -> 0.6032804 | N28: =I28-L28 -> 17852.382 | O28: =+IFERROR(N28/I28,0) -> 0.3967196 | P28: =+'P01 2026'!FG19 -> 24357.34 | Q28: =+IFERROR(P28/J28,0) -> 0.89721831 | R28: =+'P01 2026'!FH19 -> 2790.278 | S28: =IFERROR(+R28/J28,0%) -> 0.10278169 | T28: =+'P01 2025'!DV20 -> 58374.993 | U28: =SUMIF(W$3:$AQ$3,"SI",W28:AQ28) -> 35505.754 | V28: =IFERROR(U28/T28,"0,00%") -> 0.60823569 | W28: =+'P01 2026'!I19 -> 0 | X28: =+'P01 2025'!G20 -> 0 | Y28: =+'P01 2026'!R18 -> 69.68 | Z28: 0 | AA28: =+'P01 2026'!AJ19 -> 10061.37 | AB28: =+'P01 2025'!AC19 -> 12163.98 | AC28: =+'P01 2026'!BB16 -> 580.638 | AD28: =+'P01 2025'!AR19 -> 473.74244 | AE28: 0 | AF28: 0 | AG28: =+'P01 2026'!CL17 -> 8811.298 | AH28: =+'P01 2025'!BU19 -> 11501.081 | AI28: =+'P01 2026'!DE16 -> -0.818 | AJ28: 0 | AK28: 0 | AL28: =+'P01 2025'!CX19 -> 9.256318 | AM28: =+'P01 2026'!ER18 -> 7625.45 | AN28: =+'P01 2025'!DN19 -> 11357.694 | AO28: 0 | AP28: 0 | AQ28: =+'P01 2025'!FR19 -> 10518.276
A29: 2101003001 Desempeño Institucional | E29: 1 | F29: =+CONCATENATE($B$9,"",$C$10,"",$D$28,"00",E29) -> 21.01.003.001 | G29: Desempeño Institucional | H29: =+'P01 2026'!H20 -> 23400 | I29: =+'P01 2026'!FB20 -> 23400 | J29: =SUMIF(W$3:$AQ21,"ok",W29:AQ29) -> 16309.828 | K29: =IFERROR(J29/I29,0%) -> 0.6970012 | L29: ='P01 2026'!FD20 -> 16309.828 | M29: =+IFERROR(L29/I29,0%) -> 0.6970012 | N29: =I29-L29 -> 7090.172 | O29: =+IFERROR(N29/I29,0) -> 0.3029988 | P29: =+'P01 2026'!FG20 -> 14426.004 | Q29: =+IFERROR(P29/J29,0) -> 0.88449762 | R29: =+'P01 2026'!FH20 -> 1883.824 | S29: =IFERROR(+R29/J29,0%) -> 0.11550238 | T29: =+'P01 2025'!DV21 -> 31123.754 | U29: =SUMIF(W$3:$AQ$3,"SI",W29:AQ29) -> 18345.026 | V29: =IFERROR(U29/T29,"0,00%") -> 0.58942204 | W29: =+'P01 2026'!I20 -> 0 | X29: =+'P01 2025'!G21 -> 0 | Y29: =+'P01 2026'!R19 -> 35.614 | Z29: 0 | AA29: =+'P01 2026'!AJ20 -> 5110.672 | AB29: =+'P01 2025'!AC20 -> 6052.4164 | AC29: =+'P01 2026'!BB17 -> 580.638 | AD29: =+'P01 2025'!AR20 -> 230.7976 | AE29: 0 | AF29: 0 | AG29: =+'P01 2026'!CL18 -> 5574.766 | AH29: =+'P01 2025'!BU20 -> 5962.9803 | AI29: =+'P01 2026'!DE17 -> -0.818 | AJ29: 0 | AK29: 0 | AL29: =+'P01 2025'!CX20 -> 9.256318 | AM29: =+'P01 2026'!ER19 -> 5008.956 | AN29: =+'P01 2025'!DN20 -> 6089.5757 | AO29: 0 | AP29: 0 | AQ29: =+'P01 2025'!FR20 -> 5608.296
A30: 2101003002 Desempeño Colectivo | E30: 2 | F30: =+CONCATENATE($B$9,"",$C$10,"",$D$28,"00",E30) -> 21.01.003.002 | G30: Desempeño Colectivo | H30: =+'P01 2026'!H21 -> 21600 | I30: =+'P01 2026'!FB21 -> 21600 | J30: =SUMIF(W$3:$AQ22,"ok",W30:AQ30) -> 10837.79 | K30: =IFERROR(J30/I30,0%) -> 0.50174954 | L30: ='P01 2026'!FD21 -> 10837.79 | M30: =+IFERROR(L30/I30,0%) -> 0.50174954 | N30: =I30-L30 -> 10762.21 | O30: =+IFERROR(N30/I30,0) -> 0.49825046 | P30: =+'P01 2026'!FG21 -> 9931.336 | Q30: =+IFERROR(P30/J30,0) -> 0.91636173 | R30: =+'P01 2026'!FH21 -> 906.454 | S30: =IFERROR(+R30/J30,0%) -> 0.083638269 | T30: =+'P01 2025'!DV22 -> 27251.239 | U30: =SUMIF(W$3:$AQ$3,"SI",W30:AQ30) -> 17160.728 | V30: =IFERROR(U30/T30,"0,00%") -> 0.62972284 | W30: =+'P01 2026'!I21 -> 0 | X30: =+'P01 2025'!G22 -> 0 | Y30: =+'P01 2026'!R20 -> 34.066 | Z30: 0 | AA30: =+'P01 2026'!AJ21 -> 4950.698 | AB30: =+'P01 2025'!AC21 -> 6111.5639 | AC30: 0 | AD30: =+'P01 2025'!AR21 -> 242.94484 | AE30: 0 | AF30: 0 | AG30: =+'P01 2026'!CL19 -> 3236.532 | AH30: =+'P01 2025'!BU21 -> 5538.101 | AI30: 0 | AJ30: 0 | AK30: 0 | AL30: 0 | AM30: =+'P01 2026'!ER20 -> 2616.494 | AN30: =+'P01 2025'!DN21 -> 5268.1182 | AO30: 0 | AP30: 0 | AQ30: =+'P01 2025'!FR21 -> 4909.98
A31: 2101003003 Desempeño Individual | E31: 3 | F31: =+CONCATENATE($B$9,"",$C$10,"",$D$28,"00",E31) -> 21.01.003.003 | G31: Desempeño Individual | H31: 0 | I31: 0 | J31: =SUMIF(W$3:$AQ23,"ok",W31:AQ31) -> 0 | K31: =IFERROR(J31/I31,0%) -> 0 | L31: 0 | M31: =+IFERROR(L31/I31,0%) -> 0 | N31: 0 | O31: =+IFERROR(N31/I31,0) -> 0 | P31: 0 | Q31: =+IFERROR(P31/J31,0) -> 0 | R31: 0 | S31: =IFERROR(+R31/J31,0%) -> 0 | T31: 0 | U31: =SUMIF(W$3:$AQ22,"SI",W31:AQ31) -> 0 | V31: =IFERROR(U31/T31,"0,00%") -> 0,00% | W31: 0 | X31: 0 | Y31: 0 | Z31: 0 | AA31: 0 | AB31: 0 | AC31: 0 | AD31: 0 | AE31: 0 | AF31: 0 | AG31: 0 | AH31: 0 | AI31: 0 | AJ31: 0 | AK31: 0 | AL31: 0 | AM31: 0 | AN31: 0 | AO31: 0 | AP31: 0 | AQ31: 0
A32: 2101004 Remuneraciones Variables | D32: 004. | G32: Remuneraciones Variables | H32: =+'P01 2026'!H22 -> 80800 | I32: ='P01 2026'!FB22 -> 83660.789 | J32: =SUMIF(W$3:$AQ24,"ok",W32:AQ32) -> 51842.464 | K32: =IFERROR(J32/I32,0%) -> 0.61967458 | L32: ='P01 2026'!FD22 -> 51842.464 | M32: =+IFERROR(L32/I32,0%) -> 0.61967458 | N32: =I32-L32 -> 31818.325 | O32: =+IFERROR(N32/I32,0) -> 0.38032542 | P32: =+'P01 2026'!FG22 -> 50175.71 | Q32: =+IFERROR(P32/J32,0) -> 0.96784964 | R32: =+'P01 2026'!FH22 -> 1666.754 | S32: =IFERROR(+R32/J32,0%) -> 0.032150362 | T32: =+'P01 2025'!DV23 -> 99999.575 | U32: =SUM(U33:U36) -> 65385.938 | V32: =IFERROR(U32/T32,"0,00%") -> 0.65386216 | W32: =+'P01 2026'!I22 -> 7480.882 | X32: =+'P01 2025'!G23 -> 7312.3727 | Y32: =+'P01 2026'!R21 -> 7172.953 | Z32: =+'P01 2025'!N17 -> 7270.9295 | AA32: =+'P01 2026'!AJ22 -> 2561.24 | AB32: =+'P01 2025'!AC22 -> 7324.0683 | AC32: =+'P01 2026'!BB18 -> 8367.14 | AD32: =+'P01 2025'!AR22 -> 7536.6275 | AE32: =+'P01 2026'!BT15 -> 4517.247 | AF32: =SUM(AF33:AF36) -> 4793.2829 | AG32: =+'P01 2026'!CL20 -> 5604.665 | AH32: =+'P01 2025'!BU22 -> 5113.594 | AI32: =+'P01 2026'!DE18 -> 5384.349 | AJ32: =+'P01 2025'!CI18 -> 11397.039 | AK32: =+'P01 2026'!DW17 -> 5843.313 | AL32: =+'P01 2025'!CX21 -> 7844.8955 | AM32: =+'P01 2026'!ER21 -> 4910.675 | AN32: =+'P01 2025'!DN22 -> 6793.1281 | AO32: =+'P01 2025'!ED17 -> 7603.216 | AP32: =+'P01 2025'!EY18 -> 5616.31 | AQ32: =+'P01 2025'!FR22 -> 6268.015
A33: 2101004004 Asignación por Desempeño de Funciones Críticas | E33: 4 | F33: 21.01.004.004 | G33: Asignación por Desempeño de Funciones Críticas | H33: =+'P01 2026'!H23 -> 75200 | I33: ='P01 2026'!FB23 -> 75200 | J33: =SUMIF(W$3:$AQ25,"ok",W33:AQ33) -> 45469.042 | K33: =IFERROR(J33/I33,0%) -> 0.60464152 | L33: ='P01 2026'!FD23 -> 45469.042 | M33: =+IFERROR(L33/I33,0%) -> 0.60464152 | N33: =I33-L33 -> 29730.958 | O33: =+IFERROR(N33/I33,0) -> 0.39535848 | P33: =+'P01 2026'!FG23 -> 43802.288 | Q33: =+IFERROR(P33/J33,0) -> 0.9633431 | R33: =+'P01 2026'!FH23 -> 1666.754 | S33: =IFERROR(+R33/J33,0%) -> 0.036656897 | T33: =+'P01 2025'!DV24 -> 92572.682 | U33: =SUMIF(W$3:$AQ22,"SI",W33:AQ33) -> 59747.273 | V33: =IFERROR(U33/T33,"0,00%") -> 0.64540933 | W33: =+'P01 2026'!I23 -> 6519.711 | X33: =+'P01 2025'!G24 -> 6721.822 | Y33: =+'P01 2026'!R22 -> 6519.711 | Z33: =+'P01 2025'!N18 -> 6721.822 | AA33: =+'P01 2026'!AJ23 -> 2173.238 | AB33: =+'P01 2025'!AC23 -> 6721.822 | AC33: =+'P01 2026'!BB19 -> 7679.319 | AD33: =+'P01 2025'!AR23 -> 6721.822 | AE33: =+'P01 2026'!BT16 -> 4517.247 | AF33: ='P01 2025'!BF18 -> 4474.4462 | AG33: =+'P01 2026'!CL21 -> 4517.247 | AH33: =+'P01 2025'!BU23 -> 4474.4462 | AI33: =+'P01 2026'!DE19 -> 4508.075 | AJ33: =+'P01 2025'!CI19 -> 10467.448 | AK33: =+'P01 2026'!DW18 -> 4517.247 | AL33: =+'P01 2025'!CX22 -> 6721.822 | AM33: =+'P01 2026'!ER22 -> 4517.247 | AN33: =+'P01 2025'!DN23 -> 6721.822 | AO33: =+'P01 2025'!ED18 -> 6519.711 | AP33: =+'P01 2025'!EY19 -> 4993.85 | AQ33: =+'P01 2025'!FR23 -> 5647.79
A34: 2101004005 Trabajos Extraordinarios | E34: 5 | F34: 21.01.004.005 | G34: Trabajos Extraordinarios | H34: =+'P01 2026'!H24 -> 600 | I34: ='P01 2026'!FB24 -> 600 | J34: =SUMIF(W$3:$AQ26,"ok",W34:AQ34) -> 37.182 | K34: =IFERROR(J34/I34,0%) -> 0.06197 | L34: ='P01 2026'!FD24 -> 37.182 | M34: =+IFERROR(L34/I34,0%) -> 0.06197 | N34: =I34-L34 -> 562.818 | O34: =+IFERROR(N34/I34,0) -> 0.93803 | P34: =+'P01 2026'!FG24 -> 37.182 | Q34: =+IFERROR(P34/J34,0) -> 1 | R34: =+'P01 2026'!FH24 -> 0 | S34: =IFERROR(+R34/J34,0%) -> 0 | T34: =+'P01 2025'!DV25 -> 142.4842 | U34: =SUMIF(W$3:$AQ24,"SI",W34:AQ34) -> 50.490132 | V34: =IFERROR(U34/T34,"0,00%") -> 0.35435601 | W34: =+'P01 2026'!I24 -> 37.182 | X34: =+'P01 2025'!G25 -> 50.490132 | Y34: 0 | Z34: 0 | AA34: 0 | AB34: 0 | AC34: 0 | AD34: 0 | AE34: 0 | AF34: 0 | AG34: 0 | AH34: 0 | AI34: 0 | AJ34: 0 | AK34: 0 | AL34: 0 | AM34: 0 | AN34: 0 | AO34: 0 | AP34: 0 | AQ34: =+'P01 2025'!FR24 -> 516.482
A35: 2101004006 Comisiones de Servicios en el Pais | E35: 6 | F35: 21.01.004.006 | G35: Comisiones de Servicios en el País | H35: =+'P01 2026'!H25 -> 4000 | I35: ='P01 2026'!FB25 -> 6860.789 | J35: =SUMIF(W$3:$AQ27,"ok",W35:AQ35) -> 5743.384 | K35: =IFERROR(J35/I35,0%) -> 0.83713171 | L35: ='P01 2026'!FD25 -> 5743.384 | M35: =+IFERROR(L35/I35,0%) -> 0.83713171 | N35: =I35-L35 -> 1117.405 | O35: =+IFERROR(N35/I35,0) -> 0.16286829 | P35: =+'P01 2026'!FG25 -> 5743.384 | Q35: =+IFERROR(P35/J35,0) -> 1 | R35: =+'P01 2026'!FH25 -> 0 | S35: =IFERROR(+R35/J35,0%) -> 0 | T35: =+'P01 2025'!DV26 -> 5737.9088 | U35: =SUMIF(W$3:$AQ25,"SI",W35:AQ35) -> 5588.1746 | V35: =IFERROR(U35/T35,"0,00%") -> 0.9739044 | W35: =+'P01 2026'!I25 -> 923.989 | X35: =+'P01 2025'!G26 -> 540.06048 | Y35: =+'P01 2026'!R23 -> 653.242 | Z35: =+'P01 2025'!N19 -> 549.10751 | AA35: =+'P01 2026'!AJ24 -> 388.002 | AB35: =+'P01 2025'!AC24 -> 602.24628 | AC35: =+'P01 2026'!BB20 -> 687.821 | AD35: =+'P01 2025'!AR24 -> 814.80549 | AE35: 0 | AF35: ='P01 2025'!BF19 -> 318.83675 | AG35: =+'P01 2026'!CL22 -> 1087.418 | AH35: =+'P01 2025'!BU24 -> 639.14783 | AI35: =+'P01 2026'!DE20 -> 876.274 | AJ35: =+'P01 2025'!CI20 -> 929.59084 | AK35: =+'P01 2026'!DW19 -> 733.21 | AL35: =+'P01 2025'!CX23 -> 1123.0735 | AM35: =+'P01 2026'!ER23 -> 393.428 | AN35: =+'P01 2025'!DN24 -> 71.306022 | AO35: =+'P01 2025'!ED19 -> -262.132 | AP35: =+'P01 2025'!EY20 -> 622.46 | AQ35: =+'P01 2025'!FR25 -> 103.743
A36: 2101004007 Comisiones de Servicios en el Exterior | E36: 7 | F36: 21.01.004.007 | G36: Comisiones de Servicios en el Exterior | H36: =+'P01 2026'!H26 -> 1000 | I36: ='P01 2026'!FB26 -> 1000 | J36: =SUMIF(W$3:$AQ28,"ok",W36:AQ36) -> 592.856 | K36: =IFERROR(J36/I36,0%) -> 0.592856 | L36: ='P01 2026'!FD26 -> 592.856 | M36: =+IFERROR(L36/I36,0%) -> 0.592856 | N36: =I36-L36 -> 407.144 | O36: =+IFERROR(N36/I36,0) -> 0.407144 | P36: =+'P01 2026'!FG26 -> 592.856 | Q36: =+IFERROR(P36/J36,0) -> 1 | R36: =+'P01 2026'!FH26 -> 0 | S36: =IFERROR(+R36/J36,0%) -> 0 | T36: =+'P01 2025'!DV27 -> 1546.5 | U36: =SUMIF(W$3:$AQ26,"SI",W36:AQ36) -> 0 | V36: =IFERROR(U36/T36,"0,00%") -> 0 | W36: =+'P01 2026'!I26 -> 0 | X36: =+'P01 2025'!G27 -> 0 | Y36: 0 | Z36: 0 | AA36: 0 | AB36: 0 | AC36: 0 | AD36: 0 | AE36: 0 | AF36: 0 | AG36: 0 | AH36: 0 | AI36: 0 | AJ36: 0 | AK36: =+'P01 2026'!DW20 -> 592.856 | AL36: 0 | AM36: 0 | AN36: 0 | AO36: =+'P01 2025'!ED20 -> 1345.637 | AP36: 0 | AQ36: 0
A37: 2101005 Aguinaldos y Bonos | D37: 005. | G37: Aguinaldos y Bonos | H37: =+'P01 2026'!H27 -> 350 | I37: ='P01 2026'!FB27 -> 789.534 | J37: =SUMIF(W$3:$AQ29,"ok",W37:AQ37) -> 439.534 | K37: =IFERROR(J37/I37,0%) -> 0.55670053 | L37: ='P01 2026'!FD27 -> 439.534 | M37: =+IFERROR(L37/I37,0%) -> 0.55670053 | N37: =I37-L37 -> 350 | O37: =+IFERROR(N37/I37,0) -> 0.44329947 | P37: =+'P01 2026'!FG27 -> 429.53 | Q37: =+IFERROR(P37/J37,0) -> 0.97723953 | R37: =+'P01 2026'!FH27 -> 10.004 | S37: =IFERROR(+R37/J37,0%) -> 0.022760469 | T37: =+'P01 2025'!DV28 -> 1268.6981 | U37: =SUM(U38:U40) -> 799.13119 | V37: =IFERROR(U37/T37,"0,00%") -> 0.62988287 | W37: =+'P01 2026'!I27 -> 0 | X37: =+'P01 2025'!G28 -> 225.17452 | Y37: =+'P01 2026'!R24 -> 312.244 | Z37: 0 | AA37: 0 | AB37: =+'P01 2025'!AC25 -> 177.81038 | AC37: 0 | AD37: 0 | AE37: 0 | AF37: 0 | AG37: 0 | AH37: =+'P01 2025'!BU25 -> 177.81038 | AI37: 0 | AJ37: 0 | AK37: 0 | AL37: 0 | AM37: =+'P01 2026'!ER24 -> 127.29 | AN37: =+'P01 2025'!DN25 -> 218.3359 | AO37: 0 | AP37: 0 | AQ37: =+'P01 2025'!FR26 -> 360.123
A38: 2101005001 Aguinaldos | E38: 1 | F38: =+CONCATENATE($B$9,"",$C$10,"",$D$37,"00",E38) -> 21.01.005.001 | G38: Aguinaldos | H38: 0 | I38: ='P01 2026'!FB28 -> 132.109 | J38: =SUMIF(W$3:$AQ30,"ok",W38:AQ38) -> 132.109 | K38: =IFERROR(J38/I38,0%) -> 1 | L38: ='P01 2026'!FD28 -> 132.109 | M38: =+IFERROR(L38/I38,0%) -> 1 | N38: =I38-L38 -> 0 | O38: =+IFERROR(N38/I38,0) -> 0 | P38: =+'P01 2026'!FG28 -> 122.105 | Q38: =+IFERROR(P38/J38,0) -> 0.92427465 | R38: =+'P01 2026'!FH28 -> 10.004 | S38: =IFERROR(+R38/J38,0%) -> 0.075725348 | T38: =+'P01 2025'!DV29 -> 355.64757 | U38: =SUMIF(W$3:$AQ28,"SI",W38:AQ38) -> 218.3359 | V38: =IFERROR(U38/T38,"0,00%") -> 0.61391084 | W38: 0 | X38: =+'P01 2025'!G29 -> 0 | Y38: =+'P01 2026'!R25 -> 4.819 | Z38: 0 | AA38: 0 | AB38: 0 | AC38: 0 | AD38: 0 | AE38: 0 | AF38: 0 | AG38: 0 | AH38: 0 | AI38: 0 | AJ38: 0 | AK38: 0 | AL38: 0 | AM38: =+'P01 2026'!ER25 -> 127.29 | AN38: =+'P01 2025'!DN26 -> 218.3359 | AO38: 0 | AP38: 0 | AQ38: =+'P01 2025'!FR27 -> 141.719
A39: 2101005002 Bono de Escolaridad | E39: 2 | F39: =+CONCATENATE($B$9,"",$C$10,"",$D$37,"00",E39) -> 21.01.005.002 | G39: Bono de Escolaridad | H39: =+'P01 2026'!H28 -> 350 | I39: ='P01 2026'!FB29 -> 350 | J39: =SUMIF(W$3:$AQ31,"ok",W39:AQ39) -> 0 | K39: =IFERROR(J39/I39,0%) -> 0 | L39: ='P01 2026'!FD29 -> 0 | M39: =+IFERROR(L39/I39,0%) -> 0 | N39: =I39-L39 -> 350 | O39: =+IFERROR(N39/I39,0) -> 1 | P39: =+'P01 2026'!FG29 -> 0 | Q39: =+IFERROR(P39/J39,0) -> 0 | R39: =+'P01 2026'!FH29 -> 0 | S39: =IFERROR(+R39/J39,0%) -> 0 | T39: =+'P01 2025'!DV30 -> 357.2714 | U39: =SUMIF(W$3:$AQ29,"SI",W39:AQ39) -> 355.62077 | V39: =IFERROR(U39/T39,"0,00%") -> 0.9953799 | W39: =+'P01 2026'!I28 -> 0 | X39: =+'P01 2025'!G30 -> 0 | Y39: 0 | Z39: 0 | AA39: 0 | AB39: =+'P01 2025'!AC26 -> 177.81038 | AC39: 0 | AD39: 0 | AE39: 0 | AF39: 0 | AG39: 0 | AH39: =+'P01 2025'!BU26 -> 177.81038 | AI39: 0 | AJ39: 0 | AK39: 0 | AL39: 0 | AM39: 0 | AN39: 0 | AO39: 0 | AP39: 0 | AQ39: 0
A40: 2101005003 Bonos Especiales | E40: 3 | F40: =+CONCATENATE($B$9,"",$C$10,"",$D$37,"00",E40) -> 21.01.005.003 | G40: Bonos Especiales | H40: 0 | I40: ='P01 2026'!FB30 -> 307.425 | J40: =SUMIF(W$3:$AQ32,"ok",W40:AQ40) -> 307.425 | K40: =IFERROR(J40/I40,0%) -> 1 | L40: ='P01 2026'!FD30 -> 307.425 | M40: =+IFERROR(L40/I40,0%) -> 1 | N40: =I40-L40 -> 0 | O40: =+IFERROR(N40/I40,0) -> 0 | P40: =+'P01 2026'!FG30 -> 307.425 | Q40: =+IFERROR(P40/J40,0) -> 1 | R40: =+'P01 2026'!FH30 -> 0 | S40: =IFERROR(+R40/J40,0%) -> 0 | T40: =+'P01 2025'!DV31 -> 555.77911 | U40: =SUMIF(W$3:$AQ30,"SI",W40:AQ40) -> 225.17452 | V40: =IFERROR(U40/T40,"0,00%") -> 0.40515111 | W40: 0 | X40: =+'P01 2025'!G31 -> 225.17452 | Y40: =+'P01 2026'!R26 -> 307.425 | Z40: 0 | AA40: 0 | AB40: 0 | AC40: 0 | AD40: 0 | AE40: 0 | AF40: 0 | AG40: 0 | AH40: 0 | AI40: 0 | AJ40: 0 | AK40: 0 | AL40: 0 | AM40: 0 | AN40: 0 | AO40: 0 | AP40: 0 | AQ40: =+'P01 2025'!FR28 -> 218.404
A41: 2102 Personal a Contrata | C41: 02. | G41: Personal a Contrata | H41: =+'P01 2026'!H29 -> 18225778 | I41: ='P01 2026'!FB31 -> 17716478 | J41: =SUMIF(W$3:$AQ33,"ok",W41:AQ41) -> 13877412 | K41: =IFERROR(J41/I41,0%) -> 0.78330537 | L41: ='P01 2026'!FD31 -> 13877412 | M41: =+IFERROR(L41/I41,0%) -> 0.78330537 | N41: =I41-L41 -> 3839065.6 | O41: =+IFERROR(N41/I41,0) -> 0.21669463 | P41: =+'P01 2026'!FG31 -> 13424495 | Q41: =+IFERROR(P41/J41,0) -> 0.96736299 | R41: =+'P01 2026'!FH31 -> 452917.22 | S41: =IFERROR(+R41/J41,0%) -> 0.03263701 | T41: =+'P01 2025'!DV32 -> 18399545 | U41: =SUMIF(W$3:$AQ33,"SI",W41:AQ41) -> 14502527 | V41: =IFERROR(U41/T41,"0,00%") -> 0.7882003 | W41: =+'P01 2026'!I29 -> 1259708.1 | X41: =+'P01 2025'!G32 -> 1266758.2 | Y41: =+'P01 2026'!R27 -> 1360010.7 | Z41: =+'P01 2025'!N20 -> 1254424.9 | AA41: =+'P01 2026'!AJ25 -> 2169912.8 | AB41: =+'P01 2025'!AC27 -> 2262523.2 | AC41: =+'P01 2026'!BB21 -> 1251342.9 | AD41: =+'P01 2025'!AR25 -> 1282844.3 | AE41: =+'P01 2026'!BT17 -> 1150444.4 | AF41: ='P01 2025'!BF20 -> 1261020.8 | AG41: =+'P01 2026'!CL23 -> 2151176.6 | AH41: =+'P01 2025'!BU27 -> 2295178.1 | AI41: =+'P01 2026'!DE21 -> 1206170.7 | AJ41: =+'P01 2025'!CI21 -> 1288522.5 | AK41: =+'P01 2026'!DW21 -> 1195965.9 | AL41: =+'P01 2025'!CX24 -> 1292794.5 | AM41: =+'P01 2026'!ER26 -> 2132679.7 | AN41: =+'P01 2025'!DN27 -> 2298460.3 | AO41: =+'P01 2025'!ED21 -> 1245758 | AP41: =+'P01 2025'!EY21 -> 1252708.1 | AQ41: =+'P01 2025'!FR29 -> 2279187.7
A42: 2102001 Sueldos y Sobresueldos | D42: 001. | G42: Sueldos y Sobresueldos | H42: =+'P01 2026'!H30 -> 15534671 | I42: ='P01 2026'!FB32 -> 15034246 | J42: =SUMIF(W$3:$AQ34,"ok",W42:AQ42) -> 11901804 | K42: =IFERROR(J42/I42,0%) -> 0.79164617 | L42: ='P01 2026'!FD32 -> 11901804 | M42: =+IFERROR(L42/I42,0%) -> 0.79164617 | N42: =I42-L42 -> 3132442.8 | O42: =+IFERROR(N42/I42,0) -> 0.20835383 | P42: =+'P01 2026'!FG32 -> 11609820 | Q42: =+IFERROR(P42/J42,0) -> 0.97546725 | R42: =+'P01 2026'!FH32 -> 291983.98 | S42: =IFERROR(+R42/J42,0%) -> 0.024532751 | T42: =+'P01 2025'!DV33 -> 15567120 | U42: =SUM(U43:U55) -> 12332138 | V42: =IFERROR(U42/T42,"0,00%") -> 0.79219136 | W42: =+'P01 2026'!I30 -> 1165494.5 | X42: =+'P01 2025'!G33 -> 1161559.1 | Y42: =+'P01 2026'!R28 -> 1242704.3 | Z42: =+'P01 2025'!N21 -> 1181690.4 | AA42: =+'P01 2026'!AJ26 -> 1642940.8 | AB42: =+'P01 2025'!AC28 -> 1723410.3 | AC42: =+'P01 2026'!BB22 -> 1185418.5 | AD42: =+'P01 2025'!AR26 -> 1191119.9 | AE42: =+'P01 2026'!BT18 -> 1085981.2 | AF42: ='P01 2025'!BF21 -> 1181766.8 | AG42: =+'P01 2026'!CL24 -> 1664277.1 | AH42: =+'P01 2025'!BU28 -> 1745864.3 | AI42: =+'P01 2026'!DE22 -> 1145937.2 | AJ42: =+'P01 2025'!CI22 -> 1203767.1 | AK42: =+'P01 2026'!DW22 -> 1125128 | AL42: =+'P01 2025'!CX25 -> 1194705.1 | AM42: =+'P01 2026'!ER27 -> 1643921.9 | AN42: =+'P01 2025'!DN28 -> 1748254.9 | AO42: =+'P01 2025'!ED22 -> 1154260.8 | AP42: =+'P01 2025'!EY22 -> 1165357.5 | AQ42: =+'P01 2025'!FR30 -> 1716893.9
A43: 2102001001 Sueldos Bases | E43: 1 | F43: =+CONCATENATE($B$9,"",$C$41,"",$D$42,"00",E43) -> 21.02.001.001 | G43: Sueldos base | H43: =+'P01 2026'!H31 -> 3398000 | I43: ='P01 2026'!FB33 -> 2897575.4 | J43: =SUMIF(W$3:$AQ35,"ok",W43:AQ43) -> 2515365.8 | K43: =IFERROR(J43/I43,0%) -> 0.86809329 | L43: ='P01 2026'!FD33 -> 2515365.8 | M43: =+IFERROR(L43/I43,0%) -> 0.86809329 | N43: =I43-L43 -> 382209.63 | O43: =+IFERROR(N43/I43,0) -> 0.13190671 | P43: =+'P01 2026'!FG33 -> 2463388.7 | Q43: =+IFERROR(P43/J43,0) -> 0.97933619 | R43: =+'P01 2026'!FH33 -> 51977.051 | S43: =IFERROR(+R43/J43,0%) -> 0.020663814 | T43: =+'P01 2025'!DV34 -> 3299523.8 | U43: =SUMIF(W$3:$AQ35,"SI",W43:AQ43) -> 2547113.5 | V43: =IFERROR(U43/T43,"0,00%") -> 0.77196399 | W43: =+'P01 2026'!I31 -> 278015.85 | X43: =+'P01 2025'!G34 -> 278082.25 | Y43: =+'P01 2026'!R29 -> 304005.24 | Z43: =+'P01 2025'!N22 -> 282959.93 | AA43: =+'P01 2026'!AJ27 -> 263558.22 | AB43: =+'P01 2025'!AC29 -> 280259.56 | AC43: =+'P01 2026'!BB23 -> 292471.45 | AD43: =+'P01 2025'!AR27 -> 283664.32 | AE43: =+'P01 2026'!BT19 -> 258677.62 | AF43: ='P01 2025'!BF22 -> 282878.25 | AG43: =+'P01 2026'!CL25 -> 279199.5 | AH43: =+'P01 2025'!BU29 -> 284046.37 | AI43: =+'P01 2026'!DE23 -> 285216.41 | AJ43: =+'P01 2025'!CI23 -> 286106.49 | AK43: =+'P01 2026'!DW23 -> 276206.58 | AL43: =+'P01 2025'!CX26 -> 285140.06 | AM43: =+'P01 2026'!ER28 -> 278014.88 | AN43: =+'P01 2025'!DN29 -> 283976.31 | AO43: =+'P01 2025'!ED23 -> 275597.06 | AP43: =+'P01 2025'!EY23 -> 286742.48 | AQ43: =+'P01 2025'!FR31 -> 288507.81
A44: 2102001002 Asignación de Antigüedad | E44: 2 | F44: =+CONCATENATE($B$9,"",$C$41,"",$D$42,"00",E44) -> 21.02.001.002 | G44: Asignación de Antigüedad | H44: =+'P01 2026'!H32 -> 160000 | I44: ='P01 2026'!FB34 -> 160000 | J44: =SUMIF(W$3:$AQ36,"ok",W44:AQ44) -> 124229.67 | K44: =IFERROR(J44/I44,0%) -> 0.77643546 | L44: ='P01 2026'!FD34 -> 124229.67 | M44: =+IFERROR(L44/I44,0%) -> 0.77643546 | N44: =I44-L44 -> 35770.326 | O44: =+IFERROR(N44/I44,0) -> 0.22356454 | P44: =+'P01 2026'!FG34 -> 116893.17 | Q44: =+IFERROR(P44/J44,0) -> 0.94094404 | R44: =+'P01 2026'!FH34 -> 7336.503 | S44: =IFERROR(+R44/J44,0%) -> 0.059055963 | T44: =+'P01 2025'!DV35 -> 149362.72 | U44: =SUMIF(W$3:$AQ36,"SI",W44:AQ44) -> 124888.75 | V44: =IFERROR(U44/T44,"0,00%") -> 0.83614405 | W44: =+'P01 2026'!I32 -> 13532.881 | X44: =+'P01 2025'!G35 -> 13109.55 | Y44: =+'P01 2026'!R30 -> 14416.546 | Z44: =+'P01 2025'!N23 -> 13129.364 | AA44: =+'P01 2026'!AJ28 -> 13765.699 | AB44: =+'P01 2025'!AC30 -> 13334.183 | AC44: =+'P01 2026'!BB24 -> 13511.598 | AD44: =+'P01 2025'!AR28 -> 13402.498 | AE44: =+'P01 2026'!BT20 -> 13550.466 | AF44: ='P01 2025'!BF23 -> 13454.561 | AG44: =+'P01 2026'!CL26 -> 13734.996 | AH44: =+'P01 2025'!BU30 -> 13526.732 | AI44: =+'P01 2026'!DE24 -> 13947.034 | AJ44: =+'P01 2025'!CI24 -> 18483.129 | AK44: =+'P01 2026'!DW24 -> 13970.097 | AL44: =+'P01 2025'!CX27 -> 13157.389 | AM44: =+'P01 2026'!ER29 -> 13800.357 | AN44: =+'P01 2025'!DN30 -> 13291.342 | AO44: =+'P01 2025'!ED24 -> 12878.437 | AP44: =+'P01 2025'!EY24 -> 12881.796 | AQ44: =+'P01 2025'!FR32 -> 12923.854
A45: 2102001003 Asignación Profesional | E45: 3 | F45: =+CONCATENATE($B$9,"",$C$41,"",$D$42,"00",E45) -> 21.02.001.003 | G45: Asignación Profesional | H45: =+'P01 2026'!H33 -> 2400000 | I45: ='P01 2026'!FB35 -> 2400000 | J45: =SUMIF(W$3:$AQ37,"ok",W45:AQ45) -> 1737721.5 | K45: =IFERROR(J45/I45,0%) -> 0.72405064 | L45: ='P01 2026'!FD35 -> 1737721.5 | M45: =+IFERROR(L45/I45,0%) -> 0.72405064 | N45: =I45-L45 -> 662278.45 | O45: =+IFERROR(N45/I45,0) -> 0.27594936 | P45: =+'P01 2026'!FG35 -> 1685649.8 | Q45: =+IFERROR(P45/J45,0) -> 0.97003445 | R45: =+'P01 2026'!FH35 -> 52071.781 | S45: =IFERROR(+R45/J45,0%) -> 0.029965549 | T45: =+'P01 2025'!DV36 -> 2282677.6 | U45: =SUMIF(W$3:$AQ37,"SI",W45:AQ45) -> 1815472.8 | V45: =IFERROR(U45/T45,"0,00%") -> 0.79532599 | W45: =+'P01 2026'!I33 -> 198314.73 | X45: =+'P01 2025'!G36 -> 197336.56 | Y45: =+'P01 2026'!R31 -> 209083.7 | Z45: =+'P01 2025'!N24 -> 201178 | AA45: =+'P01 2026'!AJ29 -> 186566.1 | AB45: =+'P01 2025'!AC31 -> 200488.87 | AC45: =+'P01 2026'!BB25 -> 197728.9 | AD45: =+'P01 2025'!AR29 -> 201814.76 | AE45: =+'P01 2026'!BT21 -> 184763.77 | AF45: ='P01 2025'!BF24 -> 201009.65 | AG45: =+'P01 2026'!CL27 -> 192117.33 | AH45: =+'P01 2025'!BU31 -> 202709.99 | AI45: =+'P01 2026'!DE25 -> 191344.44 | AJ45: =+'P01 2025'!CI25 -> 204104.09 | AK45: =+'P01 2026'!DW25 -> 189367.14 | AL45: =+'P01 2025'!CX28 -> 203719.53 | AM45: =+'P01 2026'!ER30 -> 188435.43 | AN45: =+'P01 2025'!DN31 -> 203111.35 | AO45: =+'P01 2025'!ED25 -> 196805.66 | AP45: =+'P01 2025'!EY25 -> 196736.04 | AQ45: =+'P01 2025'!FR33 -> 198168.85
A46: 2102001004 Asignación de Zona | E46: 4 | F46: =+CONCATENATE($B$9,"",$C$41,"",$D$42,"00",E46) -> 21.02.001.004 | G46: Asignación de Zona | H46: =+'P01 2026'!H34 -> 303000 | I46: ='P01 2026'!FB36 -> 303000 | J46: =SUMIF(W$3:$AQ38,"ok",W46:AQ46) -> 233636.91 | K46: =IFERROR(J46/I46,0%) -> 0.7710789 | L46: ='P01 2026'!FD36 -> 233636.91 | M46: =+IFERROR(L46/I46,0%) -> 0.7710789 | N46: =I46-L46 -> 69363.094 | O46: =+IFERROR(N46/I46,0) -> 0.2289211 | P46: =+'P01 2026'!FG36 -> 219331.72 | Q46: =+IFERROR(P46/J46,0) -> 0.93877172 | R46: =+'P01 2026'!FH36 -> 14305.187 | S46: =IFERROR(+R46/J46,0%) -> 0.061228285 | T46: =+'P01 2025'!DV37 -> 298374.12 | U46: =SUMIF(W$3:$AQ38,"SI",W46:AQ46) -> 233508.28 | V46: =IFERROR(U46/T46,"0,00%") -> 0.78260234 | W46: =+'P01 2026'!I34 -> 26455.481 | X46: =+'P01 2025'!G37 -> 25861.074 | Y46: =+'P01 2026'!R32 -> 27021.386 | Z46: =+'P01 2025'!N25 -> 25344.111 | AA46: =+'P01 2026'!AJ30 -> 27788.378 | AB46: =+'P01 2025'!AC32 -> 25284.781 | AC46: =+'P01 2026'!BB26 -> 27399.701 | AD46: =+'P01 2025'!AR30 -> 25461.346 | AE46: =+'P01 2026'!BT22 -> 25065.904 | AF46: ='P01 2025'!BF25 -> 25483.214 | AG46: =+'P01 2026'!CL28 -> 25546.534 | AH46: =+'P01 2025'!BU32 -> 26149.3 | AI46: =+'P01 2026'!DE26 -> 25035.046 | AJ46: =+'P01 2025'!CI26 -> 26641.392 | AK46: =+'P01 2026'!DW26 -> 25014.916 | AL46: =+'P01 2025'!CX29 -> 26678.63 | AM46: =+'P01 2026'!ER31 -> 24309.56 | AN46: =+'P01 2025'!DN32 -> 26604.436 | AO46: =+'P01 2025'!ED26 -> 24773.07 | AP46: =+'P01 2025'!EY26 -> 25277.711 | AQ46: =+'P01 2025'!FR34 -> 26290.299
A47: 2102001006 Asignaciones del DL N ° 2.411, de 1978 | E47: 6 | F47: =+CONCATENATE($B$9,"",$C$41,"",$D$42,"00",E47) -> 21.02.001.006 | G47: Asignaciónes del DL N° 2.411, de 1978 | H47: 0 | I47: 0 | J47: =SUMIF(W$3:$AQ39,"ok",W47:AQ47) -> 0 | K47: =IFERROR(J47/I47,0%) -> 0 | L47: 0 | M47: =+IFERROR(L47/I47,0%) -> 0 | N47: 0 | O47: =+IFERROR(N47/I47,0) -> 0 | P47: 0 | Q47: =+IFERROR(P47/J47,0) -> 0 | R47: 0 | S47: =IFERROR(+R47/J47,0%) -> 0 | T47: 0 | U47: =SUMIF(W$3:$AQ39,"SI",W47:AQ47) -> 0 | V47: =IFERROR(U47/T47,"0,00%") -> 0,00% | W47: 0 | X47: 0 | Y47: 0 | Z47: 0 | AA47: 0 | AB47: 0 | AC47: 0 | AD47: 0 | AE47: 0 | AF47: 0 | AG47: 0 | AH47: 0 | AI47: 0 | AJ47: 0 | AK47: 0 | AL47: 0 | AM47: 0 | AN47: 0 | AO47: 0 | AP47: 0 | AQ47: 0
A48: 2102001007 Asignaciones del DL N ° 3.551, de 1981 | E48: 7 | F48: =+CONCATENATE($B$9,"",$C$41,"",$D$42,"00",E48) -> 21.02.001.007 | G48: Asignaciónes del DL N° 3.551, de 1981 | H48: =+'P01 2026'!H35 -> 130000 | I48: ='P01 2026'!FB37 -> 130000 | J48: =SUMIF(W$3:$AQ40,"ok",W48:AQ48) -> 75428.42 | K48: =IFERROR(J48/I48,0%) -> 0.58021862 | L48: ='P01 2026'!FD37 -> 75428.42 | M48: =+IFERROR(L48/I48,0%) -> 0.58021862 | N48: =I48-L48 -> 54571.58 | O48: =+IFERROR(N48/I48,0) -> 0.41978138 | P48: =+'P01 2026'!FG37 -> 72035.841 | Q48: =+IFERROR(P48/J48,0) -> 0.95502254 | R48: =+'P01 2026'!FH37 -> 3392.579 | S48: =IFERROR(+R48/J48,0%) -> 0.044977463 | T48: =+'P01 2025'!DV38 -> 154467 | U48: =SUMIF(W$3:$AQ40,"SI",W48:AQ48) -> 97510.007 | V48: =IFERROR(U48/T48,"0,00%") -> 0.63126757 | W48: =+'P01 2026'!I35 -> 9172.175 | X48: =+'P01 2025'!G38 -> 9787.1376 | Y48: =+'P01 2026'!R33 -> 9782.16 | Z48: =+'P01 2025'!N26 -> 9787.1376 | AA48: =+'P01 2026'!AJ31 -> 6891.604 | AB48: =+'P01 2025'!AC33 -> 10664.008 | AC48: =+'P01 2026'!BB27 -> 10611.354 | AD48: =+'P01 2025'!AR31 -> 10664.008 | AE48: =+'P01 2026'!BT23 -> 7686.817 | AF48: ='P01 2025'!BF26 -> 10099.836 | AG48: =+'P01 2026'!CL29 -> 7794.433 | AH48: =+'P01 2025'!BU33 -> 11140.092 | AI48: =+'P01 2026'!DE27 -> 7782.972 | AJ48: =+'P01 2025'!CI27 -> 11789.262 | AK48: =+'P01 2026'!DW27 -> 7764.923 | AL48: =+'P01 2025'!CX30 -> 11789.262 | AM48: =+'P01 2026'!ER32 -> 7941.982 | AN48: =+'P01 2025'!DN33 -> 11789.262 | AO48: =+'P01 2025'!ED27 -> 11434.784 | AP48: =+'P01 2025'!EY27 -> 11770.776 | AQ48: =+'P01 2025'!FR35 -> 12154.767
A49: 2102001013 Asignaciones Compensatorias | E49: 13 | F49: =+CONCATENATE($B$9,"",$C$41,"",$D$42,"0",E49) -> 21.02.001.013 | G49: Asignaciones Compensatorias | H49: =+'P01 2026'!H36 -> 2700000 | I49: ='P01 2026'!FB38 -> 2700000 | J49: =SUMIF(W$3:$AQ41,"ok",W49:AQ49) -> 2005818.2 | K49: =IFERROR(J49/I49,0%) -> 0.74289564 | L49: ='P01 2026'!FD38 -> 2005818.2 | M49: =+IFERROR(L49/I49,0%) -> 0.74289564 | N49: =I49-L49 -> 694181.78 | O49: =+IFERROR(N49/I49,0) -> 0.25710436 | P49: =+'P01 2026'!FG38 -> 1953729.4 | Q49: =+IFERROR(P49/J49,0) -> 0.97403113 | R49: =+'P01 2026'!FH38 -> 52088.832 | S49: =IFERROR(+R49/J49,0%) -> 0.02596887 | T49: =+'P01 2025'!DV39 -> 2560504.7 | U49: =SUMIF(W$3:$AQ41,"SI",W49:AQ49) -> 2073806.3 | V49: =IFERROR(U49/T49,"0,00%") -> 0.80992093 | W49: =+'P01 2026'!I36 -> 189452.86 | X49: =+'P01 2025'!G39 -> 188244.97 | Y49: =+'P01 2026'!R34 -> 200609.16 | Z49: =+'P01 2025'!N27 -> 191794.17 | AA49: =+'P01 2026'!AJ32 -> 296875.22 | AB49: =+'P01 2025'!AC34 -> 301401.35 | AC49: =+'P01 2026'!BB28 -> 189952.18 | AD49: =+'P01 2025'!AR32 -> 197853.06 | AE49: =+'P01 2026'!BT24 -> 176051.77 | AF49: ='P01 2025'!BF27 -> 191806.8 | AG49: =+'P01 2026'!CL30 -> 296735.92 | AH49: =+'P01 2025'!BU34 -> 306519.21 | AI49: =+'P01 2026'!DE28 -> 183697.71 | AJ49: =+'P01 2025'!CI28 -> 195106.02 | AK49: =+'P01 2026'!DW28 -> 180997.14 | AL49: =+'P01 2025'!CX31 -> 194300.2 | AM49: =+'P01 2026'!ER33 -> 291446.27 | AN49: =+'P01 2025'!DN34 -> 306780.52 | AO49: =+'P01 2025'!ED28 -> 187843.48 | AP49: =+'P01 2025'!EY28 -> 187820.69 | AQ49: =+'P01 2025'!FR36 -> 300451.58
A50: 2102001014 Asignaciones Sustitutivas | E50: 14 | F50: =+CONCATENATE($B$9,"",$C$41,"",$D$42,"0",E50) -> 21.02.001.014 | G50: Asignaciones Sustitutivas | H50: =+'P01 2026'!H37 -> 4681271 | I50: ='P01 2026'!FB39 -> 4681271 | J50: =SUMIF(W$3:$AQ42,"ok",W50:AQ50) -> 3947293.7 | K50: =IFERROR(J50/I50,0%) -> 0.84320982 | L50: ='P01 2026'!FD39 -> 3947293.7 | M50: =+IFERROR(L50/I50,0%) -> 0.84320982 | N50: =I50-L50 -> 733977.31 | O50: =+IFERROR(N50/I50,0) -> 0.15679018 | P50: =+'P01 2026'!FG39 -> 3895221.9 | Q50: =+IFERROR(P50/J50,0) -> 0.98680823 | R50: =+'P01 2026'!FH39 -> 52071.795 | S50: =IFERROR(+R50/J50,0%) -> 0.013191771 | T50: =+'P01 2025'!DV40 -> 5140701.5 | U50: =SUMIF(W$3:$AQ42,"SI",W50:AQ50) -> 4108823.9 | V50: =IFERROR(U50/T50,"0,00%") -> 0.79927301 | W50: =+'P01 2026'!I37 -> 449817.05 | X50: =+'P01 2025'!G40 -> 448386.18 | Y50: =+'P01 2026'!R35 -> 474113.56 | Z50: =+'P01 2025'!N28 -> 456746.28 | AA50: =+'P01 2026'!AJ33 -> 426021.01 | AB50: =+'P01 2025'!AC35 -> 454105.02 | AC50: =+'P01 2026'!BB29 -> 446531.12 | AD50: =+'P01 2025'!AR33 -> 457249.16 | AE50: =+'P01 2026'!BT25 -> 419303.32 | AF50: ='P01 2025'!BF28 -> 456283.04 | AG50: =+'P01 2026'!CL31 -> 436220.82 | AH50: =+'P01 2025'!BU35 -> 458346.19 | AI50: =+'P01 2026'!DE29 -> 437054 | AJ50: =+'P01 2025'!CI29 -> 460780.49 | AK50: =+'P01 2026'!DW29 -> 431065.12 | AL50: =+'P01 2025'!CX32 -> 459163.75 | AM50: =+'P01 2026'!ER34 -> 427167.7 | AN50: =+'P01 2025'!DN35 -> 457763.82 | AO50: =+'P01 2025'!ED29 -> 443624.27 | AP50: =+'P01 2025'!EY29 -> 443394.49 | AQ50: =+'P01 2025'!FR37 -> 446124.76
A51: 2102001021 Componente Base Asignación de Desempeño | E51: 21 | F51: =+CONCATENATE($B$9,"",$C$41,"",$D$42,"0",E51) -> 21.02.001.021 | G51: Componente Base Asignación de Desempeño | H51: =+'P01 2026'!H38 -> 1700000 | I51: ='P01 2026'!FB40 -> 1700000 | J51: =SUMIF(W$3:$AQ43,"ok",W51:AQ51) -> 1221033.1 | K51: =IFERROR(J51/I51,0%) -> 0.71825477 | L51: ='P01 2026'!FD40 -> 1221033.1 | M51: =+IFERROR(L51/I51,0%) -> 0.71825477 | N51: =I51-L51 -> 478966.9 | O51: =+IFERROR(N51/I51,0) -> 0.28174523 | P51: =+'P01 2026'!FG40 -> 1168958.9 | Q51: =+IFERROR(P51/J51,0) -> 0.95735236 | R51: =+'P01 2026'!FH40 -> 52074.184 | S51: =IFERROR(+R51/J51,0%) -> 0.042647643 | T51: =+'P01 2025'!DV41 -> 1618388.5 | U51: =SUMIF(W$3:$AQ43,"SI",W51:AQ51) -> 1283088.5 | V51: =IFERROR(U51/T51,"0,00%") -> 0.79281859 | W51: =+'P01 2026'!I38 -> 0 | X51: =+'P01 2025'!G41 -> 0 | Y51: =+'P01 2026'!R36 -> 2801.613 | Z51: 0 | AA51: =+'P01 2026'!AJ34 -> 412853.38 | AB51: =+'P01 2025'!AC36 -> 423565.29 | AC51: =+'P01 2026'!BB30 -> 5701.98 | AD51: =+'P01 2025'!AR34 -> 259.29341 | AE51: =+'P01 2026'!BT26 -> 149.675 | AF51: 0 | AG51: =+'P01 2026'!CL32 -> 398876.95 | AH51: =+'P01 2025'!BU36 -> 429159.43 | AI51: =+'P01 2026'!DE30 -> 1123.237 | AJ51: 0 | AK51: 0 | AL51: 0 | AM51: =+'P01 2026'!ER35 -> 399526.27 | AN51: =+'P01 2025'!DN36 -> 430104.44 | AO51: =+'P01 2025'!ED30 -> 570.579 | AP51: 0 | AQ51: =+'P01 2025'!FR38 -> 417930.19
A52: 2102001037 Asignación Zonas Extremas | E52: 37 | F52: =+CONCATENATE($B$9,"",$C$41,"",$D$42,"0",E52) -> 21.02.001.037 | G52: Asignación Zonas Extremas | H52: =+'P01 2026'!H39 -> 53600 | I52: ='P01 2026'!FB41 -> 53600 | J52: =SUMIF(W$3:$AQ44,"ok",W52:AQ52) -> 34577.128 | K52: =IFERROR(J52/I52,0%) -> 0.64509567 | L52: ='P01 2026'!FD41 -> 34577.128 | M52: =+IFERROR(L52/I52,0%) -> 0.64509567 | N52: =I52-L52 -> 19022.872 | O52: =+IFERROR(N52/I52,0) -> 0.35490433 | P52: =+'P01 2026'!FG41 -> 28067.765 | Q52: =+IFERROR(P52/J52,0) -> 0.81174368 | R52: =+'P01 2026'!FH41 -> 6509.363 | S52: =IFERROR(+R52/J52,0%) -> 0.18825632 | T52: =+'P01 2025'!DV42 -> 53647.1 | U52: =SUMIF(W$3:$AQ44,"SI",W52:AQ52) -> 41143.705 | V52: =IFERROR(U52/T52,"0,00%") -> 0.7669325 | W52: =+'P01 2026'!I39 -> 0 | X52: =+'P01 2025'!G42 -> 0 | Y52: =+'P01 2026'!R37 -> 93.399 | Z52: 0 | AA52: =+'P01 2026'!AJ35 -> 8371.854 | AB52: =+'P01 2025'!AC37 -> 13555.777 | AC52: =+'P01 2026'!BB31 -> 266.049 | AD52: 0 | AE52: 0 | AF52: 0 | AG52: =+'P01 2026'!CL33 -> 13308.521 | AH52: =+'P01 2025'!BU37 -> 13510.711 | AI52: 0 | AJ52: 0 | AK52: 0 | AL52: 0 | AM52: =+'P01 2026'!ER36 -> 12537.305 | AN52: =+'P01 2025'!DN37 -> 14077.217 | AO52: 0 | AP52: 0 | AQ52: =+'P01 2025'!FR39 -> 13608.278
A53: 2102001038 Asignación de Responsabilidad Superior | E53: 38 | F53: =+CONCATENATE($B$9,"",$C$41,"",$D$42,"0",E53) -> 21.02.001.038 | G53: Asignación de Responsabilidad Superior | H53: =+'P01 2026'!H40 -> 8800 | I53: ='P01 2026'!FB42 -> 8800 | J53: =SUMIF(W$3:$AQ45,"ok",W53:AQ53) -> 6699.158 | K53: =IFERROR(J53/I53,0%) -> 0.76126795 | L53: ='P01 2026'!FD42 -> 6699.158 | M53: =+IFERROR(L53/I53,0%) -> 0.76126795 | N53: =I53-L53 -> 2100.842 | O53: =+IFERROR(N53/I53,0) -> 0.23873205 | P53: =+'P01 2026'!FG42 -> 6542.45 | Q53: =+IFERROR(P53/J53,0) -> 0.97660781 | R53: =+'P01 2026'!FH42 -> 156.708 | S53: =IFERROR(+R53/J53,0%) -> 0.023392193 | T53: =+'P01 2025'!DV43 -> 9472.8383 | U53: =SUMIF(W$3:$AQ45,"SI",W53:AQ53) -> 6782.0376 | V53: =IFERROR(U53/T53,"0,00%") -> 0.71594567 | W53: =+'P01 2026'!I40 -> 733.494 | X53: =+'P01 2025'!G43 -> 751.42167 | Y53: =+'P01 2026'!R38 -> 777.504 | Z53: =+'P01 2025'!N29 -> 751.42167 | AA53: =+'P01 2026'!AJ36 -> 249.388 | AB53: =+'P01 2025'!AC38 -> 751.42167 | AC53: =+'P01 2026'!BB32 -> 1244.196 | AD53: =+'P01 2025'!AR35 -> 751.42167 | AE53: =+'P01 2026'!BT27 -> 731.88 | AF53: ='P01 2025'!BF29 -> 751.42167 | AG53: =+'P01 2026'!CL34 -> 742.127 | AH53: =+'P01 2025'!BU38 -> 756.23231 | AI53: =+'P01 2026'!DE31 -> 736.315 | AJ53: =+'P01 2025'!CI30 -> 756.23231 | AK53: =+'P01 2026'!DW30 -> 742.127 | AL53: =+'P01 2025'!CX33 -> 756.23231 | AM53: =+'P01 2026'!ER37 -> 742.127 | AN53: =+'P01 2025'!DN38 -> 756.23231 | AO53: =+'P01 2025'!ED31 -> 733.494 | AP53: =+'P01 2025'!EY30 -> 733.494 | AQ53: =+'P01 2025'!FR40 -> 733.494
A54: 2102001998 Aplicación inciso 5to del Artículo 1 de la Ley N° | E54: 998 | F54: =+CONCATENATE($B$9,"",$C$41,"",$D$42,"0",E54) -> 21.02.001.0998 | G54: Aplicación inciso 5to del Artículo 1 de la Ley N° | H54: 0 | I54: 0 | J54: =SUMIF(W$3:$AQ46,"ok",W54:AQ54) -> 0 | K54: =IFERROR(J54/I54,0%) -> 0 | L54: 0 | M54: =+IFERROR(L54/I54,0%) -> 0 | N54: 0 | O54: =+IFERROR(N54/I54,0) -> 0 | P54: 0 | Q54: =+IFERROR(P54/J54,0) -> 0 | R54: 0 | S54: =IFERROR(+R54/J54,0%) -> 0 | T54: 0 | U54: =SUMIF(W$3:$AQ46,"SI",W54:AQ54) -> 0 | V54: =IFERROR(U54/T54,"0,00%") -> 0,00% | W54: 0 | X54: 0 | Y54: 0 | Z54: 0 | AA54: 0 | AB54: 0 | AC54: 0 | AD54: 0 | AE54: 0 | AF54: 0 | AG54: 0 | AH54: 0 | AI54: 0 | AJ54: 0 | AK54: 0 | AL54: 0 | AM54: 0 | AN54: 0 | AO54: 0 | AP54: 0 | AQ54: 0
A55: 2102001999 Otras Asignaciones | E55: 999 | F55: =+CONCATENATE($B$9,"",$C$41,"",$D$42,"0",E55) -> 21.02.001.0999 | G55: Otras Asignaciones | H55: 0 | I55: 0 | J55: =SUMIF(W$3:$AQ47,"ok",W55:AQ55) -> 0 | K55: =IFERROR(J55/I55,0%) -> 0 | L55: 0 | M55: =+IFERROR(L55/I55,0%) -> 0 | N55: 0 | O55: =+IFERROR(N55/I55,0) -> 0 | P55: 0 | Q55: =+IFERROR(P55/J55,0) -> 0 | R55: 0 | S55: =IFERROR(+R55/J55,0%) -> 0 | T55: 0 | U55: =SUMIF(W$3:$AQ47,"SI",W55:AQ55) -> 0 | V55: =IFERROR(U55/T55,"0,00%") -> 0,00% | W55: 0 | X55: 0 | Y55: 0 | Z55: 0 | AA55: 0 | AB55: 0 | AC55: 0 | AD55: 0 | AE55: 0 | AF55: 0 | AG55: 0 | AH55: 0 | AI55: 0 | AJ55: 0 | AK55: 0 | AL55: 0 | AM55: 0 | AN55: 0 | AO55: 0 | AP55: 0 | AQ55: 0
A56: 2102002 Aportes del Empleador | D56: 002. | G56: Aportes del Empleador | H56: =+'P01 2026'!H41 -> 693700 | I56: =+'P01 2026'!FB43 -> 693700 | J56: =SUMIF(W$3:$AQ48,"ok",W56:AQ56) -> 532668.94 | K56: =IFERROR(J56/I56,0%) -> 0.76786643 | L56: ='P01 2026'!FD43 -> 532668.94 | M56: =+IFERROR(L56/I56,0%) -> 0.76786643 | N56: =I56-L56 -> 161031.06 | O56: =+IFERROR(N56/I56,0) -> 0.23213357 | P56: =+'P01 2026'!FG43 -> 491737.35 | Q56: =+IFERROR(P56/J56,0) -> 0.92315755 | R56: =+'P01 2026'!FH43 -> 40931.587 | S56: =IFERROR(+R56/J56,0%) -> 0.076842451 | T56: =+'P01 2025'!DV44 -> 630300.93 | U56: =SUMIF(W$3:$AQ3,"SI",W56:AQ56) -> 529468.88 | V56: =IFERROR(U56/T56,"0,00%") -> 0.84002554 | W56: =+'P01 2026'!I41 -> 59412.256 | X56: =+'P01 2025'!G44 -> 45817.139 | Y56: =+'P01 2026'!R39 -> 45107.859 | Z56: =+'P01 2025'!N30 -> 42259.469 | AA56: =+'P01 2026'!AJ37 -> 83443.608 | AB56: =+'P01 2025'!AC39 -> 71093.308 | AC56: =+'P01 2026'!BB33 -> 44274.628 | AD56: =+'P01 2025'!AR36 -> 51463.544 | AE56: =+'P01 2026'!BT28 -> 51769.187 | AF56: =+'P01 2025'!BF30 -> 46811.675 | AG56: =+'P01 2026'!CL35 -> 77254.629 | AH56: =+'P01 2025'!BU39 -> 79117.382 | AI56: =+'P01 2026'!DE32 -> 46619.619 | AJ56: =+'P01 2025'!CI31 -> 53156.796 | AK56: =+'P01 2026'!DW31 -> 54610.895 | AL56: =+'P01 2025'!CX34 -> 64099.023 | AM56: =+'P01 2026'!ER38 -> 70176.261 | AN56: =+'P01 2025'!DN39 -> 75650.547 | AO56: =+'P01 2026'!S41 -> 0 | AP56: =+'P01 2025'!EY31 -> 51211.088 | AQ56: =+'P01 2025'!FR41 -> 72321.625
A57: 2102002001 A Servicios de Bienestar | E57: 1 | F57: =+CONCATENATE($B$9,"",$C$41,"",$D$56,"00",E57) -> 21.02.002.001 | G57: A Servicios de Bienestar | H57: =+'P01 2026'!H42 -> 57700 | I57: =+'P01 2026'!FB44 -> 57700 | J57: =SUMIF(W$3:$AQ49,"ok",W57:AQ57) -> 35263.368 | K57: =IFERROR(J57/I57,0%) -> 0.61115023 | L57: ='P01 2026'!FD44 -> 35263.368 | M57: =+IFERROR(L57/I57,0%) -> 0.61115023 | N57: =I57-L57 -> 22436.632 | O57: =+IFERROR(N57/I57,0) -> 0.38884977 | P57: =+'P01 2026'!FG44 -> 30966.768 | Q57: =+IFERROR(P57/J57,0) -> 0.87815685 | R57: =+'P01 2026'!FH44 -> 4296.6 | S57: =IFERROR(+R57/J57,0%) -> 0.12184315 | T57: =+'P01 2025'!DV45 -> 46630.706 | U57: =SUMIF(W$3:$AQ49,"SI",W57:AQ57) -> 40911.249 | V57: =IFERROR(U57/T57,"0,00%") -> 0.87734569 | W57: =+'P01 2026'!I42 -> 0 | X57: =+'P01 2025'!G45 -> 4395.4561 | Y57: 0 | Z57: 0 | AA57: =+'P01 2026'!AJ38 -> 9233.784 | AB57: =+'P01 2025'!AC40 -> 8957.5857 | AC57: 0 | AD57: =+'P01 2025'!AR37 -> 4517.7389 | AE57: 0 | AF57: 0 | AG57: =+'P01 2026'!CL36 -> 13171.032 | AH57: =+'P01 2025'!BU40 -> 9191.2619 | AI57: 0 | AJ57: =+'P01 2025'!CI32 -> 4595.6309 | AK57: =+'P01 2026'!DW32 -> 8561.952 | AL57: =+'P01 2025'!CX35 -> 4626.7878 | AM57: =+'P01 2026'!ER39 -> 4296.6 | AN57: =+'P01 2025'!DN40 -> 4626.7878 | AO57: 0 | AP57: =+'P01 2025'!EY32 -> 8945.12 | AQ57: =+'P01 2025'!FR42 -> 9005.56
A58: 2102002002 Otras Cotizaciones Previsionales | E58: 2 | F58: =+CONCATENATE($B$9,"",$C$41,"",$D$56,"00",E58) -> 21.02.002.002 | G58: Otras Cotizaciones Previsionales | H58: =+'P01 2026'!H43 -> 636000 | I58: =+'P01 2026'!FB45 -> 636000 | J58: =SUMIF(W$3:$AQ50,"ok",W58:AQ58) -> 497405.57 | K58: =IFERROR(J58/I58,0%) -> 0.78208424 | L58: ='P01 2026'!FD45 -> 497405.57 | M58: =+IFERROR(L58/I58,0%) -> 0.78208424 | N58: =I58-L58 -> 138594.43 | O58: =+IFERROR(N58/I58,0) -> 0.21791576 | P58: =+'P01 2026'!FG45 -> 460770.59 | Q58: =+IFERROR(P58/J58,0) -> 0.92634786 | R58: =+'P01 2026'!FH45 -> 36634.987 | S58: =IFERROR(+R58/J58,0%) -> 0.073652144 | T58: =+'P01 2025'!DV46 -> 583670.23 | U58: =SUMIF(W$3:$AQ50,"SI",W58:AQ58) -> 488557.63 | V58: =IFERROR(U58/T58,"0,00%") -> 0.83704395 | W58: =+'P01 2026'!I43 -> 59412.256 | X58: =+'P01 2025'!G46 -> 41421.683 | Y58: =+'P01 2026'!R40 -> 45107.859 | Z58: =+'P01 2025'!N31 -> 42259.469 | AA58: =+'P01 2026'!AJ39 -> 74209.824 | AB58: =+'P01 2025'!AC41 -> 62135.722 | AC58: =+'P01 2026'!BB34 -> 44274.628 | AD58: =+'P01 2025'!AR38 -> 46945.806 | AE58: =+'P01 2026'!BT29 -> 51769.187 | AF58: ='P01 2025'!BF31 -> 46811.675 | AG58: =+'P01 2026'!CL37 -> 64083.597 | AH58: =+'P01 2025'!BU41 -> 69926.12 | AI58: =+'P01 2026'!DE33 -> 46619.619 | AJ58: =+'P01 2025'!CI33 -> 48561.165 | AK58: =+'P01 2026'!DW33 -> 46048.943 | AL58: =+'P01 2025'!CX36 -> 59472.235 | AM58: =+'P01 2026'!ER40 -> 65879.661 | AN58: =+'P01 2025'!DN41 -> 71023.759 | AO58: =+'P01 2025'!ED33 -> 56465.704 | AP58: =+'P01 2025'!EY33 -> 42265.968 | AQ58: =+'P01 2025'!FR43 -> 63316.065
A59: 2102003 Asignaciones por Desempeño | D59: 003. | G59: Asignaciones por Desempeño | H59: =+'P01 2026'!H44 -> 1646900 | I59: =+'P01 2026'!FB46 -> 1646900 | J59: =SUMIF(W$3:$AQ51,"ok",W59:AQ59) -> 1197734.5 | K59: =IFERROR(J59/I59,0%) -> 0.72726607 | L59: ='P01 2026'!FD46 -> 1197734.5 | M59: =+IFERROR(L59/I59,0%) -> 0.72726607 | N59: =I59-L59 -> 449165.51 | O59: =+IFERROR(N59/I59,0) -> 0.27273393 | P59: =+'P01 2026'!FG46 -> 1094268.4 | Q59: =+IFERROR(P59/J59,0) -> 0.91361516 | R59: =+'P01 2026'!FH46 -> 103466.1 | S59: =IFERROR(+R59/J59,0%) -> 0.086384836 | T59: =+'P01 2025'!DV47 -> 1592362.2 | U59: =SUMIF(W$3:$AQ51,"SI",W59:AQ59) -> 1275279.9 | V59: =IFERROR(U59/T59,"0,00%") -> 0.800873 | W59: =+'P01 2026'!I44 -> 0 | X59: =+'P01 2025'!G47 -> 0 | Y59: =+'P01 2026'!R41 -> 2737.99 | Z59: 0 | AA59: =+'P01 2026'!AJ40 -> 421778.38 | AB59: =+'P01 2025'!AC42 -> 425442.8 | AC59: =+'P01 2026'!BB35 -> 2889.007 | AD59: =+'P01 2025'!AR39 -> 131.37517 | AE59: =+'P01 2026'!BT30 -> 155.662 | AF59: =SUM(AF60:AF62) -> 0 | AG59: =+'P01 2026'!CL38 -> 386954.63 | AH59: =+'P01 2025'!BU42 -> 426033.41 | AI59: =+'P01 2026'!DE34 -> 568.102 | AJ59: 0 | AK59: 0 | AL59: 0 | AM59: =+'P01 2026'!ER41 -> 382650.72 | AN59: =+'P01 2025'!DN42 -> 423672.34 | AO59: =+'P01 2025'!ED34 -> 526.242 | AP59: 0 | AQ59: =+'P01 2025'!FR44 -> 409376.59
A60: 2102003001 Desempeño Institucional | E60: 1 | F60: =+CONCATENATE($B$9,"",$C$41,"",$D$59,"00",E60) -> 21.02.003.001 | G60: Desempeño Institucional | H60: =+'P01 2026'!H45 -> 842500 | I60: =+'P01 2026'!FB47 -> 842500 | J60: =SUMIF(W$3:$AQ52,"ok",W60:AQ60) -> 618836.7 | K60: =IFERROR(J60/I60,0%) -> 0.73452427 | L60: ='P01 2026'!FD47 -> 618836.7 | M60: =+IFERROR(L60/I60,0%) -> 0.73452427 | N60: =I60-L60 -> 223663.3 | O60: =+IFERROR(N60/I60,0) -> 0.26547573 | P60: =+'P01 2026'!FG47 -> 567039.71 | Q60: =+IFERROR(P60/J60,0) -> 0.91629943 | R60: =+'P01 2026'!FH47 -> 51796.985 | S60: =IFERROR(+R60/J60,0%) -> 0.083700571 | T60: =+'P01 2025'!DV48 -> 819983.24 | U60: =SUMIF(W$3:$AQ52,"SI",W60:AQ60) -> 649974.81 | V60: =IFERROR(U60/T60,"0,00%") -> 0.79266841 | W60: =+'P01 2026'!I45 -> 0 | X60: =+'P01 2025'!G48 -> 0 | Y60: =+'P01 2026'!R42 -> 1419.422 | Z60: 0 | AA60: =+'P01 2026'!AJ41 -> 209359.41 | AB60: =+'P01 2025'!AC43 -> 214606.54 | AC60: =+'P01 2026'!BB36 -> 2889.007 | AD60: =+'P01 2025'!AR40 -> 131.37517 | AE60: =+'P01 2026'!BT31 -> 75.835 | AF60: 0 | AG60: =+'P01 2026'!CL39 -> 202097.69 | AH60: =+'P01 2025'!BU43 -> 217317.19 | AI60: =+'P01 2026'!DE35 -> 568.676 | AJ60: 0 | AK60: 0 | AL60: 0 | AM60: =+'P01 2026'!ER42 -> 202426.66 | AN60: =+'P01 2025'!DN43 -> 217919.71 | AO60: =+'P01 2025'!ED35 -> 289.094 | AP60: 0 | AQ60: =+'P01 2025'!FR45 -> 211751.42
A61: 2102003002 Desempeño Colectivo | E61: 2 | F61: =+CONCATENATE($B$9,"",$C$41,"",$D$59,"00",E61) -> 21.02.003.002 | G61: Desempeño Colectivo | H61: =+'P01 2026'!H46 -> 804400 | I61: =+'P01 2026'!FB48 -> 804400 | J61: =SUMIF(W$3:$AQ53,"ok",W61:AQ61) -> 578897.79 | K61: =IFERROR(J61/I61,0%) -> 0.71966409 | L61: ='P01 2026'!FD48 -> 578897.79 | M61: =+IFERROR(L61/I61,0%) -> 0.71966409 | N61: =I61-L61 -> 225502.21 | O61: =+IFERROR(N61/I61,0) -> 0.28033591 | P61: =+'P01 2026'!FG48 -> 527228.68 | Q61: =+IFERROR(P61/J61,0) -> 0.91074571 | R61: =+'P01 2026'!FH48 -> 51669.112 | S61: =IFERROR(+R61/J61,0%) -> 0.089254291 | T61: =+'P01 2025'!DV49 -> 772379 | U61: =SUMIF(W$3:$AQ53,"SI",W61:AQ61) -> 625305.11 | V61: =IFERROR(U61/T61,"0,00%") -> 0.80958326 | W61: =+'P01 2026'!I46 -> 0 | X61: =+'P01 2025'!G49 -> 0 | Y61: =+'P01 2026'!R43 -> 1318.568 | Z61: 0 | AA61: =+'P01 2026'!AJ42 -> 212418.97 | AB61: =+'P01 2025'!AC44 -> 210836.26 | AC61: 0 | AD61: 0 | AE61: =+'P01 2026'!BT32 -> 79.827 | AF61: 0 | AG61: =+'P01 2026'!CL40 -> 184856.94 | AH61: =+'P01 2025'!BU44 -> 208716.22 | AI61: =+'P01 2026'!DE36 -> -0.574 | AJ61: 0 | AK61: 0 | AL61: 0 | AM61: =+'P01 2026'!ER43 -> 180224.06 | AN61: =+'P01 2025'!DN44 -> 205752.63 | AO61: =+'P01 2025'!ED36 -> 237.148 | AP61: 0 | AQ61: =+'P01 2025'!FR46 -> 197625.17
A62: 2102003003 Desempeño Individual | E62: 3 | F62: =+CONCATENATE($B$9,"",$C$41,"",$D$59,"00",E62) -> 21.02.003.003 | G62: Desempeño Individual | H62: 0 | I62: 0 | J62: =SUMIF(W$3:$AQ54,"ok",W62:AQ62) -> 0 | K62: =IFERROR(J62/I62,0%) -> 0 | L62: 0 | M62: =+IFERROR(L62/I62,0%) -> 0 | N62: 0 | O62: =+IFERROR(N62/I62,0) -> 0 | P62: 0 | Q62: =+IFERROR(P62/J62,0) -> 0 | R62: 0 | S62: =IFERROR(+R62/J62,0%) -> 0 | T62: 0 | U62: =SUMIF(W$3:$AQ52,"SI",W62:AQ62) -> 0 | V62: =IFERROR(U62/T62,"0,00%") -> 0,00% | W62: 0 | X62: 0 | Y62: 0 | Z62: 0 | AA62: 0 | AB62: 0 | AC62: 0 | AD62: 0 | AE62: 0 | AF62: 0 | AG62: 0 | AH62: 0 | AI62: 0 | AJ62: 0 | AK62: 0 | AL62: 0 | AM62: 0 | AN62: 0 | AO62: 0 | AP62: 0 | AQ62: 0
A63: 2102004 Remuneraciones Variables | D63: 004. | G63: Remuneraciones Variables | H63: =+'P01 2026'!H47 -> 332207 | I63: =+'P01 2026'!FB49 -> 267546.21 | J63: =SUMIF(W$3:$AQ55,"ok",W63:AQ63) -> 172701.69 | K63: =IFERROR(J63/I63,0%) -> 0.64550229 | L63: ='P01 2026'!FD49 -> 172701.69 | M63: =+IFERROR(L63/I63,0%) -> 0.64550229 | N63: =I63-L63 -> 94844.519 | O63: =+IFERROR(N63/I63,0) -> 0.35449771 | P63: =+'P01 2026'!FG49 -> 168907.52 | Q63: =+IFERROR(P63/J63,0) -> 0.97803046 | R63: =+'P01 2026'!FH49 -> 3794.177 | S63: =IFERROR(+R63/J63,0%) -> 0.021969542 | T63: =+'P01 2025'!DV50 -> 486704.38 | U63: =SUM(U64:U67) -> 297544.99 | V63: =IFERROR(U63/T63,"0,00%") -> 0.61134644 | W63: =+'P01 2026'!I47 -> 34801.312 | X63: =+'P01 2025'!G50 -> 34556.41 | Y63: =+'P01 2026'!R44 -> 35562.787 | Z63: =+'P01 2025'!N32 -> 30474.992 | AA63: =+'P01 2026'!AJ43 -> 13725.233 | AB63: =+'P01 2025'!AC45 -> 33686.272 | AC63: =+'P01 2026'!BB37 -> 18760.71 | AD63: =+'P01 2025'!AR41 -> 40129.493 | AE63: =+'P01 2026'!BT33 -> 12538.358 | AF63: =SUM(AF64:AF67) -> 32442.344 | AG63: =+'P01 2026'!CL41 -> 13996.733 | AH63: =+'P01 2025'!BU45 -> 34339.075 | AI63: =+'P01 2026'!DE37 -> 13045.851 | AJ63: =+'P01 2025'!CI34 -> 31598.596 | AK63: =+'P01 2026'!DW34 -> 16226.985 | AL63: =+'P01 2025'!CX37 -> 33990.439 | AM63: =+'P01 2026'!ER44 -> 14043.723 | AN63: =+'P01 2025'!DN45 -> 26327.369 | AO63: =+'P01 2025'!ED37 -> 34505.222 | AP63: =+'P01 2025'!EY34 -> 36139.56 | AQ63: =+'P01 2025'!FR47 -> 43413.761
A64: 2102004004 Asignación por Desempeño de Funciones Críticas | E64: 4 | F64: =+CONCATENATE($B$9,"",$C$41,"",$D$63,"00",E64) -> 21.02.004.004 | G64: Asignación por Desempeño de Funciones Críticas | H64: =+'P01 2026'!H48 -> 212962 | I64: =+'P01 2026'!FB50 -> 152962 | J64: =SUMIF(W$3:$AQ56,"ok",W64:AQ64) -> 91770.936 | K64: =IFERROR(J64/I64,0%) -> 0.59995905 | L64: ='P01 2026'!FD50 -> 91770.936 | M64: =+IFERROR(L64/I64,0%) -> 0.59995905 | N64: =I64-L64 -> 61191.064 | O64: =+IFERROR(N64/I64,0) -> 0.40004095 | P64: =+'P01 2026'!FG50 -> 88821.454 | Q64: =+IFERROR(P64/J64,0) -> 0.96786039 | R64: =+'P01 2026'!FH50 -> 2949.482 | S64: =IFERROR(+R64/J64,0%) -> 0.032139609 | T64: =+'P01 2025'!DV51 -> 349384.03 | U64: =SUMIF(W$3:$AQ52,"SI",W64:AQ64) -> 186924.83 | V64: =IFERROR(U64/T64,"0,00%") -> 0.53501252 | W64: =+'P01 2026'!I48 -> 20377.697 | X64: =+'P01 2025'!G51 -> 19304.781 | Y64: =+'P01 2026'!R45 -> 20426.775 | Z64: =+'P01 2025'!N33 -> 19129.339 | AA64: =+'P01 2026'!AJ44 -> 6729.187 | AB64: =+'P01 2025'!AC46 -> 21671.886 | AC64: =+'P01 2026'!BB38 -> 8779.768 | AD64: =+'P01 2025'!AR42 -> 21911.367 | AE64: =+'P01 2026'!BT34 -> 8416.055 | AF64: ='P01 2025'!BF33 -> 21350.273 | AG64: =+'P01 2026'!CL42 -> 6570.057 | AH64: =+'P01 2025'!BU46 -> 20363.188 | AI64: =+'P01 2026'!DE38 -> 6537.315 | AJ64: =+'P01 2025'!CI35 -> 20319.351 | AK64: =+'P01 2026'!DW35 -> 6793.81 | AL64: =+'P01 2025'!CX38 -> 21624.717 | AM64: =+'P01 2026'!ER45 -> 7140.272 | AN64: =+'P01 2025'!DN46 -> 21249.926 | AO64: =+'P01 2025'!ED38 -> 21051.342 | AP64: =+'P01 2025'!EY35 -> 20393.364 | AQ64: =+'P01 2025'!FR48 -> 20433.317
A65: 2102004005 Trabajos Extraordinarios | E65: 5 | F65: =+CONCATENATE($B$9,"",$C$41,"",$D$63,"00",E65) -> 21.02.004.005 | G65: Trabajos extraordinarios | H65: =+'P01 2026'!H49 -> 50816 | I65: =+'P01 2026'!FB51 -> 50816 | J65: =SUMIF(W$3:$AQ57,"ok",W65:AQ65) -> 36325.442 | K65: =IFERROR(J65/I65,0%) -> 0.71484261 | L65: ='P01 2026'!FD51 -> 36325.442 | M65: =+IFERROR(L65/I65,0%) -> 0.71484261 | N65: =I65-L65 -> 14490.558 | O65: =+IFERROR(N65/I65,0) -> 0.28515739 | P65: =+'P01 2026'!FG51 -> 35480.747 | Q65: =+IFERROR(P65/J65,0) -> 0.97674646 | R65: =+'P01 2026'!FH51 -> 844.695 | S65: =IFERROR(+R65/J65,0%) -> 0.023253537 | T65: =+'P01 2025'!DV52 -> 58383.262 | U65: =SUMIF(W$3:$AQ53,"SI",W65:AQ65) -> 33757.715 | V65: =IFERROR(U65/T65,"0,00%") -> 0.57820879 | W65: =+'P01 2026'!I49 -> 7781.276 | X65: =+'P01 2025'!G52 -> 5273.7073 | Y65: =+'P01 2026'!R46 -> 9854.412 | Z65: =+'P01 2025'!N34 -> 3911.4026 | AA65: =+'P01 2026'!AJ45 -> 2860.611 | AB65: =+'P01 2025'!AC47 -> 3106.967 | AC65: =+'P01 2026'!BB39 -> 3507.14 | AD65: =+'P01 2025'!AR43 -> 3555.0963 | AE65: =+'P01 2026'!BT35 -> 2220.622 | AF65: ='P01 2025'!BF34 -> 3235.7285 | AG65: =+'P01 2026'!CL43 -> 2337.325 | AH65: =+'P01 2025'!BU47 -> 3984.1191 | AI65: =+'P01 2026'!DE39 -> 2082.832 | AJ65: =+'P01 2025'!CI36 -> 3332.2332 | AK65: =+'P01 2026'!DW36 -> 3221.115 | AL65: =+'P01 2025'!CX39 -> 3581.695 | AM65: =+'P01 2026'!ER46 -> 2460.109 | AN65: =+'P01 2025'!DN47 -> 3776.7664 | AO65: =+'P01 2025'!ED39 -> 2731.376 | AP65: =+'P01 2025'!EY36 -> 3891.486 | AQ65: =+'P01 2025'!FR49 -> 16958.9
A66: 2102004006 Comisiones de Servicios en el Pais | E66: 6 | F66: =+CONCATENATE($B$9,"",$C$41,"",$D$63,"00",E66) -> 21.02.004.006 | G66: Comisiones de Servicios en el País | H66: =+'P01 2026'!H50 -> 67179 | I66: =+'P01 2026'!FB52 -> 62518.211 | J66: =SUMIF(W$3:$AQ58,"ok",W66:AQ66) -> 44605.314 | K66: =IFERROR(J66/I66,0%) -> 0.71347713 | L66: ='P01 2026'!FD52 -> 44605.314 | M66: =+IFERROR(L66/I66,0%) -> 0.71347713 | N66: =I66-L66 -> 17912.897 | O66: =+IFERROR(N66/I66,0) -> 0.28652287 | P66: =+'P01 2026'!FG52 -> 44605.314 | Q66: =+IFERROR(P66/J66,0) -> 1 | R66: =+'P01 2026'!FH52 -> 0 | S66: =IFERROR(+R66/J66,0%) -> 0 | T66: =+'P01 2025'!DV53 -> 77390.59 | U66: =SUMIF(W$3:$AQ54,"SI",W66:AQ66) -> 76862.447 | V66: =IFERROR(U66/T66,"0,00%") -> 0.99317562 | W66: =+'P01 2026'!I50 -> 6642.339 | X66: =+'P01 2025'!G53 -> 9977.9211 | Y66: =+'P01 2026'!R47 -> 5281.6 | Z66: =+'P01 2025'!N35 -> 7434.2503 | AA66: =+'P01 2026'!AJ46 -> 4135.435 | AB66: =+'P01 2025'!AC48 -> 8907.4194 | AC66: =+'P01 2026'!BB40 -> 6473.802 | AD66: =+'P01 2025'!AR44 -> 14663.03 | AE66: =+'P01 2026'!BT36 -> 1901.681 | AF66: ='P01 2025'!BF35 -> 7856.3427 | AG66: =+'P01 2026'!CL44 -> 5089.351 | AH66: =+'P01 2025'!BU48 -> 9991.7674 | AI66: =+'P01 2026'!DE40 -> 4425.704 | AJ66: =+'P01 2025'!CI37 -> 7947.0119 | AK66: =+'P01 2026'!DW37 -> 6212.06 | AL66: =+'P01 2025'!CX40 -> 8784.0272 | AM66: =+'P01 2026'!ER47 -> 4443.342 | AN66: =+'P01 2025'!DN48 -> 1300.6766 | AO66: =+'P01 2025'!ED40 -> 9569.103 | AP66: =+'P01 2025'!EY37 -> 11854.71 | AQ66: =+'P01 2025'!FR50 -> 6021.544
A67: 2102004007 Comisiones de Servicios en el Exterior | E67: 7 | F67: =+CONCATENATE($B$9,"",$C$41,"",$D$63,"00",E67) -> 21.02.004.007 | G67: Comisiones de Servicios en el Exterior | H67: =+'P01 2026'!H51 -> 1250 | I67: =+'P01 2026'!FB53 -> 1250 | J67: =SUMIF(W$3:$AQ59,"ok",W67:AQ67) -> 0 | K67: =IFERROR(J67/I67,0%) -> 0 | L67: ='P01 2026'!FD53 -> 0 | M67: =+IFERROR(L67/I67,0%) -> 0 | N67: =I67-L67 -> 1250 | O67: =+IFERROR(N67/I67,0) -> 1 | P67: =+'P01 2026'!FG53 -> 0 | Q67: =+IFERROR(P67/J67,0) -> 0 | R67: =+'P01 2026'!FH53 -> 0 | S67: =IFERROR(+R67/J67,0%) -> 0 | T67: =+'P01 2025'!DV54 -> 1546.5 | U67: =SUMIF(W$3:$AQ55,"SI",W67:AQ67) -> 0 | V67: =IFERROR(U67/T67,"0,00%") -> 0 | W67: =+'P01 2026'!I51 -> 0 | X67: =+'P01 2025'!G54 -> 0 | Y67: 0 | Z67: 0 | AA67: 0 | AB67: 0 | AC67: 0 | AD67: 0 | AE67: 0 | AF67: 0 | AG67: 0 | AH67: 0 | AI67: 0 | AJ67: 0 | AK67: 0 | AL67: 0 | AM67: 0 | AN67: 0 | AO67: =+'P01 2025'!ED41 -> 1153.401 | AP67: 0 | AQ67: 0
A68: 2102005 Aguinaldos y Bonos | D68: 005. | G68: Aguinaldos y Bonos | H68: =+'P01 2026'!H52 -> 18300 | I68: =+'P01 2026'!FB54 -> 74084.92 | J68: =SUMIF(W$3:$AQ60,"ok",W68:AQ68) -> 72503.17 | K68: =IFERROR(J68/I68,0%) -> 0.9786495 | L68: ='P01 2026'!FD54 -> 72503.17 | M68: =+IFERROR(L68/I68,0%) -> 0.9786495 | N68: =I68-L68 -> 1581.75 | O68: =+IFERROR(N68/I68,0) -> 0.021350499 | P68: =+'P01 2026'!FG54 -> 59761.789 | Q68: =+IFERROR(P68/J68,0) -> 0.8242645 | R68: =+'P01 2026'!FH54 -> 12741.381 | S68: =IFERROR(+R68/J68,0%) -> 0.1757355 | T68: =+'P01 2025'!DV55 -> 123057.47 | U68: =SUM(U69:U71) -> 68095.175 | V68: =IFERROR(U68/T68,"0,00%") -> 0.55336076 | W68: =+'P01 2026'!I52 -> 0 | X68: =+'P01 2025'!G55 -> 24825.491 | Y68: =+'P01 2026'!R48 -> 33897.781 | Z68: 0 | AA68: =+'P01 2026'!AJ47 -> 8024.76 | AB68: =+'P01 2025'!AC49 -> 8890.5192 | AC68: 0 | AD68: 0 | AE68: 0 | AF68: =SUM(AF69:AF71) -> 0 | AG68: =+'P01 2026'!CL45 -> 8693.49 | AH68: =+'P01 2025'!BU49 -> 9824.0237 | AI68: 0 | AJ68: 0 | AK68: 0 | AL68: 0 | AM68: =+'P01 2026'!ER48 -> 21887.139 | AN68: =+'P01 2025'!DN49 -> 24555.14 | AO68: 0 | AP68: 0 | AQ68: =+'P01 2025'!FR51 -> 37181.865
A69: 2102005001 Aguinaldos | E69: 1 | F69: =+CONCATENATE($B$9,"",$C$41,"",$D$68,"00",E69) -> 21.02.005.001 | G69: Aguinaldos | H69: 0 | I69: =+'P01 2026'!FB55 -> 23014.152 | J69: =SUMIF(W$3:$AQ61,"ok",W69:AQ69) -> 23014.152 | K69: =IFERROR(J69/I69,0%) -> 1 | L69: ='P01 2026'!FD55 -> 23014.152 | M69: =+IFERROR(L69/I69,0%) -> 1 | N69: 0 | O69: =+IFERROR(N69/I69,0) -> 0 | P69: =+'P01 2026'!FG55 -> 10272.771 | Q69: =+IFERROR(P69/J69,0) -> 0.44636757 | R69: =+'P01 2026'!FH55 -> 12741.381 | S69: =IFERROR(+R69/J69,0%) -> 0.55363243 | T69: =+'P01 2025'!DV56 -> 40009.48 | U69: =SUMIF(W$3:$AQ59,"SI",W69:AQ69) -> 24466.235 | V69: =IFERROR(U69/T69,"0,00%") -> 0.61151095 | W69: 0 | X69: =+'P01 2025'!G56 -> 0 | Y69: =+'P01 2026'!R49 -> 1127.013 | Z69: 0 | AA69: 0 | AB69: 0 | AC69: 0 | AD69: 0 | AE69: 0 | AF69: 0 | AG69: 0 | AH69: 0 | AI69: 0 | AJ69: 0 | AK69: 0 | AL69: 0 | AM69: =+'P01 2026'!ER49 -> 21887.139 | AN69: =+'P01 2025'!DN50 -> 24466.235 | AO69: 0 | AP69: 0 | AQ69: =+'P01 2025'!FR52 -> 14795.455
A70: 2102005002 Bono de Escolaridad | E70: 2 | F70: =+CONCATENATE($B$9,"",$C$41,"",$D$68,"00",E70) -> 21.02.005.002 | G70: Bono de Escolaridad | H70: =+'P01 2026'!H53 -> 18300 | I70: =+'P01 2026'!FB56 -> 18300 | J70: =SUMIF(W$3:$AQ62,"ok",W70:AQ70) -> 16718.25 | K70: =IFERROR(J70/I70,0%) -> 0.91356557 | L70: ='P01 2026'!FD56 -> 16718.25 | M70: =+IFERROR(L70/I70,0%) -> 0.91356557 | N70: =I70-L70 -> 1581.75 | O70: =+IFERROR(N70/I70,0) -> 0.086434426 | P70: =+'P01 2026'!FG56 -> 16718.25 | Q70: =+IFERROR(P70/J70,0) -> 1 | R70: =+'P01 2026'!FH56 -> 0 | S70: =IFERROR(+R70/J70,0%) -> 0 | T70: =+'P01 2025'!DV57 -> 19017.711 | U70: =SUMIF(W$3:$AQ60,"SI",W70:AQ70) -> 18803.448 | V70: =IFERROR(U70/T70,"0,00%") -> 0.98873353 | W70: =+'P01 2026'!I53 -> 0 | X70: =+'P01 2025'!G57 -> 0 | Y70: 0 | Z70: 0 | AA70: =+'P01 2026'!AJ48 -> 8024.76 | AB70: =+'P01 2025'!AC50 -> 8890.5192 | AC70: 0 | AD70: 0 | AE70: 0 | AF70: 0 | AG70: =+'P01 2026'!CL46 -> 8693.49 | AH70: =+'P01 2025'!BU50 -> 9824.0237 | AI70: 0 | AJ70: 0 | AK70: 0 | AL70: 0 | AM70: 0 | AN70: =+'P01 2025'!DN51 -> 88.905192 | AO70: 0 | AP70: 0 | AQ70: 0
A71: 2102005003 Bonos Especiales | E71: 3 | F71: =+CONCATENATE($B$9,"",$C$41,"",$D$68,"00",E71) -> 21.02.005.003 | G71: Bonos Especiales | H71: 0 | I71: =+'P01 2026'!FB57 -> 32770.768 | J71: =SUMIF(W$3:$AQ63,"ok",W71:AQ71) -> 32770.768 | K71: =IFERROR(J71/I71,0%) -> 1 | L71: ='P01 2026'!FD57 -> 32770.768 | M71: =+IFERROR(L71/I71,0%) -> 1 | N71: 0 | O71: =+IFERROR(N71/I71,0) -> 0 | P71: =+'P01 2026'!FG57 -> 32770.768 | Q71: =+IFERROR(P71/J71,0) -> 1 | R71: =+'P01 2026'!FH57 -> 0 | S71: =IFERROR(+R71/J71,0%) -> 0 | T71: =+'P01 2025'!DV58 -> 64030.28 | U71: =SUMIF(W$3:$AQ61,"SI",W71:AQ71) -> 24825.491 | V71: =IFERROR(U71/T71,"0,00%") -> 0.38771487 | W71: 0 | X71: =+'P01 2025'!G58 -> 24825.491 | Y71: =+'P01 2026'!R50 -> 32770.768 | Z71: 0 | AA71: 0 | AB71: 0 | AC71: 0 | AD71: 0 | AE71: 0 | AF71: 0 | AG71: 0 | AH71: 0 | AI71: 0 | AJ71: 0 | AK71: 0 | AL71: 0 | AM71: 0 | AN71: 0 | AO71: 0 | AP71: 0 | AQ71: =+'P01 2025'!FR53 -> 22386.41
A72: 2103 Otras Remuneraciones | C72: 03. | G72: Otras Remuneraciones | H72: =+'P01 2026'!H54 -> 1007917 | I72: =+'P01 2026'!FB58 -> 1098357.7 | J72: =SUMIF(W$3:$AQ64,"ok",W72:AQ72) -> 629860.24 | K72: =IFERROR(J72/I72,0%) -> 0.57345637 | L72: ='P01 2026'!FD58 -> 629860.24 | M72: =+IFERROR(L72/I72,0%) -> 0.57345637 | N72: =I72-L72 -> 468497.5 | O72: =+IFERROR(N72/I72,0) -> 0.42654363 | P72: =+'P01 2026'!FG58 -> 617237.13 | Q72: =+IFERROR(P72/J72,0) -> 0.97995887 | R72: =+'P01 2026'!FH58 -> 12623.109 | S72: =IFERROR(+R72/J72,0%) -> 0.020041127 | T72: =+'P01 2025'!DV59 -> 1219118.7 | U72: =+U73+U76+U77+U79 -> 743334.19 | V72: =IFERROR(U72/T72,"0,00%") -> 0.60973079 | W72: =+'P01 2026'!I54 -> 80195.023 | X72: =+'P01 2025'!G59 -> 82121.463 | Y72: =+'P01 2026'!R51 -> 88137.361 | Z72: =+'P01 2025'!N36 -> 79920.79 | AA72: =+'P01 2026'!AJ49 -> 71128.715 | AB72: =+'P01 2025'!AC51 -> 81759.744 | AC72: =+'P01 2026'!BB41 -> 54655.682 | AD72: =+'P01 2025'!AR45 -> 76663.224 | AE72: =+'P01 2026'!BT37 -> 66521.633 | AF72: =SUM(AF73+AF79) -> 77888.594 | AG72: =+'P01 2026'!CL47 -> 66131.908 | AH72: =+'P01 2025'!BU51 -> 75281.401 | AI72: =+'P01 2026'!DE41 -> 61062.446 | AJ72: =+'P01 2025'!CI38 -> 87033.899 | AK72: =+'P01 2026'!DW38 -> 73803.196 | AL72: =+'P01 2025'!CX41 -> 88485.964 | AM72: =+'P01 2026'!ER50 -> 68224.273 | AN72: =+'P01 2025'!DN52 -> 94179.114 | AO72: =+'P01 2025'!ED42 -> 91650.117 | AP72: =+'P01 2025'!EY38 -> 91047.629 | AQ72: =+'P01 2025'!FR54 -> 102572.19
A73: 2103001 Honorarios a Suma Alzada - Personas Naturales | D73: 001. | G73: Honorarios a Suma Alzada - Personas Naturales | H73: =+'P01 2026'!H55 -> 990617 | I73: =+'P01 2026'!FB59 -> 1015117 | J73: =SUMIF(W$3:$AQ65,"ok",W73:AQ73) -> 560239.71 | K73: =IFERROR(J73/I73,0%) -> 0.55189669 | L73: ='P01 2026'!FD59 -> 560239.71 | M73: =+IFERROR(L73/I73,0%) -> 0.55189669 | N73: =I73-L73 -> 454877.29 | O73: =+IFERROR(N73/I73,0) -> 0.44810331 | P73: =+'P01 2026'!FG59 -> 551159.32 | Q73: =+IFERROR(P73/J73,0) -> 0.98379196 | R73: =+'P01 2026'!FH59 -> 9080.387 | S73: =IFERROR(+R73/J73,0%) -> 0.016208039 | T73: =+'P01 2025'!DV60 -> 1118682.4 | U73: =SUM(U74:U75) -> 729460.19 | V73: =IFERROR(U73/T73,"0,00%") -> 0.65207084 | W73: =+'P01 2026'!I55 -> 78392.331 | X73: =+'P01 2025'!G60 -> 77326.574 | Y73: =+'P01 2026'!R52 -> 83827.63 | Z73: =+'P01 2025'!N37 -> 77523.346 | AA73: =+'P01 2026'!AJ50 -> 66631.176 | AB73: =+'P01 2025'!AC52 -> 78679.124 | AC73: =+'P01 2026'!BB42 -> 52263.113 | AD73: =+'P01 2025'!AR46 -> 76663.224 | AE73: =+'P01 2026'!BT38 -> 64527.824 | AF73: =SUM(AF74:AF77) -> 75514.698 | AG73: =+'P01 2026'!CL48 -> 53616.477 | AH73: =+'P01 2025'!BU52 -> 75281.401 | AI73: =+'P01 2026'!DE42 -> 50564.664 | AJ73: =+'P01 2025'!CI39 -> 87033.899 | AK73: =+'P01 2026'!DW39 -> 50266.533 | AL73: =+'P01 2025'!CX42 -> 88485.964 | AM73: =+'P01 2026'!ER51 -> 60149.964 | AN73: =+'P01 2025'!DN53 -> 92951.962 | AO73: =+'P01 2025'!ED43 -> 87016.036 | AP73: =+'P01 2025'!EY39 -> 89245.805 | AQ73: =+'P01 2025'!FR55 -> 99548.616
A74: 2103001001 Honorarios a Suma Alzada-Honorarios | E74: 1 | F74: =+CONCATENATE($B$9,"",$C$72,"",$D$73,"00",E74) -> 21.03.001.001 | G74: Honorarios a Suma Alzada-Honorarios | H74: =+'P01 2026'!H56 -> 982417 | I74: =+'P01 2026'!FB60 -> 1013223.7 | J74: =SUMIF(W$3:$AQ66,"ok",W74:AQ74) -> 559768.1 | K74: =IFERROR(J74/I74,0%) -> 0.55246251 | L74: ='P01 2026'!FD60 -> 559768.1 | M74: =+IFERROR(L74/I74,0%) -> 0.55246251 | N74: =I74-L74 -> 453455.58 | O74: =+IFERROR(N74/I74,0) -> 0.44753749 | P74: =+'P01 2026'!FG60 -> 550687.71 | Q74: =+IFERROR(P74/J74,0) -> 0.98377831 | R74: =+'P01 2026'!FH60 -> 9080.387 | S74: =IFERROR(+R74/J74,0%) -> 0.016221694 | T74: =+'P01 2025'!DV61 -> 1098770.7 | U74: =SUMIF(W$3:$AQ66,"SI",W74:AQ74) -> 723002.26 | V74: =IFERROR(U74/T74,"0,00%") -> 0.65801012 | W74: =+'P01 2026'!I56 -> 78360.522 | X74: =+'P01 2025'!G61 -> 76303.003 | Y74: =+'P01 2026'!R53 -> 83548.777 | Z74: =+'P01 2025'!N38 -> 76685.279 | AA74: =+'P01 2026'!AJ51 -> 66631.176 | AB74: =+'P01 2025'!AC53 -> 77394.98 | AC74: =+'P01 2026'!BB43 -> 52263.113 | AD74: =+'P01 2025'!AR47 -> 75419.227 | AE74: =+'P01 2026'!BT39 -> 64527.824 | AF74: ='P01 2025'!BF38 -> 74660.519 | AG74: =+'P01 2026'!CL49 -> 53616.477 | AH74: =+'P01 2025'!BU53 -> 74813.957 | AI74: =+'P01 2026'!DE43 -> 50564.664 | AJ74: =+'P01 2025'!CI40 -> 86438.98 | AK74: =+'P01 2026'!DW40 -> 50266.533 | AL74: =+'P01 2025'!CX43 -> 88459.348 | AM74: =+'P01 2026'!ER52 -> 59989.016 | AN74: =+'P01 2025'!DN54 -> 92826.961 | AO74: =+'P01 2025'!ED44 -> 86773.552 | AP74: =+'P01 2025'!EY40 -> 88638.379 | AQ74: =+'P01 2025'!FR56 -> 99268.328
A75: 2103001002 Honorarios a Suma Alzada - Viáticos | E75: 2 | F75: =+CONCATENATE($B$9,"",$C$72,"",$D$73,"00",E75) -> 21.03.001.002 | G75: Honorarios a Suma Alzada-Viaticos | H75: =+'P01 2026'!H57 -> 8200 | I75: =+'P01 2026'!FB61 -> 1893.316 | J75: =SUMIF(W$3:$AQ67,"ok",W75:AQ75) -> 471.61 | K75: =IFERROR(J75/I75,0%) -> 0.24909207 | L75: ='P01 2026'!FD61 -> 471.61 | M75: =+IFERROR(L75/I75,0%) -> 0.24909207 | N75: =I75-L75 -> 1421.706 | O75: =+IFERROR(N75/I75,0) -> 0.75090793 | P75: =+'P01 2026'!FG61 -> 471.61 | Q75: =+IFERROR(P75/J75,0) -> 1 | R75: =+'P01 2026'!FH61 -> 0 | S75: =IFERROR(+R75/J75,0%) -> 0 | T75: =+'P01 2025'!DV62 -> 19911.703 | U75: =SUMIF(W$3:$AQ68,"SI",W75:AQ75) -> 6457.9366 | V75: =IFERROR(U75/T75,"0,00%") -> 0.32432869 | W75: =+'P01 2026'!I57 -> 31.809 | X75: =+'P01 2025'!G62 -> 1023.5716 | Y75: =+'P01 2026'!R54 -> 278.853 | Z75: =+'P01 2025'!N39 -> 838.06691 | AA75: 0 | AB75: =+'P01 2025'!AC54 -> 1284.1435 | AC75: 0 | AD75: =+'P01 2025'!AR48 -> 1243.9964 | AE75: 0 | AF75: ='P01 2025'!BF39 -> 854.17938 | AG75: 0 | AH75: =+'P01 2025'!BU54 -> 467.44406 | AI75: 0 | AJ75: =+'P01 2025'!CI41 -> 594.91896 | AK75: 0 | AL75: =+'P01 2025'!CX44 -> 26.615265 | AM75: =+'P01 2026'!ER53 -> 160.948 | AN75: =+'P01 2025'!DN55 -> 125.0005 | AO75: =+'P01 2025'!ED45 -> 242.484 | AP75: =+'P01 2025'!EY41 -> 607.426 | AQ75: =+'P01 2025'!FR57 -> 280.288
A76: 2103005 Suplencias y Reemplazos | D76: 005. | F76: =+CONCATENATE($B$9,"",$C$72,"",D76) -> 21.03.005. | G76: Suplencias y Reemplazos | H76: =+'P01 2026'!H58 -> 17300 | I76: =+'P01 2026'!FB62 -> 23240.733 | J76: =SUMIF(W$3:$AQ68,"ok",W76:AQ76) -> 23240.733 | K76: =IFERROR(J76/I76,0%) -> 1 | L76: ='P01 2026'!FD62 -> 23240.733 | M76: =+IFERROR(L76/I76,0%) -> 1 | N76: =I76-L76 -> 0 | O76: =+IFERROR(N76/I76,0) -> 0 | P76: =+'P01 2026'!FG62 -> 23230.842 | Q76: =+IFERROR(P76/J76,0) -> 0.99957441 | R76: =+'P01 2026'!FH62 -> 9.891 | S76: =IFERROR(+R76/J76,0%) -> 0.00042558899 | T76: =+'P01 2025'!DV63 -> 96835.193 | U76: =SUMIF(W$3:$AQ69,"SI",W76:AQ76) -> 10272.953 | V76: =IFERROR(U76/T76,"0,00%") -> 0.10608698 | W76: =+'P01 2026'!I58 -> 1802.692 | X76: =+'P01 2025'!G63 -> 4794.8882 | Y76: =+'P01 2026'!R55 -> 4309.731 | Z76: =+'P01 2025'!N40 -> 2397.4441 | AA76: =+'P01 2026'!AJ52 -> 4497.539 | AB76: =+'P01 2025'!AC55 -> 3080.6208 | AC76: =+'P01 2026'!BB44 -> 2392.569 | AD76: 0 | AE76: =+'P01 2026'!BT40 -> 1993.809 | AF76: 0 | AG76: =+'P01 2026'!CL50 -> 4441.122 | AH76: 0 | AI76: =+'P01 2026'!DE44 -> 2423.473 | AJ76: 0 | AK76: =+'P01 2026'!DW41 -> 1379.798 | AL76: 0 | AM76: 0 | AN76: 0 | AO76: =+'P01 2025'!ED46 -> 2464.546 | AP76: =+'P01 2025'!EY42 -> 1801.824 | AQ76: =+'P01 2025'!FR58 -> 3023.572
A77: 2103007 Alumnos en Práctica | D77: 007. | F77: =+CONCATENATE($B$9,"",$C$72,"",D77) -> 21.03.007. | G77: Alumnos en Práctica | H77: 0 | I77: 0 | J77: =SUMIF(W$3:$AQ69,"ok",W77:AQ77) -> 0 | K77: =IFERROR(J77/I77,0%) -> 0 | L77: 0 | M77: =+IFERROR(L77/I77,0%) -> 0 | N77: =I77-L77 -> 0 | O77: =+IFERROR(N77/I77,0) -> 0 | P77: 0 | Q77: =+IFERROR(P77/J77,0) -> 0 | R77: 0 | S77: =IFERROR(+R77/J77,0%) -> 0 | T77: 0 | U77: =SUMIF(W$3:$AQ70,"SI",W77:AQ77) -> 0 | V77: =IFERROR(U77/T77,"0,00%") -> 0,00% | W77: 0 | X77: 0 | Y77: 0 | Z77: 0 | AA77: 0 | AB77: 0 | AC77: 0 | AD77: 0 | AE77: 0 | AF77: 0 | AG77: 0 | AH77: 0 | AI77: 0 | AJ77: 0 | AK77: 0 | AL77: 0 | AM77: 0 | AN77: 0 | AO77: 0 | AP77: 0 | AQ77: 0
A78: 2103009 Remuneraciones conforme al Art. 38 Bis de la CPR | D78: 009. | F78: =+CONCATENATE($B$9,"",$C$72,"",D78) -> 21.03.009. | G78: Remuneraciones conforme al Art. 38 Bis de la CPR | H78: 0 | I78: =+'P01 2026'!FB63 -> 60000 | J78: =SUMIF(W$3:$AQ70,"ok",W78:AQ78) -> 46379.792 | K78: =IFERROR(J78/I78,0%) -> 0.77299653 | L78: ='P01 2026'!FD63 -> 46379.792 | M78: =+IFERROR(L78/I78,0%) -> 0.77299653 | N78: =I78-L78 -> 13620.208 | O78: =+IFERROR(N78/I78,0) -> 0.22700347 | P78: =+'P01 2026'!FG63 -> 42846.961 | Q78: =+IFERROR(P78/J78,0) -> 0.92382823 | R78: =+'P01 2026'!FH63 -> 3532.831 | S78: =IFERROR(+R78/J78,0%) -> 0.076171773 | T78: 0 | U78: 0 | V78: =IFERROR(U78/T78,"0,00%") -> 0,00% | AG78: =+'P01 2026'!CL51 -> 8074.309 | AI78: =+'P01 2026'!DE45 -> 8074.309 | AK78: =+'P01 2026'!DW42 -> 22156.865 | AM78: =+'P01 2026'!ER54 -> 8074.309
A79: 2103999 Otras | D79: 999. | F79: =+CONCATENATE($B$9,"",$C$72,"",D79) -> 21.03.999. | G79: Otras | H79: 0 | I79: 0 | J79: =SUMIF(W$3:$AQ69,"ok",W79:AQ79) -> 0 | K79: =IFERROR(J79/I79,0%) -> 0 | L79: 0 | M79: =+IFERROR(L79/I79,0%) -> 0 | N79: =I79-L79 -> 0 | O79: =+IFERROR(N79/I79,0) -> 0 | P79: 0 | Q79: =+IFERROR(P79/J79,0) -> 0 | R79: 0 | S79: =IFERROR(+R79/J79,0%) -> 0 | T79: =+'P01 2025'!DV64 -> 3601.0479 | U79: =SUMIF(W$3:$AQ71,"SI",W79:AQ79) -> 3601.0479 | V79: =IFERROR(U79/T79,"0,00%") -> 1 | W79: 0 | X79: 0 | Y79: 0 | Z79: 0 | AA79: 0 | AB79: 0 | AC79: 0 | AD79: 0 | AE79: 0 | AF79: ='P01 2025'!BF40 -> 2373.8961 | AG79: 0 | AH79: 0 | AI79: 0 | AJ79: 0 | AK79: 0 | AL79: 0 | AM79: 0 | AN79: =+'P01 2025'!DN56 -> 1227.1519 | AO79: =+'P01 2025'!ED47 -> 2169.535 | AP79: 0 | AQ79: 0
A80: 22 BIENES Y SERVICIOS DE CONSUMO | B80: 22 | G80: BIENES Y SERVICIOS DE CONSUMO | H80: =+'P01 2026'!H59 -> 2207123 | I80: ='P01 2026'!FB64 -> 2714112 | J80: =SUMIF(W$3:$AQ70,"ok",W80:AQ80) -> 1746031.5 | K80: =IFERROR(J80/I80,0%) -> 0.64331592 | L80: ='P01 2026'!FD64 -> 2411994.2 | M80: =+IFERROR(L80/I80,0%) -> 0.88868633 | N80: =I80-L80 -> 302117.76 | O80: =+IFERROR(N80/I80,0) -> 0.11131367 | P80: =+'P01 2026'!FG64 -> 1509109.6 | Q80: =+IFERROR(P80/J80,0) -> 0.86430835 | R80: =+'P01 2026'!FH64 -> 236921.88 | S80: =IFERROR(+R80/J80,0%) -> 0.13569165 | T80: =+'P01 2025'!DV65 -> 4688327.1 | U80: =+U83+U87+U89+U103+U112+U120+U124+U132+U137+U140+U145+U81 -> 2815053.7 | V80: =IFERROR(U80/T80,"0,00%") -> 0.60043884 | W80: =+'P01 2026'!I59 -> 57464.191 | X80: =+'P01 2025'!G64 -> 27560.662 | Y80: =+'P01 2026'!R56 -> 269606.1 | Z80: =+'P01 2025'!N41 -> 149810.41 | AA80: =+'P01 2026'!AJ53 -> 183857.05 | AB80: =+'P01 2025'!AC56 -> 382044.99 | AC80: =+'P01 2026'!BB45 -> 145917.79 | AD80: =+'P01 2025'!AR49 -> 321464.55 | AE80: =+'P01 2026'!BT41 -> 190502.07 | AF80: =AF81+AF83+AF89+AF103+AF112+AF120+AF124+AF132+AF140+AF137+AF145+AF150+AF150 -> 221431.42 | AG80: =+'P01 2026'!CL52 -> 300987.77 | AH80: =+'P01 2025'!BU55 -> 463556.99 | AI80: =+'P01 2026'!DE46 -> 175467.32 | AJ80: =+'P01 2025'!CI42 -> 217285.31 | AK80: =+'P01 2026'!DW43 -> 128746.82 | AL80: =+'P01 2025'!CX45 -> 397646.75 | AM80: =+'P01 2026'!ER55 -> 293482.36 | AN80: =+'P01 2025'!DN57 -> 634252.61 | AO80: =+'P01 2025'!ED48 -> 254058.29 | AP80: =+'P01 2025'!EY43 -> 531731.18 | AQ80: =+'P01 2025'!FR59 -> 335677.95
A81: 2201 Alimentos y Bebidas | C81: .01 | G81: Alimentos y Bebidas | H81: 0 | I81: 0 | J81: =SUMIF(W$3:$AQ71,"ok",W81:AQ81) -> 0 | K81: =IFERROR(J81/I81,0%) -> 0 | L81: 0 | M81: =+IFERROR(L81/I81,0%) -> 0 | N81: =I81-L81 -> 0 | O81: =+IFERROR(N81/I81,0) -> 0 | P81: 0 | Q81: =+IFERROR(P81/J81,0) -> 0 | R81: 0 | S81: =IFERROR(+R81/J81,0%) -> 0 | T81: =+'P01 2025'!DV66 -> 154.65 | U81: =SUMIF(W$3:$AQ3,"SI",W81:AQ81) -> 154.65 | V81: =IFERROR(U81/T81,"0,00%") -> 1 | W81: 0 | X81: 0 | Y81: 0 | Z81: 0 | AA81: 0 | AB81: =+'P01 2025'!AC57 -> 154.65 | AC81: 0 | AD81: 0 | AE81: 0 | AF81: =AF82 -> 0 | AG81: 0 | AH81: 0 | AI81: 0 | AJ81: 0 | AK81: 0 | AL81: 0 | AM81: 0 | AN81: 0 | AO81: 0 | AP81: 0 | AQ81: 0
A82: 2201001 Para Personas | G82: Para Personas | H82: 0 | I82: 0 | J82: =SUMIF(W$3:$AQ72,"ok",W82:AQ82) -> 0 | K82: =IFERROR(J82/I82,0%) -> 0 | L82: 0 | M82: =+IFERROR(L82/I82,0%) -> 0 | N82: =I82-L82 -> 0 | O82: =+IFERROR(N82/I82,0) -> 0 | P82: 0 | Q82: =+IFERROR(P82/J82,0) -> 0 | R82: 0 | S82: =IFERROR(+R82/J82,0%) -> 0 | T82: =+'P01 2025'!DV67 -> 154.65 | U82: =SUMIF(W$3:$AQ4,"SI",W82:AQ82) -> 154.65 | V82: =IFERROR(U82/T82,"0,00%") -> 1 | W82: 0 | X82: 0 | Y82: 0 | Z82: 0 | AA82: 0 | AB82: =+'P01 2025'!AC58 -> 154.65 | AC82: 0 | AD82: 0 | AE82: 0 | AF82: 0 | AG82: 0 | AH82: 0 | AI82: 0 | AJ82: 0 | AK82: 0 | AL82: 0 | AM82: 0 | AN82: 0 | AO82: 0 | AP82: 0 | AQ82: 0
A83: 2202 Textiles, Vestuario y Calzado | C83: .02 | G83: Textiles, Vestuario y Calzado | H83: =+'P01 2026'!H60 -> 31536.09 | I83: ='P01 2026'!FB65 -> 10048.806 | J83: =SUMIF(W$3:$AQ71,"ok",W83:AQ83) -> 10048.806 | K83: =IFERROR(J83/I83,0%) -> 1 | L83: ='P01 2026'!FD65 -> 10048.806 | M83: =+IFERROR(L83/I83,0%) -> 1 | N83: =I83-L83 -> 0 | O83: =+IFERROR(N83/I83,0) -> 0 | P83: =+'P01 2026'!FG65 -> 10048.806 | Q83: =+IFERROR(P83/J83,0) -> 1 | R83: =+'P01 2026'!FH65 -> 0 | S83: =IFERROR(+R83/J83,0%) -> 0 | T83: =+'P01 2025'!DV68 -> 23713 | U83: =+SUM(U84:U86) -> 18817.549 | V83: =IFERROR(U83/T83,"0,00%") -> 0.79355413 | W83: =+'P01 2026'!I60 -> 326.09 | X83: =+'P01 2025'!G65 -> 0 | Y83: =+'P01 2026'!R57 -> 8235.216 | Z83: =+'P01 2025'!N42 -> 7401.9532 | AA83: 0 | AB83: =+'P01 2025'!AC59 -> 370.09704 | AC83: 0 | AD83: =+'P01 2025'!AR50 -> 9330.9851 | AE83: 0 | AF83: =SUM(AF84:AF86) -> 1714.5138 | AG83: 0 | AH83: 0 | AI83: =+'P01 2026'!DE47 -> 1487.5 | AJ83: 0 | AK83: 0 | AL83: 0 | AM83: 0 | AN83: 0 | AO83: 0 | AP83: 0 | AQ83: 0
A84: 2202001 Textiles y Acabados Textiles | D84: .001 | F84: 22.02.001 | G84: Textiles y Acabados Textiles | H84: 0 | I84: 0 | J84: =SUMIF(W$3:$AQ72,"ok",W84:AQ84) -> 0 | K84: =IFERROR(J84/I84,0%) -> 0 | L84: 0 | M84: =+IFERROR(L84/I84,0%) -> 0 | N84: =I84-L84 -> 0 | O84: =+IFERROR(N84/I84,0) -> 0 | P84: 0 | Q84: =+IFERROR(P84/J84,0) -> 0 | R84: 0 | S84: =IFERROR(+R84/J84,0%) -> 0 | T84: 0 | U84: =SUMIF(W$3:$AQ72,"SI",W84:AQ84) -> 0 | V84: =IFERROR(U84/T84,"0,00%") -> 0,00% | W84: 0 | X84: 0 | Y84: 0 | Z84: 0 | AA84: 0 | AB84: 0 | AC84: 0 | AD84: 0 | AE84: 0 | AF84: 0 | AG84: 0 | AH84: 0 | AI84: 0 | AJ84: 0 | AK84: 0 | AL84: 0 | AM84: 0 | AN84: 0 | AO84: 0 | AP84: 0 | AQ84: 0
A85: 2202002 Vestuario, Accesorios y Prendas Diversas | D85: .002 | F85: =+CONCATENATE($B$80,"",$C$83,"",$D$85) -> 22.02.002 | G85: Vestuario, Accesorios y Prendas Diversas | H85: =+'P01 2026'!H61 -> 27850 | I85: =+'P01 2026'!FB66 -> 8490.892 | J85: =SUMIF(W$3:$AQ73,"ok",W85:AQ85) -> 8490.892 | K85: =IFERROR(J85/I85,0%) -> 1 | L85: =+'P01 2026'!FD66 -> 8490.892 | M85: =+IFERROR(L85/I85,0%) -> 1 | N85: =I85-L85 -> 0 | O85: =+IFERROR(N85/I85,0) -> 0 | P85: =+'P01 2026'!FG66 -> 8490.892 | Q85: =+IFERROR(P85/J85,0) -> 1 | R85: =+'P01 2026'!FH66 -> 0 | S85: =IFERROR(+R85/J85,0%) -> 0 | T85: =+'P01 2025'!DV69 -> 18558 | U85: =SUMIF(W$3:$AQ73,"SI",W85:AQ85) -> 15769.524 | V85: =IFERROR(U85/T85,"0,00%") -> 0.84974267 | W85: =+'P01 2026'!I61 -> 0 | X85: =+'P01 2025'!G66 -> 0 | Y85: =+'P01 2026'!R58 -> 7003.392 | Z85: =+'P01 2025'!N43 -> 6131.9426 | AA85: 0 | AB85: =+'P01 2025'!AC60 -> 306.59672 | AC85: 0 | AD85: =+'P01 2025'!AR51 -> 9330.9851 | AE85: 0 | AF85: 0 | AG85: 0 | AH85: 0 | AI85: =+'P01 2026'!DE48 -> 1487.5 | AJ85: 0 | AK85: 0 | AL85: 0 | AM85: 0 | AN85: 0 | AO85: 0 | AP85: 0 | AQ85: 0
A86: 2202003 Calzado | D86: .003 | F86: =+CONCATENATE($B$80,"",$C$83,"",D86) -> 22.02.003 | G86: Calzado | H86: =+'P01 2026'!H62 -> 3686.09 | I86: =+'P01 2026'!FB67 -> 1557.914 | J86: =SUMIF(W$3:$AQ74,"ok",W86:AQ86) -> 1557.914 | K86: =IFERROR(J86/I86,0%) -> 1 | L86: =+'P01 2026'!FD67 -> 1557.914 | M86: =+IFERROR(L86/I86,0%) -> 1 | N86: =I86-L86 -> 0 | O86: =+IFERROR(N86/I86,0) -> 0 | P86: =+'P01 2026'!FG67 -> 1557.914 | Q86: =+IFERROR(P86/J86,0) -> 1 | R86: =+'P01 2026'!FH67 -> 0 | S86: =IFERROR(+R86/J86,0%) -> 0 | T86: =+'P01 2025'!DV70 -> 5155 | U86: =SUMIF(W$3:$AQ74,"SI",W86:AQ86) -> 3048.0247 | V86: =IFERROR(U86/T86,"0,00%") -> 0.5912754 | W86: =+'P01 2026'!I62 -> 326.09 | X86: =+'P01 2025'!G67 -> 0 | Y86: =+'P01 2026'!R59 -> 1231.824 | Z86: =+'P01 2025'!N44 -> 1270.0105 | AA86: 0 | AB86: =+'P01 2025'!AC61 -> 63.500321 | AC86: 0 | AD86: 0 | AE86: 0 | AF86: ='P01 2025'!BF43 -> 1714.5138 | AG86: 0 | AH86: 0 | AI86: 0 | AJ86: 0 | AK86: 0 | AL86: 0 | AM86: 0 | AN86: 0 | AO86: 0 | AP86: 0 | AQ86: 0
A87: 2203 Combustibles y Lubricantes | C87: .03 | G87: Combustibles y Lubricantes | H87: =+'P01 2026'!H63 -> 50000 | I87: =+'P01 2026'!FB68 -> 50000 | J87: =SUMIF(W$3:$AQ75,"ok",W87:AQ87) -> 50000 | K87: =IFERROR(J87/I87,0%) -> 1 | L87: =+'P01 2026'!FD68 -> 50000 | M87: =+IFERROR(L87/I87,0%) -> 1 | N87: =I87-L87 -> 0 | O87: =+IFERROR(N87/I87,0) -> 0 | P87: =+'P01 2026'!FG68 -> 0 | Q87: =+IFERROR(P87/J87,0) -> 0 | R87: =+'P01 2026'!FH68 -> 50000 | S87: =IFERROR(+R87/J87,0%) -> 1 | T87: =+'P01 2025'!DV71 -> 30930 | U87: =SUMIF(W$3:$AQ75,"SI",W87:AQ87) -> 30930 | V87: =IFERROR(U87/T87,"0,00%") -> 1 | W87: =+'P01 2026'!I63 -> 0 | X87: =+'P01 2025'!G68 -> 0 | Y87: 0 | Z87: 0 | AA87: 0 | AB87: 0 | AC87: 0 | AD87: 0 | AE87: 0 | AF87: =AF88 -> 0 | AG87: 0 | AH87: 0 | AI87: 0 | AJ87: 0 | AK87: 0 | AL87: 0 | AM87: =+'P01 2026'!ER56 -> 50000 | AN87: =+'P01 2025'!DN58 -> 30930 | AO87: 0 | AP87: 0 | AQ87: 0
A88: 2203001 Para Vehículos | D88: .001 | F88: =+CONCATENATE($B$80,"",$C$87,"",D88) -> 22.03.001 | G88: Para Vehículos | H88: =+'P01 2026'!H64 -> 50000 | I88: =+'P01 2026'!FB69 -> 50000 | J88: =SUMIF(W$3:$AQ76,"ok",W88:AQ88) -> 50000 | K88: =IFERROR(J88/I88,0%) -> 1 | L88: =+'P01 2026'!FD69 -> 50000 | M88: =+IFERROR(L88/I88,0%) -> 1 | N88: =I88-L88 -> 0 | O88: =+IFERROR(N88/I88,0) -> 0 | P88: =+'P01 2026'!FG69 -> 0 | Q88: =+IFERROR(P88/J88,0) -> 0 | R88: =+'P01 2026'!FH69 -> 50000 | S88: =IFERROR(+R88/J88,0%) -> 1 | T88: =+'P01 2025'!DV72 -> 30930 | U88: =SUMIF(W$3:$AQ76,"SI",W88:AQ88) -> 30930 | V88: =IFERROR(U88/T88,"0,00%") -> 1 | W88: =+'P01 2026'!I64 -> 0 | X88: =+'P01 2025'!G69 -> 0 | Y88: 0 | Z88: 0 | AA88: 0 | AB88: 0 | AC88: 0 | AD88: 0 | AE88: 0 | AF88: 0 | AG88: 0 | AH88: 0 | AI88: 0 | AJ88: 0 | AK88: 0 | AL88: 0 | AM88: =+'P01 2026'!ER57 -> 50000 | AN88: =+'P01 2025'!DN59 -> 30930 | AO88: 0 | AP88: 0 | AQ88: 0
A89: 2204 Materiales de Uso o Consumo | C89: .04 | G89: Materiales de Uso o Consumo | H89: =+'P01 2026'!H65 -> 71231.136 | I89: =+'P01 2026'!FB70 -> 26877.198 | J89: =SUMIF(W$3:$AQ77,"ok",W89:AQ89) -> 17336.462 | K89: =IFERROR(J89/I89,0%) -> 0.6450249 | L89: =+'P01 2026'!FD70 -> 17336.462 | M89: =+IFERROR(L89/I89,0%) -> 0.6450249 | N89: =I89-L89 -> 9540.736 | O89: =+IFERROR(N89/I89,0) -> 0.3549751 | P89: =+'P01 2026'!FG70 -> 16955.71 | Q89: =+IFERROR(P89/J89,0) -> 0.9780375 | R89: =+'P01 2026'!FH70 -> 380.752 | S89: =IFERROR(+R89/J89,0%) -> 0.021962497 | T89: =+'P01 2025'!DV73 -> 66125.094 | U89: =+SUM(U90:U102) -> 45263.848 | V89: =IFERROR(U89/T89,"0,00%") -> 0.68451846 | W89: =+'P01 2026'!I65 -> 325.62 | X89: =+'P01 2025'!G70 -> 950.57375 | Y89: =+'P01 2026'!R60 -> 2799.945 | Z89: =+'P01 2025'!N45 -> 11298.143 | AA89: =+'P01 2026'!AJ54 -> 749.7 | AB89: =+'P01 2025'!AC62 -> 2609.5806 | AC89: =+'P01 2026'!BB46 -> 1489.88 | AD89: =+'P01 2025'!AR52 -> 750.13292 | AE89: =+'P01 2026'!BT42 -> 1071 | AF89: =SUM(AF90:AF102) -> 14054.501 | AG89: =+'P01 2026'!CL53 -> 3067.064 | AH89: =+'P01 2025'!BU56 -> 2302.0096 | AI89: =+'P01 2026'!DE49 -> 5655.161 | AJ89: =+'P01 2025'!CI43 -> 4959.9791 | AK89: =+'P01 2026'!DW44 -> 1797.34 | AL89: =+'P01 2025'!CX46 -> 505.19 | AM89: =+'P01 2026'!ER58 -> 380.752 | AN89: =+'P01 2025'!DN60 -> 7833.737 | AO89: =+'P01 2025'!ED49 -> 21572.719 | AP89: =+'P01 2025'!EY44 -> 12618.927 | AQ89: =+'P01 2025'!FR60 -> 4730.415
A90: 2204001 Materiales de Oficina | D90: .001 | F90: =+CONCATENATE($B$80,"",$C$89,"",D90) -> 22.04.001 | G90: Materiales de Oficina | H90: =+'P01 2026'!H66 -> 12000 | I90: =+'P01 2026'!FB71 -> 4000 | J90: =SUMIF(W$3:$AQ80,"ok",W90:AQ90) -> 1407.02 | K90: =IFERROR(J90/I90,0%) -> 0.351755 | L90: =+'P01 2026'!FD71 -> 1407.02 | M90: =+IFERROR(L90/I90,0%) -> 0.351755 | N90: =I90-L90 -> 2592.98 | O90: =+IFERROR(N90/I90,0) -> 0.648245 | P90: =+'P01 2026'!FG71 -> 1407.02 | Q90: =+IFERROR(P90/J90,0) -> 1 | R90: =+'P01 2026'!FH71 -> 0 | S90: =IFERROR(+R90/J90,0%) -> 0 | T90: =+'P01 2025'!DV74 -> 4491.5371 | U90: =SUMIF(W$3:$AQ76,"SI",W90:AQ90) -> 4067.0331 | V90: =IFERROR(U90/T90,"0,00%") -> 0.90548805 | W90: =+'P01 2026'!I66 -> 0 | X90: =+'P01 2025'!G71 -> 72.171031 | Y90: 0 | Z90: =+'P01 2025'!N46 -> 3373.9238 | AA90: 0 | AB90: 0 | AC90: 0 | AD90: =+'P01 2025'!AR53 -> 126.82125 | AE90: 0 | AF90: ='P01 2025'!BF45 -> 471.12576 | AG90: 0 | AH90: =+'P01 2025'!BU57 -> 22.9913 | AI90: 0 | AJ90: 0 | AK90: =+'P01 2026'!DW45 -> 1407.02 | AL90: 0 | AM90: 0 | AN90: 0 | AO90: =+'P01 2025'!ED50 -> 411.74 | AP90: =+'P01 2025'!EY45 -> 4974.105 | AQ90: =+'P01 2025'!FR61 -> 2175.027
A91: 2204002 Textos y Otros Materiales de Enseñanza | D91: .002 | F91: 22.04.002 | G91: Textos y Otros Materiales de Enseñanza | H91: 0 | I91: 0 | J91: =SUMIF(W$3:$AQ83,"ok",W91:AQ91) -> 0 | K91: =IFERROR(J91/I91,0%) -> 0 | L91: 0 | M91: =+IFERROR(L91/I91,0%) -> 0 | N91: =I91-L91 -> 0 | O91: =+IFERROR(N91/I91,0) -> 0 | P91: 0 | Q91: =+IFERROR(P91/J91,0) -> 0 | R91: 0 | S91: =IFERROR(+R91/J91,0%) -> 0 | T91: =+'P01 2025'!DV75 -> 440.45454 | U91: =SUMIF(W$3:$AQ77,"SI",W91:AQ91) -> 440.45454 | V91: =IFERROR(U91/T91,"0,00%") -> 1 | W91: 0 | X91: =+'P01 2025'!G72 -> 440.45454 | Y91: 0 | Z91: 0 | AA91: 0 | AB91: 0 | AC91: 0 | AD91: 0 | AE91: 0 | AF91: 0 | AG91: 0 | AH91: 0 | AI91: 0 | AJ91: 0 | AK91: 0 | AL91: 0 | AM91: 0 | AN91: 0 | AO91: 0 | AP91: 0 | AQ91: 0
A92: 2204003 Productos Químicos | D92: .003 | F92: =+CONCATENATE($B$80,"",$C$89,"",D92) -> 22.04.003 | G92: Productos Químicos | H92: 0 | I92: =+'P01 2026'!FB72 -> 700 | J92: =SUMIF(W$3:$AQ83,"ok",W92:AQ92) -> 134.208 | K92: =IFERROR(J92/I92,0%) -> 0.19172571 | L92: ='P01 2026'!FD72 -> 134.208 | M92: =+IFERROR(L92/I92,0%) -> 0.19172571 | N92: =I92-L92 -> 565.792 | O92: =+IFERROR(N92/I92,0) -> 0.80827429 | P92: =+'P01 2026'!FG72 -> 134.208 | Q92: =+IFERROR(P92/J92,0) -> 1 | R92: =+'P01 2026'!FH72 -> 0 | S92: =IFERROR(+R92/J92,0%) -> 0 | T92: =+'P01 2025'!DV76 -> 213.63763 | U92: =SUMIF(W$3:$AQ77,"SI",W92:AQ92) -> 213.63763 | V92: =IFERROR(U92/T92,"0,00%") -> 1 | W92: 0 | X92: 0 | Y92: 0 | Z92: 0 | AA92: 0 | AB92: 0 | AC92: 0 | AD92: =+'P01 2025'!AR54 -> 181.73849 | AE92: 0 | AF92: ='P01 2025'!BF46 -> 31.89914 | AG92: 0 | AH92: 0 | AI92: =+'P01 2026'!DE50 -> 91.368 | AJ92: 0 | AK92: =+'P01 2026'!DW46 -> 42.84 | AL92: 0 | AM92: 0 | AN92: 0 | AO92: 0 | AP92: 0 | AQ92: 0
A93: 2204004 Productos Farmacéuticos | D93: .004 | F93: 22.04.004 | G93: Productos Farmacéuticos | H93: 0 | I93: 0 | J93: =SUMIF(W$3:$AQ84,"ok",W93:AQ93) -> 0 | K93: =IFERROR(J93/I93,0%) -> 0 | L93: 0 | M93: =+IFERROR(L93/I93,0%) -> 0 | N93: =I93-L93 -> 0 | O93: =+IFERROR(N93/I93,0) -> 0 | P93: 0 | Q93: =+IFERROR(P93/J93,0) -> 0 | R93: 0 | S93: =IFERROR(+R93/J93,0%) -> 0 | T93: =+'P01 2025'!DV77 -> 193.72593 | U93: =SUMIF(W$3:$AQ80,"SI",W93:AQ93) -> 193.72593 | V93: =IFERROR(U93/T93,"0,00%") -> 1 | W93: 0 | X93: =+'P01 2025'!G73 -> 0 | Y93: 0 | Z93: 0 | AA93: 0 | AB93: 0 | AC93: 0 | AD93: 0 | AE93: 0 | AF93: 0 | AG93: 0 | AH93: 0 | AI93: 0 | AJ93: =+'P01 2025'!CI44 -> 193.72593 | AK93: 0 | AL93: 0 | AM93: 0 | AN93: 0 | AO93: 0 | AP93: =+'P01 2025'!EY46 -> 732.802 | AQ93: 0
A94: 2204005 Materiales y Útiles Quirúrgicos | D94: .005 | F94: =+CONCATENATE($B$80,"",$C$89,"",D94) -> 22.04.005 | G94: Materiales y Útiles Quirúrgicos | H94: 0 | I94: 0 | J94: =SUMIF(W$3:$AQ85,"ok",W94:AQ94) -> 0 | K94: =IFERROR(J94/I94,0%) -> 0 | L94: 0 | M94: =+IFERROR(L94/I94,0%) -> 0 | N94: =I94-L94 -> 0 | O94: =+IFERROR(N94/I94,0) -> 0 | P94: 0 | Q94: =+IFERROR(P94/J94,0) -> 0 | R94: 0 | S94: =IFERROR(+R94/J94,0%) -> 0 | T94: 0 | U94: =SUMIF(W$3:$AQ83,"SI",W94:AQ94) -> 0 | V94: =IFERROR(U94/T94,"0,00%") -> 0,00% | W94: 0 | X94: 0 | Y94: 0 | Z94: 0 | AA94: 0 | AB94: 0 | AC94: 0 | AD94: 0 | AE94: 0 | AF94: 0 | AG94: 0 | AH94: 0 | AI94: 0 | AJ94: 0 | AK94: 0 | AL94: 0 | AM94: 0 | AN94: 0 | AO94: 0 | AP94: 0 | AQ94: 0
A95: 2204007 Materiales y Útiles de Aseo | D95: .007 | F95: =+CONCATENATE($B$80,"",$C$89,"",D95) -> 22.04.007 | G95: Materiales y útiles de Aseo | H95: =+'P01 2026'!H67 -> 18000 | I95: =+'P01 2026'!FB73 -> 5060.737 | J95: =SUMIF(W$3:$AQ86,"ok",W95:AQ95) -> 2062.775 | K95: =IFERROR(J95/I95,0%) -> 0.40760368 | L95: ='P01 2026'!FD73 -> 2062.775 | M95: =+IFERROR(L95/I95,0%) -> 0.40760368 | N95: =I95-L95 -> 2997.962 | O95: =+IFERROR(N95/I95,0) -> 0.59239632 | P95: =+'P01 2026'!FG73 -> 2062.775 | Q95: =+IFERROR(P95/J95,0) -> 1 | R95: =+'P01 2026'!FH73 -> 0 | S95: =IFERROR(+R95/J95,0%) -> 0 | T95: =+'P01 2025'!DV78 -> 27677.506 | U95: =SUMIF(W$3:$AQ84,"SI",W95:AQ95) -> 10432.513 | V95: =IFERROR(U95/T95,"0,00%") -> 0.37693109 | W95: =+'P01 2026'!I67 -> 0 | X95: =+'P01 2025'!G74 -> 16.47538 | Y95: 0 | Z95: 0 | AA95: 0 | AB95: 0 | AC95: 0 | AD95: =+'P01 2025'!AR55 -> 70.87094 | AE95: 0 | AF95: ='P01 2025'!BF47 -> 10197.991 | AG95: =+'P01 2026'!CL54 -> 2062.775 | AH95: =+'P01 2025'!BU58 -> 82.11915 | AI95: 0 | AJ95: =+'P01 2025'!CI45 -> 65.0561 | AK95: 0 | AL95: 0 | AM95: 0 | AN95: 0 | AO95: =+'P01 2025'!ED51 -> 16726.473 | AP95: =+'P01 2025'!EY47 -> 348.432 | AQ95: 0
A96: 2204008 Menaje para Oficina, Casino y Otros | D96: .008 | F96: =+CONCATENATE($B$80,"",$C$89,"",D96) -> 22.04.008 | G96: Menaje para Oficina, Casino y Otros | H96: 0 | I96: 0 | J96: =SUMIF(W$3:$AQ87,"ok",W96:AQ96) -> 0 | K96: =IFERROR(J96/I96,0%) -> 0 | L96: 0 | M96: =+IFERROR(L96/I96,0%) -> 0 | N96: =I96-L96 -> 0 | O96: =+IFERROR(N96/I96,0) -> 0 | P96: 0 | Q96: =+IFERROR(P96/J96,0) -> 0 | R96: 0 | S96: =IFERROR(+R96/J96,0%) -> 0 | T96: 0 | U96: =SUMIF(W$3:$AQ85,"SI",W96:AQ96) -> 0 | V96: =IFERROR(U96/T96,"0,00%") -> 0,00% | W96: 0 | X96: 0 | Y96: 0 | Z96: 0 | AA96: 0 | AB96: 0 | AC96: 0 | AD96: 0 | AE96: 0 | AF96: 0 | AG96: 0 | AH96: 0 | AI96: 0 | AJ96: 0 | AK96: 0 | AL96: 0 | AM96: 0 | AN96: 0 | AO96: 0 | AP96: 0 | AQ96: 0
A97: 2204009 Insumos, Repuestos y Accesorios Computacionales | D97: .009 | F97: =+CONCATENATE($B$80,"",$C$89,"",D97) -> 22.04.009 | G97: Insumos, Repuestos y Accesorios Computacionales | H97: =+'P01 2026'!H68 -> 15000 | I97: =+'P01 2026'!FB74 -> 6803.101 | J97: =SUMIF(W$3:$AQ88,"ok",W97:AQ97) -> 6803.101 | K97: =IFERROR(J97/I97,0%) -> 1 | L97: ='P01 2026'!FD74 -> 6803.101 | M97: =+IFERROR(L97/I97,0%) -> 1 | N97: =I97-L97 -> 0 | O97: =+IFERROR(N97/I97,0) -> 0 | P97: =+'P01 2026'!FG74 -> 6803.101 | Q97: =+IFERROR(P97/J97,0) -> 1 | R97: =+'P01 2026'!FH74 -> 0 | S97: =IFERROR(+R97/J97,0%) -> 0 | T97: =+'P01 2025'!DV79 -> 11971.176 | U97: =SUMIF(W$3:$AQ86,"SI",W97:AQ97) -> 11558.776 | V97: =IFERROR(U97/T97,"0,00%") -> 0.96555059 | W97: =+'P01 2026'!I68 -> 0 | X97: =+'P01 2025'!G75 -> 0 | Y97: 0 | Z97: =+'P01 2025'!N47 -> 5496.4672 | AA97: 0 | AB97: =+'P01 2025'!AC63 -> 2124.2373 | AC97: =+'P01 2026'!BB47 -> 1489.88 | AD97: 0 | AE97: 0 | AF97: 0 | AG97: 0 | AH97: 0 | AI97: =+'P01 2026'!DE51 -> 5313.221 | AJ97: =+'P01 2025'!CI46 -> 3827.6514 | AK97: 0 | AL97: =+'P01 2025'!CX47 -> 110.4201 | AM97: 0 | AN97: 0 | AO97: =+'P01 2025'!ED52 -> 261.8 | AP97: =+'P01 2025'!EY48 -> 6300.098 | AQ97: =+'P01 2025'!FR62 -> 392.7
A98: 2204010 Materiales para Mantenimiento y Reparaciones de In | D98: .010 | F98: =+CONCATENATE($B$80,"",$C$89,"",D98) -> 22.04.010 | G98: Materiales para Mantenimiento y Reparaciones de Inmuebles | H98: =+'P01 2026'!H69 -> 7500 | I98: =+'P01 2026'!FB75 -> 2442.5 | J98: =SUMIF(W$3:$AQ89,"ok",W98:AQ98) -> 1004.289 | K98: =IFERROR(J98/I98,0%) -> 0.41117257 | L98: ='P01 2026'!FD75 -> 1004.289 | M98: =+IFERROR(L98/I98,0%) -> 0.41117257 | N98: =I98-L98 -> 1438.211 | O98: =+IFERROR(N98/I98,0) -> 0.58882743 | P98: =+'P01 2026'!FG75 -> 1004.289 | Q98: =+IFERROR(P98/J98,0) -> 1 | R98: =+'P01 2026'!FH75 -> 0 | S98: =IFERROR(+R98/J98,0%) -> 0 | T98: =+'P01 2025'!DV80 -> 2752.3318 | U98: =SUMIF(W$3:$AQ87,"SI",W98:AQ98) -> 2616.5295 | V98: =IFERROR(U98/T98,"0,00%") -> 0.95065919 | W98: =+'P01 2026'!I69 -> 0 | X98: =+'P01 2025'!G76 -> 0 | Y98: 0 | Z98: =+'P01 2025'!N48 -> 1429.9279 | AA98: 0 | AB98: =+'P01 2025'!AC64 -> 471.22886 | AC98: 0 | AD98: 0 | AE98: 0 | AF98: ='P01 2025'!BF48 -> 480.94088 | AG98: =+'P01 2026'!CL55 -> 1004.289 | AH98: 0 | AI98: 0 | AJ98: 0 | AK98: 0 | AL98: 0 | AM98: 0 | AN98: =+'P01 2025'!DN61 -> 234.43187 | AO98: =+'P01 2025'!ED53 -> 1284.115 | AP98: 0 | AQ98: 0
A99: 2204011 Repuestos y Accesorios para Mantenimiento y Repara | D99: .011 | F99: =+CONCATENATE($B$80,"",$C$89,"",D99) -> 22.04.011 | G99: Repuestos y Accesorios para Mantenimiento y Reparaciones de Vehículos | H99: =+'P01 2026'!H70 -> 6000 | I99: =+'P01 2026'!FB76 -> 1116.452 | J99: =SUMIF(W$3:$AQ90,"ok",W99:AQ99) -> 1116.452 | K99: =IFERROR(J99/I99,0%) -> 1 | L99: ='P01 2026'!FD76 -> 1116.452 | M99: =+IFERROR(L99/I99,0%) -> 1 | N99: =I99-L99 -> 0 | O99: =+IFERROR(N99/I99,0) -> 0 | P99: =+'P01 2026'!FG76 -> 1116.452 | Q99: =+IFERROR(P99/J99,0) -> 1 | R99: =+'P01 2026'!FH76 -> 0 | S99: =IFERROR(+R99/J99,0%) -> 0 | T99: =+'P01 2025'!DV81 -> 2042.0831 | U99: =SUMIF(W$3:$AQ88,"SI",W99:AQ99) -> 1487.3433 | V99: =IFERROR(U99/T99,"0,00%") -> 0.72834609 | W99: =+'P01 2026'!I70 -> 90 | X99: =+'P01 2025'!G77 -> 0 | Y99: 0 | Z99: =+'P01 2025'!N49 -> 774.02325 | AA99: 0 | AB99: =+'P01 2025'!AC65 -> 14.11439 | AC99: 0 | AD99: 0 | AE99: =+'P01 2026'!BT43 -> 428.4 | AF99: 0 | AG99: 0 | AH99: =+'P01 2025'!BU59 -> 110.4201 | AI99: =+'P01 2026'!DE52 -> 250.572 | AJ99: =+'P01 2025'!CI47 -> 128.82345 | AK99: =+'P01 2026'!DW47 -> 347.48 | AL99: =+'P01 2025'!CX48 -> 253.84457 | AM99: 0 | AN99: =+'P01 2025'!DN62 -> 206.11752 | AO99: 0 | AP99: 0 | AQ99: =+'P01 2025'!FR63 -> 159.26
A100: 2204012 Otros Materiales, Repuestos y Útiles Diversos para | D100: .012 | F100: =+CONCATENATE($B$80,"",$C$89,"",D100) -> 22.04.012 | G100: Otros Materiales, Repuestos y Útiles Diversos para Mantenimiento | H100: =+'P01 2026'!H71 -> 3000 | I100: =+'P01 2026'!FB77 -> 3000 | J100: =SUMIF(W$3:$AQ92,"ok",W100:AQ100) -> 1447.754 | K100: =IFERROR(J100/I100,0%) -> 0.48258467 | L100: ='P01 2026'!FD77 -> 1447.754 | M100: =+IFERROR(L100/I100,0%) -> 0.48258467 | N100: =I100-L100 -> 1552.246 | O100: =+IFERROR(N100/I100,0) -> 0.51741533 | P100: =+'P01 2026'!FG77 -> 1447.754 | Q100: =+IFERROR(P100/J100,0) -> 1 | R100: =+'P01 2026'!FH77 -> 0 | S100: =IFERROR(+R100/J100,0%) -> 0 | T100: =+'P01 2025'!DV82 -> 140.92533 | U100: =SUMIF(W$3:$AQ89,"SI",W100:AQ100) -> 140.92533 | V100: =IFERROR(U100/T100,"0,00%") -> 1 | W100: =+'P01 2026'!I71 -> 235.62 | X100: =+'P01 2025'!G78 -> 0 | Y100: =+'P01 2026'!R61 -> 1212.134 | Z100: 0 | AA100: 0 | AB100: 0 | AC100: 0 | AD100: 0 | AE100: 0 | AF100: 0 | AG100: 0 | AH100: 0 | AI100: 0 | AJ100: 0 | AK100: 0 | AL100: =+'P01 2025'!CX49 -> 140.92533 | AM100: 0 | AN100: 0 | AO100: 0 | AP100: 0 | AQ100: 0
A101: 2204013 Equipos Menores | D101: .013 | F101: =+CONCATENATE($B$80,"",$C$89,"",D101) -> 22.04.013 | G101: Equipos Menores | H101: =+'P01 2026'!H72 -> 9731.136 | I101: =+'P01 2026'!FB78 -> 3111.808 | J101: =SUMIF(W$3:$AQ93,"ok",W101:AQ101) -> 2718.263 | K101: =IFERROR(J101/I101,0%) -> 0.87353172 | L101: ='P01 2026'!FD78 -> 2718.263 | M101: =+IFERROR(L101/I101,0%) -> 0.87353172 | N101: =I101-L101 -> 393.545 | O101: =+IFERROR(N101/I101,0) -> 0.12646828 | P101: =+'P01 2026'!FG78 -> 2337.511 | Q101: =+IFERROR(P101/J101,0) -> 0.8599282 | R101: =+'P01 2026'!FH78 -> 380.752 | S101: =IFERROR(+R101/J101,0%) -> 0.1400718 | T101: =+'P01 2025'!DV83 -> 14481.074 | U101: =SUMIF(W$3:$AQ90,"SI",W101:AQ101) -> 12418.032 | V101: =IFERROR(U101/T101,"0,00%") -> 0.85753527 | W101: =+'P01 2026'!I72 -> 0 | X101: =+'P01 2025'!G79 -> 0 | Y101: =+'P01 2026'!R62 -> 1587.811 | Z101: =+'P01 2025'!N50 -> 156.32228 | AA101: =+'P01 2026'!AJ55 -> 749.7 | AB101: 0 | AC101: 0 | AD101: =+'P01 2025'!AR56 -> 370.70224 | AE101: 0 | AF101: ='P01 2025'!BF49 -> 2455.4018 | AG101: 0 | AH101: =+'P01 2025'!BU60 -> 2000.6215 | AI101: 0 | AJ101: =+'P01 2025'!CI48 -> 142.31924 | AK101: 0 | AL101: 0 | AM101: =+'P01 2026'!ER59 -> 380.752 | AN101: =+'P01 2025'!DN63 -> 7292.6651 | AO101: =+'P01 2025'!ED54 -> 1449.167 | AP101: =+'P01 2025'!EY49 -> 84.99 | AQ101: =+'P01 2025'!FR64 -> 508.13
...

Sheet P01 2025
A1: ENERO DE 2025 | H1: 1000 | I1: 1.031 | L1: FEBRERO | M1: 1000 | N1: 1.031 | P1: FEBRERO | W1: 1000 | X1: 1.031 | AA1: MARZO DE 2025 | AB1: 1000 | AC1: 1.031 | AE1: MARZO DE 2025 | AL1: 1000 | AM1: 1.031 | AP1: ABRIL DE 2025 | AQ1: 1000 | AR1: 1.031 | AT1: ABRIL DE 2025 | AZ1: 1000 | BA1: 1.031 | BD1: MAYO 2025. | BE1: 1000 | BF1: 1.031 | BH1: ACUMULADO MAYO 2025 | BN1: 1000 | BO1: 1.031 | BS1: JUNIO | BT1: 1000 | BU1: 1.031 | BW1: ACUMULADO A JUNIO | CD1: 1000 | CE1: 1.031 | CG1: JULIO | CH1: 1000 | CI1: 1.031 | CK1: ACUMULADO A JULIO 2025 | CR1: 1000 | CS1: 1.031 | CV1: AGOSTO | CW1: 1000 | CX1: 1.031 | CZ1: AGOSTO ACUMULADO 2025 | DG1: 1000 | DH1: 1.031 | DL1: SEPTIEMBRE | DN1: 1000 | DO1: 1.031 | DQ1: SEPTIEMBRE | DV1: 1000 | DW1: 1.031 | EB1: OCTUBRE | EC1: 1000 | ED1: 1 | EH1: ACUMULADO A OCTUBRE DE 2025 | ES1: 1000 | ET1: 1 | EW1: NOVIEMBRE | EX1: 1000 | EY1: 1 | FA1: ACUMULADO A NOVIEMBRE | FK1: 1000 | FL1: 1 | FP1: DICIEMBRE | FQ1: 1000 | FR1: 1 | FT1: ACUMULADO A DICIEMBRE | GA1: 1000 | GB1: 1
A2: Concepto Presupuestario | B2: Requerimiento | C2: Devengado | D2: Compromiso | E2: Saldo por Comprometer | F2: M$ Requerimiento | G2: M$ Devengado | H2: M$ Compromiso | I2: M$ Saldo por Comprometer | L2: Concepto Presupuestario | M2: Devengado | N2: M$ Devengado | P2: Concepto Presupuestario | Q2: Requerimiento | R2: Devengado | S2: Compromiso | T2: Saldo por Comprometer | U2: M$ Requerimiento | V2: M$ Devengado | W2: M$ Compromiso | X2: M$ Saldo por Comprometer | AA2: Concepto Presupuestario | AB2: Devengado | AC2: M$ Devengado | AE2: Concepto Presupuestario | AF2: Requerimiento | AG2: Devengado | AH2: Compromiso | AI2: Saldo por Comprometer | AJ2: M$ Requerimiento | AK2: M$ Devengado | AL2: M$ Compromiso | AM2: M$ Saldo por Comprometer | AP2: Concepto Presupuestario | AQ2: Devengado | AR2: M$ Devengado | AT2: Concepto Presupuestario | AU2: Requerimiento | AV2: Devengado | AW2: Compromiso | AX2: Saldo por Comprometer | AY2: M$ Requerimiento | AZ2: M$ Devengado | BA2: M$ Compromiso | BB2: M$ Saldo por Comprometer | BD2: Concepto Presupuestario | BE2: Devengado | BF2: M$ Devengado | BH2: Concepto Presupuestario | BI2: Requerimiento | BJ2: Devengado | BK2: Compromiso | BL2: Saldo por Comprometer | BM2: M$ Requerimiento | BN2: M$ Devengado | BO2: M$ Compromiso | BP2: M$ Saldo por Comprometer | BS2: Concepto Presupuestario | BT2: Devengado | BU2: M$ DEVENGADO | BW2: Concepto Presupuestario | BX2: Requerimiento | BY2: Compromiso | BZ2: Saldo por Comprometer | CA2: Devengado | CB2: M$ Requerimiento | CC2: M$ Compromiso | CD2: M$ Saldo por Comprometer | CE2: M$Devengado | CG2: Concepto Presupuestario | CH2: Devengado | CI2: M$ Devengado | CK2: Concepto Presupuestario | CL2: Requerimiento | CM2: Devengado | CN2: Compromiso | CO2: Saldo por Comprometer | CP2: M$ Requerimiento | CQ2: M$ Devengado | CR2: M$ Compromiso | CS2: M$ Saldo por Comprometer | CV2: Concepto Presupuestario | CW2: Devengado | CX2: M$ Devengado | CZ2: Concepto Presupuestario | DA2: Requerimiento | DB2: Devengado | DC2: Compromiso | DD2: Saldo por Comprometer | DE2: M$ Requerimiento | DF2: M$ Devengado | DG2: M$ Compromiso | DH2: M$ Saldo por Comprometer | DL2: Concepto Presupuestario | DM2: Devengado | DN2: M$ Devengado | DQ2: Concepto Presupuestario | DR2: Requerimiento | DS2: Devengado | DT2: Compromiso | DU2: Saldo por Comprometer | DV2: M$ Requerimiento | DW2: M$ Devengado | DX2: M$ Compromiso | DY2: M$ Saldo por Comprometer | EB2: Concepto Presupuestario | EC2: Devengado | ED2: M$ Devengado | EH2: Concepto Presupuestario | EI2: Requerimiento | EJ2: Compromiso | EK2: Saldo por Comprometer | EL2: Devengado | EM2: Efectivo | EN2: Deuda Flotante | EO2: M$ Requerimiento | EP2: M$ Compromiso | EQ2: M$ Saldo por Comprometer | ER2: M$ Devengado | ES2: M$ Efectivo | ET2: M$ Deuda Flotante | EW2: Concepto Presupuestario | EX2: Devengado | EY2: M$ Devengado | FA2: Concepto Presupuestario | FB2: Requerimiento | FC2: Devengado | FD2: Compromiso | FE2: Saldo por Comprometer | FF2: Efectivo | FG2: Deuda Flotante | FH2: M$ Requerimiento | FI2: M$ Devengado | FJ2: M$ Compromiso | FK2: M$ Saldo por Comprometer | FL2: M$ Efectivo | FM2: M$ Deuda Flotante | FP2: Concepto Presupuestario | FQ2: Devengado | FR2: M$ Devengado | FT2: Concepto Presupuestario | FU2: Requerimiento | FV2: Devengado | FW2: Compromiso | FX2: Saldo por Comprometer | FY2: Efectivo | FZ2: Deuda Flotante | GA2: M$ Requerimiento | GB2: M$ Devengado | GC2: M$ Compromiso | GD2: M$ Saldo por Comprometer | GE2: M$ Efectivo | GF2: M$ Deuda Flotante
